Workbook
Name __qz6: #REF!
Name __qz6: #REF!
Name __qz6: #REF!
Name __qz6: #REF!
Name __qz6: #REF!
Name __qz6: #REF!
Name __qz6: #REF!
Name _qz6: #REF!
Name _qz6: #REF!
Name _qz6: #REF!
Name _qz6: #REF!
Name _qz6: #REF!
Name _qz6: #REF!
Name a: #REF!
Name a: #REF!
Name a: #REF!
Name a: #REF!
Name a: #REF!
Name a: #REF!
Name a: #REF!
Name a: #REF!
Name a: #REF!
Name a: #REF!
Name a: #REF!
Name ADP_2021: #REF!
Name ADP_2021: #REF!
Name ADP_2021: #REF!
Name ADP_2021: #REF!
Name ADP_2021: #REF!
Name ADP_2021: #REF!
Name ADP_2021: #REF!
Name ADP_2021: #REF!
Name ADP_2122: #REF!
Name ADP_2122: #REF!
Name ADP_2122: #REF!
Name ADP_2122: #REF!
Name ADP_2122: #REF!
Name ADP_2122: #REF!
Name ADP_2122: PHE!$A$5:$AM$331
Name ADP_2122: #REF!
Name ADP_2122: #REF!
Name ADP_2122: #REF!
Name ADP_2122: #REF!
Name ADP_2324: #REF!
Name ADP_2324: #REF!
Name ADP_2324: #REF!
Name ADP_2324: #REF!
Name ADP2017_18: #REF!
Name ADP2017_18: #REF!
Name ADP2017_18: #REF!
Name ADP2017_18: #REF!
Name ADP2017_18: #REF!
Name ADP2017_18: #REF!
Name ADP2017_18: #REF!
Name asaas: #REF!
Name asaas: #REF!
Name asaas: #REF!
Name asaas: #REF!
Name asfaf: #REF!
Name asfaf: #REF!

Sheet Over all Summary
N1: Director I.T (Dev)
A2: SUMMARY
A3: RELEASE POSITION OF PUBLIC SECTOR DEVELOPMENT PROGRAMME
A5: INCLUDING DISTRICT ADP AND FEDERAL GRANTS 2025-26
E6: 27-06-2026
M7: In Billion
A8: DESCRIPTION | B8: No. of Schemes | C8: ALLOCATION 2025-26 | F8: Receipt 2025-26 | G8: FUNDS RELEASED BY FD | L8: % | M8: Balance | N8: Expenditure | O8: % of Edpdr.
C9: Capital | D9: Revenue | E9: Total | G9: Capital | H9: % | I9: Revenue | J9: % | K9: Total
A11: On-Going | B11: 3162 | C11: 278.14712 | D11: 55.095518 | E11: 333.24264 | F11: 0 | G11: 308.15626 | H11: 1.1078895 | I11: 38.518462 | J11: 0.69912151 | K11: 346.67473 | L11: 1.0403072 | M11: -13.43209 | N11: 289.73836 | O11: 0.8357643
A12: New | B12: 480 | C12: 163.02427 | D12: 23.733097 | E12: 186.75736 | F12: 0 | G12: 41.256456 | H12: 0.25306942 | I12: 3.639986 | J12: 0.15337172 | K12: 44.896442 | L12: 0.24039985 | M12: 141.86092 | N12: 40.117284 | O12: 0.89355152
A13: Sub-Total | B13: 3642 | C13: 441.17138 | D13: 78.828615 | E13: 520 | F13: 0 | G13: 349.41272 | H13: 0.7920113 | I13: 42.158448 | J13: 0.53481147 | K13: 391.57117 | L13: 0.75302148 | M13: 128.42883 | N13: 329.85564 | O13: 0.84239002
A15: N-ADP
A17: Funds Released form Over All Saving | C17: 0 | D17: 0 | E17: 0 | H17: 0 | I17: 0 | K17: 0 | L17: Health Department
A18: Releaes Over all Saving | G18: 0 | K18: 0 | N18: 0
A19: Funds Released /N-ADP/OSB | B19: - | C19: 0 | D19: 0 | E19: 0 | F19: 0 | G19: 15.359722 | I19: 0.56224725 | K19: 15.921969 | M19: - | N19: 15.481297 | O19: 0.97232301
A20: SDG'S Schemes | F20: 0 | G20: 29.134218 | I20: 0 | K20: 29.134218 | N20: 28.091197 | O20: 0.96419945
A21: Total Provincial ADP | B21: 3642 | C21: 441.17138 | D21: 78.828615 | E21: 520 | F21: 0 | G21: 393.90666 | H21: 0.89286539 | I21: 42.720695 | J21: 0.541944 | K21: 436.62735 | L21: 0.83966799 | M21: 128.42883 | N21: 373.42814 | O21: 0.85525594
E22: `
A23: District ADP
A24: On-Going * | C24: 35 | D24: 0 | E24: 35 | F24: 0 | G24: 27.499763 | H24: 0.78570751 | I24: 0 | J24: - | K24: 27.499763 | L24: 0.78570751 | M24: 7.500237 | N24: 26.017135 | O24: 0.94608578
A25: New | C25: 20 | E25: 20 | F25: 0 | G25: 12.05265 | H25: 0 | K25: 12.05265 | L25: 0.6026325 | M25: 7.94735 | N25: 10.138052 | O25: 0.84114712
A27: Total District ADP | C27: 55 | E27: 55 | F27: 0 | G27: 39.552413 | H27: 0.71913478 | J27: - | K27: 39.552413 | L27: 0.71913478 | M27: 15.447587 | N27: 36.155187 | O27: 0.91410824
A28: Total (Prov.+Distt.)-A | B28: 3642 | C28: 496.17138 | D28: 78.828615 | E28: 575 | F28: 0 | G28: 433.45907 | H28: 0.87360756 | I28: 42.720695 | J28: 0.541944 | K28: 476.17977 | L28: 0.82813873 | M28: 143.87642 | N28: 409.58332 | O28: 0.86014432
A30: Federal Grant 2025-26 | B30: 11 | C30: 76.582058 | D30: - | E30: 76.582058 | F30: 50.39225 | G30: 24.248061 | H30: 0.31662848 | K30: 24.248061 | L30: 0.31662848 | M30: 52.333997 | N30: 34.988567
A31: Revalidation & Previous Year (Federal Grants) | G31: 26.236851 | K31: 26.236851
A32: Sustainable Dev. Goals Achiement Programme (SAP) (Current Year & Revalidation) | F32: 10.865 | G32: 13.473184 | K32: 13.473184 | N32: 12.366616
A33: Sub Total(FG)- B | C33: 76.582058 | D33: 0 | E33: 76.582058 | F33: 61.25725 | G33: 63.958096 | I33: 0 | K33: 63.958096 | L33: 0.83515771 | M33: 52.333997 | N33: 47.355183 | O33: 0.74040952
A34: Total (A+B) | B34: 3642 | C34: 572.75344 | D34: 78.828615 | E34: 651.58206 | F34: 61.25725 | G34: 497.41717 | H34: 0.86846648 | I34: 42.720695 | J34: 0.541944 | K34: 540.13786 | L34: 0.82896368 | M34: 196.21042 | N34: 456.93851 | O34: 0.84596644
A35: FPA 2025-26 | E35: 366.745 | F35: 265.115 | G35: 228.355 | K35: 228.355 | M35: 138.39 | N35: 265.17
A36: Revalidation (FPA) | E36: 0 | F36: 0 | G36: 121.627 | K36: 121.627 | M36: 0
A37: Total (FPA)-C | E37: 366.745 | F37: 265.115 | G37: 349.982 | H37: 0 | I37: 0 | J37: 0 | K37: 349.982 | L37: 0.95429249 | M37: 138.39 | N37: 265.17 | O37: 0.75766754
A38: Grand Total (A+B+C) | B38: 3642 | C38: 572.75344 | D38: 78.828615 | E38: 1018.3271 | F38: 326.37225 | G38: 847.39917 | H38: 1.4795182 | I38: 42.720695 | J38: 0.541944 | K38: 890.11986 | L38: 0.87410018 | M38: 334.60042 | N38: 722.10851 | O38: 0.81124862
B39: *. Note:- Out of 1945, New Scheme Funds of 314, released upto 11-08-2023.
A40: *** Expenditure updated on Acutal Expenditure on 24-02-2026

Sheet Sector Wise Summary
A1: S U M M A R Y
A2: PUBLIC SECTOR DEVELOPMENT PROGRAMME 2025-26
R4: Rs in Million
A5: S.No | B5: Sector / Name of Department | C5: Throwfor-ward as on 01.07.24 | D5: On-Going | H5: N e w | L5: TOTAL | R5: %age of Expenditure | T5: Estimated Expenditure | U5: Throwfarward 2026-27
D6: No. | E6: Capital | F6: Revenue | G6: Total | H6: No. | I6: Capital | J6: Revenue | K6: Total | L6: No. | M6: Allocation | N6: Modify Budget | O6: Release | P6: % of Release | Q6: Expenditure | R6: Against Allocation | S6: Against Release
A7: 1 | B7: 2 | C7: 3 | D7: 4 | E7: 5 | F7: 6 | G7: 7 | H7: 8 | I7: 9 | J7: 10 | K7: 11 | L7: 16 | M7: 17 | N7: 18 | O7: 19 | P7: 20 | Q7: 21 | R7: 22 | S7: 23 | T7: 24 | U7: 25
A9: A. | B9: PROVINCIAL PROGRAMME
A11: 1 | B11: AGRICULTURE, SUPPLY & PRICES | C11: 17370.448 | D11: 35 | E11: 160.339 | F11: 5867.197 | G11: 6027.536 | H11: 8 | I11: 198.464 | J11: 1309 | K11: 1507.464 | L11: 43 | M11: 7535 | N11: 7367.939 | O11: 4681.5262 | P11: 0.63539156 | Q11: 4159.4613 | R11: 0.56453525 | S11: 0.88848402 | T11: 4681.5262 | U11: 12688.922
A13: 2 | B13: AUQAF, R.A. ZAKAT & USHR | C13: 775.66975 | D13: 30 | E13: 501.6 | F13: 0 | G13: 501.6 | H13: 5 | I13: 125.4 | J13: 0 | K13: 125.4 | L13: 35 | M13: 627 | N13: 627 | O13: 447.567 | P13: 0.71382297 | Q13: 313.96951 | R13: 0.50074883 | S13: 0.70150282 | T13: 447.567 | U13: 328.10275
A15: 3 | B15: BOARD OF REVENUE | C15: 949.376 | D15: 1 | E15: 50.773 | F15: 0 | G15: 50.773 | H15: 1 | I15: 0 | J15: 270.227 | K15: 270.227 | L15: 2 | M15: 321 | N15: 321 | O15: 0 | P15: 0 | Q15: 0 | R15: 0 | S15: #DIV/0! | T15: 0 | U15: 949.376
A17: 4 | B17: CULTURE, TOUR:, ANTIQ: & ARCH | C17: 9402.6797 | D17: 44 | E17: 1940.804 | F17: 123.996 | G17: 2064.8 | H17: 2 | I17: 516.2 | J17: 0 | K17: 516.2 | L17: 46 | M17: 2581 | N17: 2581 | O17: 1971.0485 | P17: 0.76367629 | Q17: 1861.2428 | R17: 0.72113241 | S17: 0.9442907 | T17: 1971.0485 | U17: 7431.6312
A19: 5 | B19: EDUCATION SECTOR | C19: 104388.42 | D19: 676 | E19: 27675.837 | F19: 5629.982 | G19: 33305.819 | H19: 43 | I19: 4729.181 | J19: 170 | K19: 4899.181 | L19: 719 | M19: 38205 | N19: 38432.5 | O19: 26748.933 | P19: 0.69599774 | Q19: 24514.109 | R19: 0.63784842 | S19: 0.91645185 | T19: 26748.933 | U19: 77639.486
B20: (i) School Education | C20: 49678.465 | D20: 443 | E20: 13335.811 | F20: 2460.189 | G20: 15796 | H20: 8 | I20: 2024 | J20: 0 | K20: 2024 | L20: 451 | M20: 17820 | N20: 17867.673 | O20: 13403.087 | P20: 0.75013052 | Q20: 12853.606 | R20: 0.71937775 | S20: 0.95900345 | T20: 13403.087 | U20: 36275.378
B21: (ii) College Education | C21: 17386.829 | D21: 95 | E21: 5088.306 | F21: 596.694 | G21: 5685 | H21: 17 | I21: 1301 | J21: 120 | K21: 1421 | L21: 112 | M21: 7106 | N21: 7122.757 | O21: 4945.2585 | P21: 0.69428994 | Q21: 4087.5973 | R21: 0.57387853 | S21: 0.82656899 | T21: 4945.2585 | U21: 12441.57
B22: (iii) Emp. of Persons with Disabilities | C22: 10252.473 | D22: 54 | E22: 2565.804 | F22: 692.015 | G22: 3257.819 | H22: 17 | I22: 1154.181 | J22: 0 | K22: 1154.181 | L22: 71 | M22: 4412 | N22: 4575.07 | O22: 3070.7305 | P22: 0.67118765 | Q22: 2849.6275 | R22: 0.62285987 | S22: 0.92799662 | T22: 3070.7305 | U22: 7181.7427
B23: (iv) STEVTA | C23: 5403.6555 | D23: 44 | E23: 1535.515 | F23: 84.485 | G23: 1620 | H23: 0 | I23: 0 | J23: 0 | K23: 0 | L23: 44 | M23: 1620 | N23: 1620 | O23: 1161.361 | P23: 0.71688951 | Q23: 798.6884 | R23: 0.49301753 | S23: 0.6877176 | T23: 1161.361 | U23: 4242.2945
B24: (v) Universities & Boards | C24: 21666.997 | D24: 40 | E24: 5150.401 | F24: 1796.599 | G24: 6947 | H24: 1 | I24: 250 | J24: 50 | K24: 300 | L24: 41 | M24: 7247 | N24: 7247 | O24: 4168.4965 | P24: 0.57520305 | Q24: 3924.5897 | R24: 0.54154681 | S24: 0.94148807 | T24: 4168.4965 | U24: 17498.5
A26: 6 | B26: ENERGY | C26: 2875.145 | D26: 8 | E26: 1309.148 | F26: 529.859 | G26: 1839.007 | H26: 4 | I26: 0 | J26: 459.993 | K26: 459.993 | L26: 12 | M26: 2299 | N26: 2279.595 | O26: 1232.6005 | P26: 0.5407103 | Q26: 873.57755 | R26: 0.38321612 | S26: 0.70872724 | T26: 1232.6005 | U26: 1642.5445
A28: 7 | B28: ENVIRONMENT, C. C. & C.D. | C28: 2617.522 | D28: 15 | E28: 874.926 | F28: 52.074 | G28: 927 | H28: 2 | I28: 79.5 | J28: 75.5 | K28: 155 | L28: 17 | M28: 1082 | N28: 1243.193 | O28: 984.4015 | P28: 0.79183321 | Q28: 930.45663 | R28: 0.74844101 | S28: 0.94520034 | T28: 984.4015 | U28: 1633.1205
A30: 8 | B30: EXCISE & TAXATION | C30: 432.2 | D30: 7 | E30: 77.347 | F30: 48.653 | G30: 126 | H30: 0 | I30: 0 | J30: 0 | K30: 0 | L30: 7 | M30: 126 | N30: 126 | O30: 114.35575 | P30: 0.90758532 | Q30: 98.344941 | R30: 0.7805154 | S30: 0.85999122 | T30: 114.35575 | U30: 317.84425
A32: 9 | B32: FINANCE | C32: 5540.599 | D32: 7 | E32: 130.619 | F32: 1552.381 | G32: 1683 | H32: 1 | I32: 50 | J32: 0 | K32: 50 | L32: 8 | M32: 1733 | N32: 1733 | O32: 516.81075 | P32: 0.2982174 | Q32: 310.97531 | R32: 0.17944334 | S32: 0.60171989 | T32: 516.81075 | U32: 5023.7882
A34: 10 | B34: FOOD | C34: 638.788 | D34: 3 | E34: 316 | F34: 0 | G34: 316 | H34: 0 | I34: 0 | J34: 0 | K34: 0 | L34: 3 | M34: 316 | N34: 316 | O34: 78.99975 | P34: 0.24999921 | Q34: 0 | R34: 0 | S34: 0 | T34: 78.99975 | U34: 559.78825
A36: 11 | B36: FOREST & WILDLIFE | C36: 3981.13 | D36: 3 | E36: 225 | F36: 1545.4 | G36: 1770.4 | H36: 4 | I36: 0 | J36: 442.6 | K36: 442.6 | L36: 7 | M36: 2213 | N36: 2213 | O36: 1530.04 | P36: 0.69138726 | Q36: 1448.1233 | R36: 0.65437113 | S36: 0.94646108 | T36: 1530.04 | U36: 2451.09
A38: 12 | B38: GOVERNOR'S SECRETARIAT | C38: 390 | D38: 1 | E38: 390 | F38: 0 | G38: 390 | H38: 0 | I38: 0 | J38: 0 | K38: 0 | L38: 1 | M38: 390 | N38: 389.653 | O38: 389.653 | P38: 1 | Q38: 358.58222 | R38: 0.9202604 | S38: 0.9202604 | T38: 389.653 | U38: 0.347
A40: 13 | B40: HEALTH | C40: 45735.597 | D40: 140 | E40: 6780.422 | F40: 10273.914 | G40: 17054.336 | H40: 38 | I40: 3638.664 | J40: 625 | K40: 4263.664 | L40: 178 | M40: 21318 | N40: 25588.175 | O40: 17117.823 | P40: 0.66897398 | Q40: 14258.844 | R40: 0.55724349 | S40: 0.8329823 | T40: 17117.823 | U40: 28617.774
A42: 14 | B42: HOME | C42: 30530.085 | D42: 88 | E42: 8430.896 | F42: 684.104 | G42: 9115 | H42: 19 | I42: 960 | J42: 3290 | K42: 4250 | L42: 107 | M42: 13365 | N42: 13438.916 | O42: 7284.5267 | P42: 0.5420472 | Q42: 5705.5411 | R42: 0.42455367 | S42: 0.78324115 | T42: 7284.5267 | U42: 23245.558
A44: 15 | B44: HUMAN RIGHTS | C44: 271.206 | D44: 2 | E44: 0 | F44: 79 | G44: 79 | H44: 1 | I44: 45 | J44: 0 | K44: 45 | L44: 3 | M44: 124 | N44: 124 | O44: 16.386 | P44: 0.13214516 | Q44: 10.758542 | R44: 0.086762435 | S44: 0.65656914 | T44: 16.386 | U44: 254.82
A46: 16 | B46: HUMAN SETTLEMENT, SD&SH | C46: 217 | D46: 0 | E46: 0 | F46: 0 | G46: 0 | H46: 6 | I46: 108 | J46: 0 | K46: 108 | L46: 6 | M46: 108 | N46: 108 | O46: 108 | P46: 1 | Q46: 107.81294 | R46: 0.99826801 | S46: 0.99826801 | T46: 108 | U46: 109
A48: 17 | B48: INDUSTRIES & COMMERCE | C48: 4463.5664 | D48: 15 | E48: 1298.498 | F48: 1 | G48: 1299.498 | H48: 8 | I48: 323.502 | J48: 0 | K48: 323.502 | L48: 23 | M48: 1623 | N48: 1623 | O48: 1380.4625 | P48: 0.85056223 | Q48: 1286.5518 | R48: 0.7926998 | S48: 0.93197155 | T48: 1380.4625 | U48: 3083.1039
... A70: 28 | B70: MINORITIES AFFAIRS | C70: 1879.7312 | D70: 56 | E70: 1225 | F70: 0 | G70: 1225 | H70: 24 | I70: 215 | J70: 0 | K70: 215 | L70: 80 | M70: 1440 | N70: 1438.507 | O70: 1255.414 | P70: 0.87272012 | Q70: 1229.6511 | R70: 0.85481062 | S70: 0.97947853 | T70: 1255.414 | U70: 624.31725
A72: 29 | B72: NEW DEVELOPMENT INITIATIVES | C72: 15000 | D72: 0 | E72: 0 | F72: 0 | G72: 0 | H72: 1 | I72: 15000 | J72: 0 | K72: 15000 | L72: 1 | M72: 15000 | N72: 409.899 | O72: 0 | P72: 0 | Q72: 0 | R72: 0 | S72: #DIV/0! | T72: 0 | U72: 15000
A74: 30 | B74: PLANNING & DEVELOPMENT | C74: 28181.354 | D74: 21 | E74: 7588.836 | F74: 3960.664 | G74: 11549.5 | H74: 5 | I74: 810 | J74: 358.5 | K74: 1168.5 | L74: 26 | M74: 12718 | N74: 12682.241 | O74: 8061.0325 | P74: 0.63561579 | Q74: 6788.219 | R74: 0.53525391 | S74: 0.84210291 | T74: 8061.0325 | U74: 20120.321
A76: 31 | B76: POPULATION WELFARE | C76: 1529.383 | D76: 2 | E76: 18.772 | F76: 235.628 | G76: 254.4 | H76: 1 | I76: 63.6 | J76: 0 | K76: 63.6 | L76: 3 | M76: 318 | N76: 318 | O76: 66.207 | P76: 0.20819811 | Q76: 60.475588 | R76: 0.19017481 | S76: 0.91343193 | T76: 66.207 | U76: 1463.176
A78: 32 | B78: PROVINCIAL ASSEMBLY | C78: 110 | D78: 1 | E78: 110 | F78: 0 | G78: 110 | H78: 0 | I78: 0 | J78: 0 | K78: 0 | L78: 1 | M78: 110 | N78: 110 | O78: 110 | P78: 1 | Q78: 109.88346 | R78: 0.99894054 | S78: 0.99894054 | T78: 110 | U78: 0
A80: 33 | B80: PROVINCIAL OMBUDSMAN | C80: 139.159 | D80: 3 | E80: 51.159 | F80: 0 | G80: 51.159 | H80: 1 | I80: 63.841 | J80: 0 | K80: 63.841 | L80: 4 | M80: 115 | N80: 115 | O80: 0 | P80: 0 | Q80: 0 | R80: 0 | S80: #DIV/0! | T80: 0 | U80: 139.159
A82: 34 | B82: PUBLIC HEALTH ENGG: & RD | C82: 53873.322 | D82: 289 | E82: 17103.773 | F82: 383.276 | G82: 17487.049 | H82: 66 | I82: 9387.951 | J82: 248 | K82: 9635.951 | L82: 355 | M82: 27123 | N82: 27330.651 | O82: 21166.264 | P82: 0.77445149 | Q82: 19407.761 | R82: 0.7101097 | S82: 0.91691954 | T82: 21166.264 | U82: 32707.059
B83: (i) Public Health Engineering | C83: 49395.938 | D83: 250 | E83: 15642.09 | F83: 382.976 | G83: 16025.066 | H83: 43 | I83: 8638.934 | J83: 0 | K83: 8638.934 | L83: 293 | M83: 24664 | N83: 24856.518 | O83: 19651.81 | P83: 0.79060991 | Q83: 18042.783 | R83: 0.72587732 | S83: 0.91812322 | T83: 19651.81 | U83: 29744.128
B84: (ii) Rural Development | C84: 4477.3843 | D84: 39 | E84: 1461.683 | F84: 0.3 | G84: 1461.983 | H84: 23 | I84: 749.017 | J84: 248 | K84: 997.017 | L84: 62 | M84: 2459 | N84: 2474.133 | O84: 1514.4538 | P84: 0.61211493 | Q84: 1364.9777 | R84: 0.55169941 | S84: 0.90130036 | T84: 1514.4538 | U84: 2962.9305
A86: 35 | B86: REHABILITATION (PDMA) | C86: 1505.185 | D86: 3 | E86: 396 | F86: 241 | G86: 637 | H86: 0 | I86: 0 | J86: 0 | K86: 0 | L86: 3 | M86: 637 | N86: 1014.54 | O86: 812.54 | P86: 0.80089499 | Q86: 793.08777 | R86: 0.78172154 | S86: 0.97605997 | T86: 812.54 | U86: 692.645
A88: 36 | B88: REHAB: & RECONSTT. OF FLOOD DAMAGED INFRASTRUCTURE | C88: 12000 | D88: 0 | E88: 0 | F88: 0 | G88: 0 | H88: 1 | I88: 12000 | J88: 0 | K88: 12000 | L88: 1 | M88: 12000 | N88: 5102.9615 | O88: 0 | P88: 0 | Q88: 0 | R88: 0 | S88: #DIV/0! | T88: 0 | U88: 12000
A90: 37 | B90: SCIENCE & INFORMATION TECHNOLOGY | C90: 1603.027 | D90: 3 | E90: 0 | F90: 301 | G90: 301 | H90: 1 | I90: 0 | J90: 500 | K90: 500 | L90: 4 | M90: 801 | N90: 801 | O90: 264.32 | P90: 0.32998752 | Q90: 171.76113 | R90: 0.21443338 | S90: 0.64982269 | T90: 264.32 | U90: 1338.707
A92: 38 | B92: SGA&C | C92: 89724.48 | D92: 37 | E92: 11567 | F92: 2996.035 | G92: 14563.035 | H92: 16 | I92: 1231.965 | J92: 355 | K92: 1586.965 | L92: 53 | M92: 16150 | N92: 16109.545 | O92: 13670.511 | P92: 0.84859697 | Q92: 12117.833 | R92: 0.75221448 | S92: 0.88642136 | T92: 13670.511 | U92: 76053.969
A94: 39 | B94: SINDH PUBLIC SERVICE COMMISSION | C94: 503.072 | D94: 2 | E94: 64.994 | F94: 288.006 | G94: 353 | H94: 1 | I94: 0 | J94: 150 | K94: 150 | L94: 3 | M94: 503 | N94: 503 | O94: 464.372 | P94: 0.92320477 | Q94: 414.95816 | R94: 0.82496652 | S94: 0.89358997 | T94: 464.372 | U94: 38.7
A96: 40 | B96: SINDH REVENUE BOARD | C96: 1803.68 | D96: 1 | E96: 5 | F96: 0 | G96: 5 | H96: 0 | I96: 0 | J96: 0 | K96: 0 | L96: 1 | M96: 5 | N96: 5 | O96: 0 | P96: 0 | Q96: 0 | R96: 0 | S96: #DIV/0! | T96: 0 | U96: 1803.68
A98: 41 | B98: SOCIAL PROTECTION | C98: 6256 | D98: 1 | E98: 130 | F98: 100 | G98: 230 | H98: 0 | I98: 0 | J98: 0 | K98: 0 | L98: 1 | M98: 230 | N98: 230 | O98: 57.5 | P98: 0.25 | Q98: 2 | R98: 0.0086956522 | S98: 0.034782609 | T98: 57.5 | U98: 6198.5
A100: 42 | B100: SOCIAL WELFARE | C100: 972.048 | D100: 17 | E100: 324.985 | F100: 246.831 | G100: 571.816 | H100: 2 | I100: 114.184 | J100: 0 | K100: 114.184 | L100: 19 | M100: 686 | N100: 686 | O100: 238.3955 | P100: 0.34751531 | Q100: 147.213 | R100: 0.21459621 | S100: 0.61751584 | T100: 238.3955 | U100: 733.6525
A102: 43 | B102: SPL. INIT. FOR BACKWARD DISTRICTS | C102: 5000 | D102: 0 | E102: 0 | F102: 0 | G102: 0 | H102: 1 | I102: 500 | J102: 0 | K102: 500 | L102: 1 | M102: 500 | N102: 500 | O102: 0 | P102: 0 | Q102: 0 | R102: 0 | S102: #DIV/0! | T102: 0 | U102: 5000
A104: 44 | B104: SPL. INITIATIVES FOR RENEWABLE ENERGY | C104: 36997.9 | D104: 2 | E104: 0 | F104: 11997.903 | G104: 11997.903 | H104: 1 | I104: 0 | J104: 13002.097 | K104: 13002.097 | L104: 3 | M104: 25000 | N104: 14856.703 | O104: 11799.608 | P104: 0.7942279 | Q104: 8972.0254 | R104: 0.6039042 | S104: 0.76036639 | T104: 11799.608 | U104: 25198.292
A106: 45 | B106: SPORTS & YOUTH AFFAIRS | C106: 6170.171 | D106: 70 | E106: 2911.911 | F106: 89.589 | G106: 3001.5 | H106: 22 | I106: 725 | J106: 25.5 | K106: 750.5 | L106: 92 | M106: 3752 | N106: 3749 | O106: 3094.147 | P106: 0.82532595 | Q106: 3010.864 | R106: 0.80311123 | S106: 0.9730837 | T106: 3094.147 | U106: 3076.024
A108: 46 | B108: THAR COAL INFRASTRUCTURE DEV: | C108: 30213.802 | D108: 5 | E108: 7165.769 | F108: 284.231 | G108: 7450 | H108: 3 | I108: 340 | J108: 10 | K108: 350 | L108: 8 | M108: 7800 | N108: 17110 | O108: 16686.602 | P108: 0.97525437 | Q108: 6610 | R108: 0.38632379 | S108: 0.39612618 | T108: 16686.602 | U108: 13527.2
A110: 47 | B110: TRAINING MANAGEMENT & RES: | C110: 1000 | D110: 0 | E110: 0 | F110: 0 | G110: 0 | H110: 1 | I110: 180 | J110: 0 | K110: 180 | L110: 1 | M110: 180 | N110: 180 | O110: 0 | P110: 0 | Q110: 0 | R110: 0 | S110: #DIV/0! | T110: 0 | U110: 1000
A112: 48 | B112: TRANSPORT & MASS TRANSIT | C112: 18766.84 | D112: 31 | E112: 5635.608 | F112: 2319.392 | G112: 7955 | H112: 3 | I112: 450 | J112: 1845 | K112: 2295 | L112: 34 | M112: 10250 | N112: 27970.616 | O112: 27183.935 | P112: 0.97187473 | Q112: 7971.0898 | R112: 0.28498085 | S112: 0.29322796 | T112: 27183.935 | U112: -8417.0953
A114: 49 | B114: WOMEN DEVELOPMENT | C114: 512.388 | D114: 7 | E114: 41.195 | F114: 228.805 | G114: 270 | H114: 0 | I114: 0 | J114: 0 | K114: 0 | L114: 7 | M114: 270 | N114: 236.25 | O114: 139.754 | P114: 0.59155132 | Q114: 56.042002 | R114: 0.23721482 | S114: 0.40100464 | T114: 139.754 | U114: 372.634
A116: 50 | B116: WORKS & SERVICES | C116: 143921.9 | D116: 572 | E116: 46359.001 | F116: 0 | G116: 46359.001 | H116: 48 | I116: 14077.999 | J116: 0 | K116: 14077.999 | L116: 620 | M116: 60437 | N116: 74406.931 | O116: 71041.112 | P116: 0.95476471 | Q116: 69876.902 | R116: 0.93911818 | S116: 0.98361217 | T116: 71041.112 | U116: 72880.784
A118: 51 | B118: ALLOCATION FOR COST IMPACT DUE TO NEW CSR | C118: 15000 | D118: 0 | E118: 0 | F118: 0 | G118: 0 | H118: 1 | I118: 15000 | J118: 0 | K118: 15000 | L118: 1 | M118: 15000 | N118: 7530.5564 | O118: 0 | P118: 0 | Q118: 0 | R118: 0 | S118: #DIV/0! | T118: 0 | U118: 15000
A120: 52 | B120: ALLOCATION FOR SUSTAINABLE DEVELOPMENT GOALS (SDGs) | C120: 45000 | D120: 0 | E120: 0 | F120: 0 | G120: 0 | H120: 1 | I120: 45000 | J120: 0 | K120: 45000 | L120: 1 | M120: 45000 | N120: 6745.8115 | O120: 0 | P120: 0 | Q120: 0 | R120: 0 | S120: #DIV/0! | T120: 0 | U120: 45000
A122: 53 | B122: ALLOCATION FOR DIV: H/QUARTERS | C122: 7500 | D122: 0 | E122: 0 | F122: 0 | G122: 0 | H122: 1 | I122: 7500 | J122: 0 | K122: 7500 | L122: 1 | M122: 7500 | N122: 7167.356 | O122: 0 | P122: 0 | Q122: 0 | R122: 0 | S122: 0 | T122: 0 | U122: 7500
A124: A- | B124: TOTAL PROVINCIAL (A):- | C124: 1254103.1 | D124: 3162 | E124: 278147.12 | F124: 55095.518 | G124: 333242.64 | H124: 480 | I124: 163024.27 | J124: 23733.097 | K124: 186757.36 | L124: 3642 | M124: 520000 | N124: 508519.99 | O124: 391571.17 | P124: 0.77002118 | Q124: 329855.64 | R124: 0.64865816 | S124: 0.84239002 | T124: 391571.17 | U124: 862531.97
A125: B- | B125: N/ADP & OSB | O125: 15921.969 | Q125: 15481.297
A126: C- | B126: SDG SCHEMES | O126: 29134.218 | Q126: 28091.197
A127: D- | B127: ALLOCATION FOR DISTRICT DEVELOPMENT SCHEMES | C127: 58158.579 | G127: 35960 | K127: 19040 | M127: 55000 | O127: 39552.413 | P127: 0.71913478 | Q127: 36155.187 | R127: 0.65736703 | S127: 0.91410824 | T127: 39552.413 | U127: 18606.166
B128: TOTAL (A+B+C+D) | C128: 1312261.7 | G128: 369202.64 | K128: 205797.36 | M128: 575000 | N128: 508519.99 | O128: 476179.77 | P128: 0.82813873 | Q128: 409583.32 | R128: 0.86014432 | S128: 0.86014432 | T128: 431123.58 | U128: 881138.13

Sheet Agri
A1: PROVINCIAL
A2: AGRICULTURE, SUPPLY & PRICES DEPARTMENT
AK3: Rs in Million
A4: Gen. Sr. No. | B4: UID | C4: Sector / Sub-sector / Name of Scheme | D4: Location of Scheme/ District | E4: Status Date of Approval | F4: Target Date for Comple- tion | G4: Estimated Cost | H4: Actual Exp: upto June, 24 | I4: Revised Allocation 2024-25 | K4: Estimated Expendit-ure upto June' 25 | L4: Throw for- ward as on 01-07-25 | M4: Allocation for 2025-26 | P4: Re-Appropration 2025-26 | T4: Out Side Budget | V4: Overall Saving | X4: Surrender | Z4: Modify Budget 2025-26 | AC4: Release 2025-26 | AF4: Expenditure | AI4: Assignment Account | AJ4: Remarks | AK4: Date of Releases | AL4: Status | AM4: FPA
P5: Capital | Q5: Capital | R5: Revenue | S5: Revenue
I6: Total | J6: F.P.A. | M6: Capital | N6: Revenue | O6: Total | P6: Addition | Q6: Deduction | R6: Addition | S6: Deduction | T6: Capital | U6: Revenue | V6: Capital | W6: Revenue | X6: Capital | Y6: Revenue | Z6: Capital | AA6: Revenue | AB6: Total | AC6: Capital | AD6: Revenue | AE6: Total | AF6: Capital | AG6: Revenue | AH6: Total
A7: 1 | B7: 2 | C7: 3 | D7: 4 | E7: 5 | F7: 6 | G7: 7 | H7: 8 | I7: 9 | J7: 10 | K7: 11 | L7: 12 | M7: 13 | N7: 14 | O7: 15 | P7: 16 | Q7: 17 | R7: 18 | S7: 19 | T7: 20 | U7: 21 | V7: 22 | W7: 23 | X7: 24 | Y7: 25 | Z7: 10 | AA7: 11 | AB7: 12 | AC7: 9 | AD7: 10 | AE7: 11 | AF7: 12 | AG7: 13 | AH7: 14 | AI7: 15 | AJ7: 15 | AK7: 16 | AL7: 17 | AM7: 16
C9: Agriculture Research
C10: (On-Going Schemes)
A12: 1 | B12: AGRAR-PP-22-0001 | C12: Bio Saline Agriculture Research & Development Phase-II | D12: Tharparkar, Umerkot & Khairpur | E12: Approved 05.10.22 | F12: June-26 | G12: 199.997 | H12: 90.2 | I12: 20 | J12: 0 | K12: 110.2 | L12: 89.797 | M12: 0 | N12: 89.797 | O12: 89.797 | Z12: 0 | AA12: 89.797 | AB12: 89.797 | AD12: 41.947 | AE12: 41.947 | AF12: 0 | AG12: 34.387657 | AH12: 34.387657 | AK12: R: 29-07-2025 | AL12: 0.5 | AM12: 0
A13: 2 | B13: AGRAR-PP-22-0002 | C13: Upgradation of Horticulture Research Center at Mirpurkhas (Capital: Rs. 155.828 M Revenue: Rs. 199.683 M) | D13: Mirpurkhas | E13: Approved 05.01.23 | F13: June-26 | G13: 355.511 | H13: 93.75 | I13: 50.211 | J13: 0 | K13: 143.961 | L13: 211.55 | M13: 38.1 | N13: 61.9 | O13: 100 | Z13: 38.1 | AA13: 61.9 | AB13: 100 | AC13: 19.05 | AD13: 61.9 | AE13: 80.95 | AF13: 18.502597 | AG13: 54.653694 | AH13: 73.156291 | AK13: Cap: 07-07-2025 & R: 30-07-2025 cap: & 31-12-2025 & 21-01-2026 R: 30-03-2026 | AL13: 0.25 | AM13: 0
A14: 3 | B14: AGRAR-PP-22-0003 | C14: Development of Rice under Phytotron Technology. | D14: Larkano | E14: Approved 05.01.23 | F14: June-26 | G14: 220 | H14: 75 | I14: 20 | J14: 0 | K14: 95 | L14: 125 | M14: 0 | N14: 125 | O14: 125 | Z14: 0 | AA14: 125 | AB14: 125 | AD14: 110.754 | AE14: 110.754 | AF14: 0 | AG14: 100.67439 | AH14: 100.67439 | AK14: R: 29-07-2025 & 20-11-2025 | AL14: 0.5 | AM14: 0
A15: 4 | B15: AGRAR-PP-23-0002 | C15: Varietal Development of Wheat through Speed Breeding. | D15: S.B.A & Hyderabad | E15: Approved 08.03.24 | F15: June-26 | G15: 100 | H15: 0 | I15: 37.5 | J15: 0 | K15: 37.5 | L15: 62.5 | M15: 0 | N15: 62.5 | O15: 62.5 | Z15: 0 | AA15: 62.5 | AB15: 62.5 | AD15: 61 | AE15: 61 | AF15: 0 | AG15: 58.781158 | AH15: 58.781158 | AK15: R: 08-08-2025 & 06-01-2026 | AL15: 0.5 | AM15: 0
A16: 5 | B16: AGRAR-PP-23-0001 | C16: Integrated Management of Panama Wilt (Fusarium oxysporum f. sp. cubense) Disease of Banana in Sindh. | D16: Hyderabad | E16: Approved 08.03.24 | F16: June-26 | G16: 149.835 | H16: 0 | I16: 10 | J16: 0 | K16: 10 | L16: 139.835 | M16: 0 | N16: 139.835 | O16: 139.835 | Z16: 0 | AA16: 139.835 | AB16: 139.835 | AD16: 139.835 | AE16: 139.835 | AF16: 0 | AG16: 132.95983 | AH16: 132.95983 | AK16: R: 05-08-2025 & 21-01-2026 | AL16: 0.5 | AM16: 0
C17: Total Agriculture Research :- | G17: 1025.343 | H17: 258.95 | I17: 137.711 | J17: 0 | K17: 396.661 | L17: 628.682 | M17: 38.1 | N17: 479.032 | O17: 517.132 | P17: 0 | Q17: 0 | R17: 0 | S17: 0 | T17: 0 | U17: 0 | V17: 0 | W17: 0 | X17: 0 | Y17: 0 | Z17: 38.1 | AA17: 479.032 | AB17: 517.132 | AC17: 19.05 | AD17: 415.436 | AE17: 434.486 | AF17: 18.502597 | AG17: 381.45673 | AH17: 399.95933 | AI17: 0 | AM17: 0
C19: (New Schemes)
A21: 6 | B21: AGRAR-PP-25-0001 | C21: Sindh Agriculture Biosaline, Rehabilitation & Resilient Initiative. (SABRRI) | D21: N.Feroze, Ghotki, Shikarpur, Larkano & Jacobabad | E21: Un-Approved | F21: June-27 | G21: 100 | H21: 0 | I21: 0 | J21: 0 | K21: 0 | L21: 100 | M21: 0 | N21: 50 | O21: 50 | Z21: 0 | AA21: 50 | AB21: 50 | AD21: 50 | AE21: 50 | AF21: 0 | AG21: 46.085261 | AH21: 46.085261 | AK21: R: 05-01-2026 & 21-04-2026 & 11-05-2026 & 21-05-2026 | AL21: 0.25 | AM21: 0
A22: 7 | B22: AGRAR-PP-25-0002 | C22: Production of Early Category Seed of Climate-Resilient Crop in Sindh for Enhanced Food Security and Sustainability. | D22: Ghotki & S.B.A | E22: Un-Approved | F22: June-27 | G22: 50 | H22: 0 | I22: 0 | J22: 0 | K22: 0 | L22: 50 | M22: 0 | N22: 25 | O22: 25 | Z22: 0 | AA22: 25 | AB22: 25 | AD22: 24.7 | AE22: 24.7 | AF22: 0 | AG22: 23.291565 | AH22: 23.291565 | AK22: R: 05-01-2026 & 21-04-2026 & 11-05-2026 & 20-05-2026 | AL22: 0.25 | AM22: 0
C23: Total Agri. Research (New Schemes) | G23: 150 | H23: 0 | I23: 0 | J23: 0 | K23: 0 | L23: 150 | M23: 0 | N23: 75 | O23: 75 | P23: 0 | Q23: 0 | R23: 0 | S23: 0 | T23: 0 | U23: 0 | V23: 0 | W23: 0 | X23: 0 | Y23: 0 | Z23: 0 | AA23: 75 | AB23: 75 | AC23: 0 | AD23: 74.7 | AE23: 74.7 | AF23: 0 | AG23: 69.376826 | AH23: 69.376826 | AI23: 0 | AM23: 0
C24: Total Agri. Research :- | G24: 1175.343 | H24: 258.95 | I24: 137.711 | J24: 0 | K24: 396.661 | L24: 778.682 | M24: 38.1 | N24: 554.032 | O24: 592.132 | P24: 0 | Q24: 0 | R24: 0 | S24: 0 | T24: 0 | U24: 0 | V24: 0 | W24: 0 | X24: 0 | Y24: 0 | Z24: 38.1 | AA24: 554.032 | AB24: 592.132 | AC24: 19.05 | AD24: 490.136 | AE24: 509.186 | AF24: 18.502597 | AG24: 450.83356 | AH24: 469.33615 | AI24: 0 | AM24: 0
C26: Agriculture Extension
C27: (On-Going Schemes)
A29: 8 | B29: AGRAE-PP-16-0003 | C29: Construction of Additional Building Components of ATI, Jacobabad | D29: Jacobabad | E29: Approved 30.06.16 (U/R) | F29: June-26 | G29: 99.939 | H29: 99.939 | I29: 0 | J29: 0 | K29: 99.939 | L29: 0 | M29: 0.1 | N29: 0 | O29: 0.1 | Z29: 0.1 | AA29: 0 | AB29: 0.1 | AE29: 0 | AF29: 0 | AG29: 0 | AH29: 0 | AJ29: U/R Un-Satisfactory | AL29: 0.25 | AM29: 0
A30: 9 | B30: AGRAE-PP-17-0002 | C30: Construction/ Rehabilitation of Agriculture Extension Offices in Sindh. | D30: Sindh | E30: Approved 12.01.18 | F30: June-26 | G30: 439.149 | H30: 252.045 | I30: 9.355 | J30: 0 | K30: 261.4 | L30: 177.749 | M30: 60.094 | N30: 0 | O30: 60.094 | Z30: 60.094 | AA30: 0 | AB30: 60.094 | AE30: 0 | AF30: 0 | AG30: 0 | AH30: 0 | AJ30: Un-Satisfactory on letter dated 06-11-2025 | AL30: 0.25 | AM30: 0
A31: 10 | B31: AGRAE-PP-21-0006 | C31: Implementation of Grow More Cotton and Pulses Campaign in Sindh. | D31: Sindh | E31: Approved 01.11.21 | F31: June-26 | G31: 75 | H31: 12.852 | I31: 23.307 | J31: 0 | K31: 36.159 | L31: 38.841 | M31: 0 | N31: 31.084 | O31: 31.084 | Z31: 0 | AA31: 31.084 | AB31: 31.084 | AD31: 15.542 | AE31: 15.542 | AF31: 0 | AG31: 15.43765 | AH31: 15.43765 | AK31: R: 02-02-2026 & 21-04-2026 | AL31: 0.25 | AM31: 0
A32: 11 | B32: AGRAE-PP-21-0007 | C32: Rehabilitation of Existing Buildings of Agriculture Extension in District Kashmore. | D32: Kashmore | E32: Approved 08.11.21 | F32: June-26 | G32: 100 | H32: 19.291 | I32: 10.089 | J32: 0 | K32: 29.38 | L32: 70.62 | M32: 40.355 | N32: 0 | O32: 40.355 | Z32: 40.355 | AA32: 0 | AB32: 40.355 | AC32: 20.17775 | AE32: 20.17775 | AF32: 9.96271 | AG32: 0 | AH32: 9.96271 | AK32: Cap: 07-07-2025 & 04-03-2026 | AL32: 0.25 | AM32: 0
A33: 12 | B33: AGRAE-PP-23-0003 | C33: Construction of Office of the Directorate of Agriculture Extension, Sukkur Division (Revised) | D33: Sukkur | E33: Approved 31.10.16 | F33: June-26 | G33: 224.833 | H33: 61.879 | I33: 131.928 | J33: 0 | K33: 193.807 | L33: 31.026 | M33: 0 | N33: 31.026 | O33: 31.026 | Z33: 0 | AA33: 31.026 | AB33: 31.026 | AD33: 31.026 | AE33: 31.026 | AF33: 0 | AG33: 0 | AH33: 0 | AK33: R: 10-09-2025 | AL33: 1 | AM33: 0
A34: 13 | B34: AGRWM-FP-21-0021 | C34: Sindh Water & Agriculture Transformation (SWAT) Project (Component III: Agriculture) (Total: Rs. 14,228.720 M World Bank's Share: Rs. 11,926.500 M GoS Share: Rs. 2,302.22 M) | D34: Sindh | E34: Approved 06.12.22 ECNEC | F34: June-28 | G34: 2302 | H34: 0 | I34: 50 | J34: 0 | K34: 50 | L34: 2252 | M34: 0 | N34: 400 | O34: 400 | Z34: 0 | AA34: 400 | AB34: 400 | AD34: 216.225 | AE34: 216.225 | AF34: 0 | AG34: 85.464992 | AH34: 85.464992 | AK34: R: 25-08-2225 & 10-09-2025 & 18-11-2025 & 16-02-2026 7 05-05-2026 & R: 30-05-2026 | AL34: 0.25 | AM34: 3500
A35: 14 | B35: AGRAE-PP-22-0004 | C35: Integrated Pest Management of Cotton Crop in Sindh. | D35: Sindh | E35: Approved 30.01.23 | F35: June-26 | G35: 95.93 | H35: 11.881 | I35: 21.012 | J35: 0 | K35: 32.893 | L35: 63.037 | M35: 0 | N35: 63.037 | O35: 63.037 | Z35: 0 | AA35: 63.037 | AB35: 63.037 | AD35: 63.037 | AE35: 63.037 | AF35: 0 | AG35: 56.35894 | AH35: 56.35894 | AK35: R: 08-08-2025 & 13-11-2025 | AL35: 0.5 | AM35: 0
A36: 15 | B36: AGRWM-PP-21-0017 | C36: Transforming the Indus Basin with Climate Resilient Agriculture and Water Management (Total: Rs. 3,444.43 M GCF's Share: Rs. 2618.65 M GoS' Share: Rs. 825.784 M) | D36: Badin, Sanghar & Umerkot | E36: Approved 29.10.21 | F36: June-26 | G36: 825.784 | H36: 203.268 | I36: 306.01 | J36: 0 | K36: 509.278 | L36: 316.506 | M36: 0 | N36: 316.506 | O36: 316.506 | Z36: 0 | AA36: 316.506 | AB36: 316.506 | AE36: 0 | AF36: 0 | AG36: 0 | AH36: 0 | AJ36: Un-Satisfactory | AL36: 0.5 | AM36: 0
C37: Total Agri: Extension (On Going) | G37: 4162.635 | H37: 661.155 | I37: 551.701 | J37: 0 | K37: 1212.856 | L37: 2949.779 | M37: 100.549 | N37: 841.653 | O37: 942.202 | P37: 0 | Q37: 0 | R37: 0 | S37: 0 | T37: 0 | U37: 0 | V37: 0 | W37: 0 | X37: 0 | Y37: 0 | Z37: 100.549 | AA37: 841.653 | AB37: 942.202 | AC37: 20.17775 | AD37: 325.83 | AE37: 346.00775 | AF37: 9.96271 | AG37: 157.26158 | AH37: 167.22429 | AI37: 0 | AM37: 3500
C38: Agri: Extension
C39: (New Schemes)
A41: 16 | B41: AGRAE-PP-25-0001 | C41: Providing Essential Laboratory Equipments and Analytical Material to Pesticide and Fertilizer Quality Control and Testing Laboratories. | D41: Ghotki & Larkana | E41: Un-Approved | F41: June-27 | G41: 200 | H41: 0 | I41: 0 | J41: 0 | K41: 0 | L41: 200 | M41: 0 | N41: 100 | O41: 100 | Z41: 0 | AA41: 100 | AB41: 100 | AE41: 0 | AF41: 0 | AG41: 0 | AH41: 0 | AJ41: Un-Approved | AL41: 0.25 | AM41: 0
C42: Total Agri: Extension (New Schemes) | G42: 200 | H42: 0 | I42: 0 | J42: 0 | K42: 0 | L42: 200 | M42: 0 | N42: 100 | O42: 100 | P42: 0 | Q42: 0 | R42: 0 | S42: 0 | T42: 0 | U42: 0 | V42: 0 | W42: 0 | X42: 0 | Y42: 0 | Z42: 0 | AA42: 100 | AB42: 100 | AC42: 0 | AD42: 0 | AE42: 0 | AF42: 0 | AG42: 0 | AH42: 0 | AI42: 0 | AM42: 0
C43: Total Agri: Extension :- | G43: 4362.635 | H43: 661.155 | I43: 551.701 | J43: 0 | K43: 1212.856 | L43: 3149.779 | M43: 100.549 | N43: 941.653 | O43: 1042.202 | P43: 0 | Q43: 0 | R43: 0 | S43: 0 | T43: 0 | U43: 0 | V43: 0 | W43: 0 | X43: 0 | Y43: 0 | Z43: 100.549 | AA43: 941.653 | AB43: 1042.202 | AC43: 20.17775 | AD43: 325.83 | AE43: 346.00775 | AF43: 9.96271 | AG43: 157.26158 | AH43: 167.22429 | AI43: 0 | AM43: 3500
C45: Agriculture Marketing
C46: (Ongoing Scheme)
A48: 17 | B48: AGRAK-PP-14-0016 | C48: Construction of Mirch Mandi at Kunri (C:195.878) | D48: Umerkot | E48: Approved 29.09.07 (U/R) | F48: June-26 | G48: 195.878 | H48: 195.878 | I48: 0 | J48: 0 | K48: 195.878 | L48: 0 | M48: 0.1 | N48: 0 | O48: 0.1 | Z48: 0.1 | AA48: 0 | AB48: 0.1 | AE48: 0 | AF48: 0 | AG48: 0 | AH48: 0 | AJ48: U/R | AL48: 0.25 | AM48: 0
C50: Total Agriculture Marketing (Ongoing):- | G50: 195.878 | H50: 195.878 | I50: 0 | J50: 0 | K50: 195.878 | L50: 0 | M50: 0.1 | N50: 0 | O50: 0.1 | P50: 0 | Q50: 0 | R50: 0 | S50: 0 | T50: 0 | U50: 0 | V50: 0 | W50: 0 | X50: 0 | Y50: 0 | Z50: 0.1 | AA50: 0 | AB50: 0.1 | AC50: 0 | AD50: 0 | AE50: 0 | AF50: 0 | AG50: 0 | AH50: 0 | AI50: 0 | AM50: 0
C52: (New Scheme)
A54: 18 | B54: AGRAK-PP-23-0007 | C54: Establishment of Fruit and Vegetable Market at Mehar | D54: Dadu | E54: Approved | F54: June-27 | G54: 396.928 | H54: 0 | I54: 0 | J54: 0 | K54: 0 | L54: 396.928 | M54: 198.464 | N54: 0 | O54: 198.464 | Z54: 198.464 | AA54: 0 | AB54: 198.464 | AC54: 49.616 | AE54: 49.616 | AF54: 49.616 | AG54: 0 | AH54: 49.616 | AK54: Cap 14-01-2026 | AL54: 0.25 | AM54: 0
C56: Total Agriculture Marketing (New Scheme) | G56: 396.928 | H56: 0 | I56: 0 | J56: 0 | K56: 0 | L56: 396.928 | M56: 198.464 | N56: 0 | O56: 198.464 | P56: 0 | Q56: 0 | R56: 0 | S56: 0 | T56: 0 | U56: 0 | V56: 0 | W56: 0 | X56: 0 | Y56: 0 | Z56: 198.464 | AA56: 0 | AB56: 198.464 | AC56: 49.616 | AD56: 0 | AE56: 49.616 | AF56: 49.616 | AG56: 0 | AH56: 49.616 | AI56: 0 | AM56: 0
C57: Total Agri: Marketing :- | G57: 592.806 | H57: 195.878 | I57: 0 | J57: 0 | K57: 195.878 | L57: 396.928 | M57: 198.564 | N57: 0 | O57: 198.564 | P57: 0 | Q57: 0 | R57: 0 | S57: 0 | T57: 0 | U57: 0 | V57: 0 | W57: 0 | X57: 0 | Y57: 0 | Z57: 198.564 | AA57: 0 | AB57: 198.564 | AC57: 49.616 | AD57: 0 | AE57: 49.616 | AF57: 49.616 | AG57: 0 | AH57: 49.616 | AI57: 0 | AM57: 0
C59: Sindh Seed Corporation
C60: (On Going Scheme)
A61: 19 | B61: AGRSS-PP-21-0009 | C61: Seed Development Programme including Capacity Building of Growers | D61: Sindh | E61: Approved 05.04.22 | F61: June-26 | G61: 150 | H61: 7.03 | I61: 0 | J61: 0 | K61: 7.03 | L61: 142.97 | M61: 0 | N61: 50 | O61: 50 | Z61: 0 | AA61: 50 | AB61: 50 | AE61: 0 | AF61: 0 | AG61: 0 | AH61: 0 | AJ61: DRO Awaited | AL61: 0.25 | AM61: 0
C62: Total Sindh Seed Corporation :- | G62: 150 | H62: 7.03 | I62: 0 | J62: 0 | K62: 7.03 | L62: 142.97 | M62: 0 | N62: 50 | O62: 50 | P62: 0 | Q62: 0 | R62: 0 | S62: 0 | T62: 0 | U62: 0 | V62: 0 | W62: 0 | X62: 0 | Y62: 0 | Z62: 0 | AA62: 50 | AB62: 50 | AC62: 0 | AD62: 0 | AE62: 0 | AF62: 0 | AG62: 0 | AH62: 0 | AI62: 0 | AM62: 0
C64: Training & Research
C65: (On-going Scheme)
A66: 20 | B66: AGRSS-PP-23-0008 | C66: Controlled Environmental Techniques for High Yield Vertical Agriculture in Sindh | D66: Sindh | E66: Approved 08.03.24 | F66: June-26 | G66: 100 | H66: 0 | I66: 12.5 | J66: 0 | K66: 12.5 | L66: 87.5 | M66: 0 | N66: 87.016 | O66: 87.016 | Z66: 0 | AA66: 87.016 | AB66: 87.016 | AD66: 43.75 | AE66: 43.75 | AF66: 0 | AG66: 0 | AH66: 0 | AK66: R: 23-09-2025 | AL66: 0.25 | AM66: 0
C67: Total Training & Research (On Going) | G67: 100 | H67: 0 | I67: 12.5 | J67: 0 | K67: 12.5 | L67: 87.5 | M67: 0 | N67: 87.016 | O67: 87.016 | P67: 0 | Q67: 0 | R67: 0 | S67: 0 | T67: 0 | U67: 0 | V67: 0 | W67: 0 | X67: 0 | Y67: 0 | Z67: 0 | AA67: 87.016 | AB67: 87.016 | AC67: 0 | AD67: 43.75 | AE67: 43.75 | AF67: 0 | AG67: 0 | AH67: 0 | AI67: 0 | AM67: 0
C69: Supply & Prices, Weights & Measures
C70: (On Going Scheme)
A72: 21 | B72: AGRAS-PP-23-0009 | C72: Mobile Testing Unit for Inspection | D72: Karachi | E72: Approved 08.03.24 | F72: June-26 | G72: 99.96 | H72: 0 | I72: 30.68 | J72: 0 | K72: 30.68 | L72: 69.28 | M72: 0 | N72: 69.28 | O72: 69.28 | Z72: 0 | AA72: 69.28 | AB72: 69.28 | AD72: 69.28 | AE72: 69.28 | AF72: 0 | AG72: 62.7088 | AH72: 62.7088 | AK72: R: 26-11-2025 & 05-05-2026 | AL72: 0.5 | AM72: 0
C73: Total Supply & Prices | G73: 99.96 | H73: 0 | I73: 30.68 | J73: 0 | K73: 30.68 | L73: 69.28 | M73: 0 | N73: 69.28 | O73: 69.28 | P73: 0 | Q73: 0 | R73: 0 | S73: 0 | T73: 0 | U73: 0 | V73: 0 | W73: 0 | X73: 0 | Y73: 0 | Z73: 0 | AA73: 69.28 | AB73: 69.28 | AC73: 0 | AD73: 69.28 | AE73: 69.28 | AF73: 0 | AG73: 62.7088 | AH73: 62.7088 | AI73: 0 | AM73: 0
C75: Agriculture Mechanization
C76: (On-Going Schemes)
A77: 22 | B77: AGRAM-PP-14-0001 | C77: Provision of Assistance to Farmers on Sindh Purchase of Wheel Type Tractor (Phase-IV)(Revised 08.12.17) | D77: Sindh | E77: Approved 14.05.15 | F77: June-26 | G77: 2000 | H77: 0 | I77: 0 | J77: 0 | K77: 0 | L77: 2000 | M77: 0 | N77: 0.1 | O77: 0.1 | Z77: 0 | AA77: 0.1 | AB77: 0.1 | AE77: 0 | AF77: 0 | AG77: 0 | AH77: 0 | AJ77: U/R | AL77: 0.25 | AM77: 0
A78: 23 | B78: AGRAM-PP-21-0014 | C78: Provision of Subsidy Assistance on Installation of Conventional Tube Wells to Framers in Sindh (Total : Rs. 774.970 M GoS share Rs. 400.00 M Farmer Share Rs. 374.97 M) | D78: Sindh | E78: Approved 07.09.22 | F78: June-26 | G78: 400 | H78: 25 | I78: 7.431 | J78: 0 | K78: 32.431 | L78: 367.569 | M78: 0 | N78: 50 | O78: 50 | Z78: 0 | AA78: 50 | AB78: 50 | AD78: 12.5 | AE78: 12.5 | AF78: 0 | AG78: 0 | AH78: 0 | AK78: R: 26-08-2025 | AL78: 0.25 | AM78: 0
A79: 24 | B79: AGRAM-PP-22-0010 | C79: Provision of solar submersible pumps on subsidized cost for Agriculture purpose in District Tharparkar (Total:245.300 including GoS' Share:200.00 & Farmers' Share:45.300) | D79: Tharparkar | E79: Approved 12.10.22 | F79: June-26 | G79: 200 | H79: 43.75 | I79: 7.744 | J79: 0 | K79: 51.494 | L79: 148.506 | M79: 0 | N79: 148.506 | O79: 148.506 | Y79: 23.229 | Z79: 0 | AA79: 125.277 | AB79: 125.277 | AD79: 125.277 | AE79: 125.277 | AF79: 0 | AG79: 125.276 | AH79: 125.276 | AJ79: Rs. 23.229 (M) Surrender by P&D through Over Exp. | AK79: R: 01-09-2025 & 05-05-2026 | AL79: 0.5 | AM79: 0
A80: 25 | B80: AGRAM-PP-21-0011 | C80: Provision of Subsidy Assistance on Solar Pumps/ Tubewells to Farmers in Sindh (Total cost Rs.618.24 M GoS Share Rs.500.00 M & Farmer's Share Rs.118.24 M ) | D80: Sindh | E80: Approved 15.02.22 | F80: June-26 | G80: 500 | H80: 0 | I80: 12.5 | J80: 0 | K80: 12.5 | L80: 487.5 | M80: 0 | N80: 250 | O80: 250 | R80: 250 | Z80: 0 | AA80: 500 | AB80: 500 | AD80: 499 | AE80: 499 | AF80: 0 | AG80: 499 | AH80: 499 | AJ80: Rs. 225 (M) adopted from ADP Scheme 38 Un-Satisfactory on letter dated 23-06-2026 | AK80: R: 03-09-2025 & 21-04-2026 & 12-05-2026 & 19-05-2026 & 21-05-2026 & 30-05-2026 & 30-05-2026 | AL80: 0.25 | AM80: 0
A81: 26 | B81: AGRAM-PP-22-0011 | C81: Provision of Subsidy Assistance on Solar Pumps / Tube Wells to Farmers in Sindh Phase-II (Total: Rs. 492.720 M GoS' Share: Rs. 400.00 M Farmer's Share: Rs. 92.720 M) | D81: Sindh | E81: Approved 05.01.23 | F81: June-26 | G81: 400 | H81: 0 | I81: 0 | J81: 0 | K81: 0 | L81: 400 | M81: 0 | N81: 200 | O81: 200 | R81: 200 | Z81: 0 | AA81: 400 | AB81: 400 | AD81: 400 | AE81: 400 | AF81: 0 | AG81: 400 | AH81: 400 | AJ81: Rs. 200 (M) adopted from ADP Scheme 38 (DRO Awaited) | AK81: R: 03-09-2025 & 09-05-2026 & 20-05-2026 & 25-05-2026 | AL81: 0.25 | AM81: 0
A82: 27 | B82: AGRAM-PP-23-0010 | C82: Provision of Subsidy on Modern Technology Equipment to Farmers in Sindh (Total: Rs. 246.20 M GoS' Share: Rs. 200.00 M Farmers' Share: Rs. 46.20 M) | D82: Sindh | E82: Approved 26.6.23 | F82: June-26 | G82: 200 | H82: 50 | I82: 0 | J82: 0 | K82: 50 | L82: 150 | M82: 0 | N82: 50 | O82: 50 | Z82: 0 | AA82: 50 | AB82: 50 | AD82: 12.5 | AE82: 12.5 | AF82: 0 | AG82: 0 | AH82: 0 | AK82: R: 01-09-2025 | AL82: 0.25 | AM82: 0
A83: 28 | B83: AGRAM-PP-23-0011 | C83: Installation of Solarized Pulp Processing Units for Fruits and Vegetables in Sindh (Total: Rs. 3,525.80 M GoS' Share: Rs. 2,855.80 M Farmers' Share: Rs. 670.00 M) | D83: Sindh | E83: Approved 26.06.23 | F83: June-26 | G83: 2855 | H83: 713.75 | I83: 761.963 | J83: 0 | K83: 1475.713 | L83: 1379.287 | M83: 0 | N83: 634 | O83: 634 | Z83: 0 | AA83: 634 | AB83: 634 | AD83: 158 | AE83: 158 | AF83: 0 | AG83: 0 | AH83: 0 | AJ83: Block FS Directives | AK83: R: 26-08-2025 | AL83: 0.25 | AM83: 0
A84: 29 | B84: AGRAM-PP-23-0012 | C84: Installation / Erection of Modern Cool Chain System on Subsidized Cost to Farmers for Export of Fruits & Vegetables (Total: Rs. 4,783.40 M GoS' Share: Rs. 3,873.00 M Farmers' Share: Rs. 910.00 M) | D84: Sindh | E84: Approved 26.06.23 | F84: June-26 | G84: 3873 | H84: 2459.764 | I84: 1413.236 | J84: 0 | K84: 3873 | L84: 0 | M84: 0 | N84: 0.001 | O84: 0.001 | Z84: 0 | AA84: 0.001 | AB84: 0.001 | AE84: 0 | AF84: 0 | AG84: 0 | AH84: 0 | AJ84: U/R Block FS Directives | AL84: 0.25 | AM84: 0
A85: 30 | B85: AGRAM-PP-22-0009 | C85: Provision of Laser Leveling Equipment on Rental Basis to Farmers in Sindh | D85: Sindh | E85: Approved 07.09.22 | F85: June-26 | G85: 300 | H85: 74.302 | I85: 5 | J85: 0 | K85: 79.302 | L85: 220.698 | M85: 0 | N85: 220.698 | O85: 220.698 | Z85: 0 | AA85: 220.698 | AB85: 220.698 | AD85: 57.633 | AE85: 57.633 | AF85: 0 | AG85: 0.227 | AH85: 0.227 | AK85: R: 03-09-2025 | AL85: 0.5 | AM85: 0 | AN85: 72.432
A86: 31 | B86: AGRAM-PP-21-0012 | C86: Provision of Subsidy Assistance on Agriculture Implements (Total: Rs. 388.240 M GoS' Share: Rs. 200.00 M Farmer's Share: Rs. 188.240 M) | D86: Sindh | E86: Approved 15.02.22 | F86: June-26 | G86: 200 | H86: 31.192 | I86: 5 | J86: 0 | K86: 36.192 | L86: 163.808 | M86: 0 | N86: 163.808 | O86: 163.808 | Y86: 95 | Z86: 0 | AA86: 68.808 | AB86: 68.808 | AD86: 20.113 | AE86: 20.113 | AF86: 0 | AG86: 20.113 | AH86: 20.113 | AJ86: Rs. 95 (M) Surrender by P&D through over exp. | AK86: R: 30-09-2025 | AL86: 0.5 | AM86: 0
C87: Agri: Mechanization (On Going) | G87: 10928 | H87: 3397.758 | I87: 2212.874 | J87: 0 | K87: 5610.632 | L87: 5317.368 | M87: 0 | N87: 1717.113 | O87: 1717.113 | P87: 0 | Q87: 0 | R87: 450 | S87: 0 | T87: 0 | U87: 0 | V87: 0 | W87: 0 | X87: 0 | Y87: 118.229 | Z87: 0 | AA87: 2048.884 | AB87: 2048.884 | AC87: 0 | AD87: 1285.023 | AE87: 1285.023 | AF87: 0 | AG87: 1044.616 | AH87: 1044.616 | AI87: 0 | AM87: 0
C90: (New Schemes)
A92: 32 | B92: AGRAM-PP-25-0001 | C92: Provision of Agriculture Implements on cost sharing basis (Phase-II) (Total: Rs. 757.234 M GoS Share: Rs. 390.00 M Farmer's Share: Rs. 367.234 M) Cost Sharing: GoS 50% and Farmer 50% | D92: Sindh | E92: Un-Approved | F92: June-27 | G92: 390 | H92: 0 | I92: 0 | J92: 0 | K92: 0 | L92: 390 | M92: 0 | N92: 195 | O92: 195 | Z92: 0 | AA92: 195 | AB92: 195 | AE92: 0 | AF92: 0 | AG92: 0 | AH92: 0 | AJ92: Un-Approved | AL92: 0.25 | AM92: 0
A93: 33 | B93: AGRAM-PP-25-0002 | C93: Government Assistance to the Dates Farmers on Establishment of Dates Processing, Packaging & Paste Plant (Total: Rs. 628.000 M GoS Share:Rs. 508.000 M Farmer's Share: Rs. 120.00 M) Cost Sharing: GoS 80% and Farmer 20% | D93: Khairpur | E93: Un-Approved | F93: June-27 | G93: 508 | H93: 0 | I93: 0 | J93: 0 | K93: 0 | L93: 508 | M93: 0 | N93: 254 | O93: 254 | Z93: 0 | AA93: 254 | AB93: 254 | AE93: 0 | AF93: 0 | AG93: 0 | AH93: 0 | AJ93: Un-Approved | AL93: 0.25 | AM93: 0
C94: Total Agri: Mechanization (New Schemes) | G94: 898 | H94: 0 | I94: 0 | J94: 0 | K94: 0 | L94: 898 | M94: 0 | N94: 449 | O94: 449 | P94: 0 | Q94: 0 | R94: 0 | S94: 0 | T94: 0 | U94: 0 | V94: 0 | W94: 0 | X94: 0 | Y94: 0 | Z94: 0 | AA94: 449 | AB94: 449 | AC94: 0 | AD94: 0 | AE94: 0 | AF94: 0 | AG94: 0 | AH94: 0 | AI94: 0 | AM94: 0
C95: Total Agri: Mechanization :- | G95: 11826 | H95: 3397.758 | I95: 2212.874 | J95: 0 | K95: 5610.632 | L95: 6215.368 | M95: 0 | N95: 2166.113 | O95: 2166.113 | P95: 0 | Q95: 0 | R95: 450 | S95: 0 | T95: 0 | U95: 0 | V95: 0 | W95: 0 | X95: 0 | Y95: 118.229 | Z95: 0 | AA95: 2497.884 | AB95: 2497.884 | AC95: 0 | AD95: 1285.023 | AE95: 1285.023 | AF95: 0 | AG95: 1044.616 | AH95: 1044.616 | AI95: 0 | AM95: 0
C97: Agriculture Water Management
C98: (On-Going Schemes)
A99: 34 | B99: AGRWM-PP-15-0002 | C99: Construction of Office Building for On-Farm Water Management staff (Badin, Mirpurkhas, Sanghar, S.B.A, Sukkur, Khairpur, Shikarpur, Dadu, Ghotki, Kashmore & Jamshoro). | D99: Sindh | E99: Approved 11.12.15 | F99: June-26 | G99: 96.389 | H99: 74.799 | I99: 0 | J99: 0 | K99: 74.799 | L99: 21.59 | M99: 21.59 | N99: 0 | O99: 21.59 | Z99: 21.59 | AA99: 0 | AB99: 21.59 | AE99: 0 | AF99: 0 | AG99: 0 | AH99: 0 | AJ99: Un-Satisfactory onf P&D letter dated 18-11-2025 | AL99: 1 | AM99: 0
A100: 35 | B100: AGRWM-PP-21-0018 | C100: Lining of watercourses in Non Command Areas for Lift Pumps/Tubewells already Working in Sindh (Total: Rs.729.272 M Go9S Share: Rs. 599.999 M Farmer Share: Rs.129.273 M) | D100: Sindh | E100: Approved 14.02.21 | F100: June-26 | G100: 599.999 | H100: 80.672 | I100: 52.5 | J100: 0 | K100: 133.172 | L100: 466.827 | M100: 0 | N100: 466.818 | O100: 466.818 | Y100: 11.87 | Z100: 0 | AA100: 454.948 | AB100: 454.948 | AD100: 454.9475 | AE100: 454.9475 | AF100: 0 | AG100: 451.23432 | AH100: 451.23432 | AJ100: Rs. 11.870 (M) Surrender by P&D through over Expenditure | AK100: R: 03-09-2025 & 21-04-2026 | AL100: 0.5 | AM100: 0
A101: 36 | B101: AGRWM-PP-21-0020 | C101: Lining of Direct Outlet at RD-246 Dadu Canal Deh Ghanghro in Taluka & District Larkana (Total: Rs. 12.5604 M GoS Share: Rs. 10.1287 M Farmer Share: Rs. 2.4317 M) | D101: Larkano | E101: Approved 26.11.21 | F101: June-26 | G101: 10.128 | H101: 0 | I101: 0 | J101: 0 | K101: 0 | L101: 10.128 | M101: 0 | N101: 10.128 | O101: 10.128 | Z101: 0 | AA101: 10.128 | AB101: 10.128 | AD101: 10.128 | AE101: 10.128 | AF101: 0 | AG101: 9.985259 | AH101: 9.985259 | AK101: R: 31-12-2025 | AL101: 1 | AM101: 0
A102: 37 | B102: AGRWM-PP-22-0013 | C102: Improvement of New / Fresh Water Courses in Sindh (Total: Rs. 2408.000 M GoS' Share: Rs. 2000.00 M Farmers' share: Rs. 408.00 M) | D102: Sindh | E102: Approved 07.09.22 | F102: June-26 | G102: 2000 | H102: 199.2 | I102: 37.2 | J102: 0 | K102: 236.4 | L102: 1763.6 | M102: 0 | N102: 500 | O102: 500 | Z102: 0 | AA102: 500 | AB102: 500 | AD102: 494.393 | AE102: 494.393 | AF102: 0 | AG102: 491.95176 | AH102: 491.95176 | AK102: R: 03-09-2025 & 27-04-2026 & 14-05-2026 & 21-05-2026 | AL102: 0.25 | AM102: 0
A103: 38 | B103: AGRWM-PP-22-0014 | C103: Provision of Subsidy Assistance on Solar Power for High Efficiency Irrigation System (HEIS) (Total: Rs. 1204.842 M GoS' Share: Rs. 999.286 M Farmers' Share: Rs. 205.556 M) | D103: Sindh | E103: Approved 07.09.22 | F103: June-26 | G103: 999.286 | H103: 184.705 | I103: 25 | J103: 0 | K103: 209.705 | L103: 789.581 | M103: 0 | N103: 789.581 | O103: 789.581 | S103: 450 | Y103: 24.521 | Z103: 0 | AA103: 315.06 | AB103: 315.06 | AD103: 315.0605 | AE103: 315.0605 | AF103: 0 | AG103: 314.86 | AH103: 314.86 | AJ103: Rs. 24.521 (M) Surrender by P&D thourogh Over Expenditure. & RS. 450 (m) RE-APP: TO ADP SHEMES ON 19-05-2026 | AK103: R: 02-09-2025 | AL103: 0.5 | AM103: 0
A104: 39 | B104: AGRWM-PP-21-0016 | C104: Vertical Farming Techniques to Improve Crop Yield in Sindh (Total: Rs. 120.415 M GoS' Share: Rs. 99.415 M Farmers' Share: Rs. 21.00 M) | D104: Sindh | E104: Approved 05.10.22 | F104: June-26 | G104: 99.415 | H104: 24.146 | I104: 18.693 | J104: 0 | K104: 42.839 | L104: 56.576 | M104: 0 | N104: 56.576 | O104: 56.576 | Y104: 12.441 | Z104: 0 | AA104: 44.135 | AB104: 44.135 | AD104: 44.135 | AE104: 44.135 | AF104: 0 | AG104: 44.021119 | AH104: 44.021119 | AJ104: Rs. 12.441 (M) Surrender by P&D thoruhg over Exp. | AK104: R: 27-28-2025 & 21-04-2026 | AL104: 0.5 | AM104: 0
A105: 40 | B105: AGRWM-PP-22-0012 | C105: Construction of Water Storage Reservoirs Operated on Solar Pumping Systems (Total: Rs. 1,591.023 M GoS' Share: Rs. 1,320.00 M Farmers' Share: Rs. 271.023 M) | D105: Sindh | E105: Approved 07.11.22 | F105: June-26 | G105: 1320 | H105: 69.791 | I105: 37.5 | J105: 0 | K105: 107.291 | L105: 1212.709 | M105: 0 | N105: 500 | O105: 500 | Z105: 0 | AA105: 500 | AB105: 500 | AD105: 250 | AE105: 250 | AF105: 0 | AG105: 249.89356 | AH105: 249.89356 | AK105: R: 29-08-2025 & 21-04-2026 | AL105: 0.25 | AM105: 0
A106: 41 | B106: AGRWM-PP-23-0015 | C106: Improving Crop Yield through Integrated Water Resource Management Model in Sindh (Total: Rs. 1,201.225 M GoS Share: Rs. 976.250 M Farmer Share: Rs. 225.00 M) | D106: Thatta, Sujawal, Badin, T. A.Yar, T.M. Khan | E106: Approved 02.01.24 | F106: June-26 | G106: 976.25 | H106: 0 | I106: 187.32 | J106: 0 | K106: 187.32 | L106: 788.93 | M106: 0 | N106: 300 | O106: 300 | Z106: 0 | AA106: 300 | AB106: 300 | AD106: 299.9995 | AE106: 299.9995 | AF106: 0 | AG106: 299.94933 | AH106: 299.94933 | AK106: R: 05-08-2025 & 02-10-2025 & 26-11-2025 & 07-01-2026 | AL106: 0.25 | AM106: 0
C107: Total Agriculture Water Management(On-Going) | G107: 6101.467 | H107: 633.313 | I107: 358.213 | J107: 0 | K107: 991.526 | L107: 5109.941 | M107: 21.59 | N107: 2623.103 | O107: 2644.693 | P107: 0 | Q107: 0 | R107: 0 | S107: 450 | T107: 0 | U107: 0 | V107: 0 | W107: 0 | X107: 0 | Y107: 48.832 | Z107: 21.59 | AA107: 2124.271 | AB107: 2145.861 | AC107: 0 | AD107: 1868.6635 | AE107: 1868.6635 | AF107: 0 | AG107: 1861.8954 | AH107: 1861.8954 | AI107: 0 | AM107: 0
C109: (New Schemes)
A111: 42 | B111: AGRWM-PP-25-0001 | C111: Water Conservation through Additional Lining of Watercourses in Sindh (Total: Rs. 1241.340 M GoS' Share: Rs. 1020.00 M Farmers' Share: Rs. 221.34 M) Cost Sharing: GoS 80% and Farmer 20% | D111: Sindh | E111: Un-Approved | F111: June-27 | G111: 1020 | H111: 0 | I111: 0 | J111: 0 | K111: 0 | L111: 1020 | M111: 0 | N111: 510 | O111: 510 | Z111: 0 | AA111: 510 | AB111: 510 | AD111: 510 | AE111: 510 | AF111: 0 | AG111: 504.06468 | AH111: 504.06468 | AK111: R: 21-01-2026 & 05-05-2026 & 14-05-2026 & 21-05-2026 | AL111: 0.25 | AM111: 0
A112: 43 | B112: AGRWM-PP-25-0002 | C112: Modern Agriculture Techniques to Grow Off Season Crops (Total: Rs. 423.70 M GoS' Share: Rs. 350.00 M Farmers' Share: Rs. 73.70 M) Cost Sharing: GoS 80% and Farmer 20% | D112: Sindh | E112: Un-Approved | F112: June-27 | G112: 350 | H112: 0 | I112: 0 | J112: 0 | K112: 0 | L112: 350 | M112: 0 | N112: 175 | O112: 175 | Z112: 0 | AA112: 175 | AB112: 175 | AE112: 0 | AF112: 0 | AG112: 0 | AH112: 0 | AJ112: Un-Approved | AL112: 0.25 | AM112: 0
C114: Total Agriculture Water Management (New) | G114: 1370 | H114: 0 | I114: 0 | J114: 0 | K114: 0 | L114: 1370 | M114: 0 | N114: 685 | O114: 685 | P114: 0 | Q114: 0 | R114: 0 | S114: 0 | T114: 0 | U114: 0 | V114: 0 | W114: 0 | X114: 0 | Y114: 0 | Z114: 0 | AA114: 685 | AB114: 685 | AC114: 0 | AD114: 510 | AE114: 510 | AF114: 0 | AG114: 504.06468 | AH114: 504.06468 | AI114: 0 | AM114: 0
C115: Total Agriculture Water Management:- | G115: 7471.467 | H115: 633.313 | I115: 358.213 | J115: 0 | K115: 991.526 | L115: 6479.941 | M115: 21.59 | N115: 3308.103 | O115: 3329.693 | P115: 0 | Q115: 0 | R115: 0 | S115: 450 | T115: 0 | U115: 0 | V115: 0 | W115: 0 | X115: 0 | Y115: 48.832 | Z115: 21.59 | AA115: 2809.271 | AB115: 2830.861 | AC115: 0 | AD115: 2378.6635 | AE115: 2378.6635 | AF115: 0 | AG115: 2365.96 | AH115: 2365.96 | AI115: 0 | AM115: 0
C116: Total Agriculture (On-Going) | G116: 22763.283 | H116: 5154.084 | I116: 3303.679 | J116: 0 | K116: 8457.763 | L116: 14305.52 | M116: 160.339 | N116: 5867.197 | O116: 6027.536 | P116: 0 | Q116: 0 | R116: 450 | S116: 450 | T116: 0 | U116: 0 | V116: 0 | W116: 0 | X116: 0 | Y116: 167.061 | Z116: 160.339 | AA116: 5700.136 | AB116: 5860.475 | AC116: 39.22775 | AD116: 4007.9825 | AE116: 4047.2103 | AF116: 28.465307 | AG116: 3507.9385 | AH116: 3536.4038 | AI116: 0 | AM116: 3500
C117: Total Agriculture (New) | G117: 3014.928 | H117: 0 | I117: 0 | J117: 0 | K117: 0 | L117: 3014.928 | M117: 198.464 | N117: 1309 | O117: 1507.464 | P117: 0 | Q117: 0 | R117: 0 | S117: 0 | T117: 0 | U117: 0 | V117: 0 | W117: 0 | X117: 0 | Y117: 0 | Z117: 198.464 | AA117: 1309 | AB117: 1507.464 | AC117: 49.616 | AD117: 584.7 | AE117: 634.316 | AF117: 49.616 | AG117: 573.44151 | AH117: 623.05751 | AI117: 0 | AM117: 0
C118: Total Agriculture Department | G118: 25778.211 | H118: 5154.084 | I118: 3303.679 | J118: 0 | K118: 8457.763 | L118: 17320.448 | M118: 358.803 | N118: 7176.197 | O118: 7535 | P118: 0 | Q118: 0 | R118: 450 | S118: 450 | T118: 0 | U118: 0 | V118: 0 | W118: 0 | X118: 0 | Y118: 167.061 | Z118: 358.803 | AA118: 7009.136 | AB118: 7367.939 | AC118: 88.84375 | AD118: 4592.6825 | AE118: 4681.5262 | AF118: 78.081307 | AG118: 4081.38 | AH118: 4159.4613 | AI118: 0 | AM118: 3500

Sheet Auq
A1: PROVINCIAL
A2: AUQAF, RELIGIOUS AFFAIRS, ZAKAT & USHR DEPARTMENT
AK3: Rs in Million
A4: Gen. S.No. | B4: UID | C4: Sector / Sub-sector / Name of Scheme | D4: Location of Scheme/ District | E4: Status Date of Approval | F4: Target Date for Comple-tion | G4: Estimated Cost | H4: Actual Expend- iture upto June, 24 | I4: Revised Allocation 2024-25 | K4: Estimated Expendit-ure upto June' 25 | L4: Throw-forward as on 01-07-25 | M4: Allocation 2025-26 | P4: Re-Appropration 2025-26 | T4: Out Side Budget | V4: Overall Saving | X4: Surrender | Z4: Modify Budget 2025-26 | AC4: Release 2025-26 | AF4: Expenditure | AI4: Assignment Account | AJ4: Remarks | AK4: Date of Releases | AL4: Status | AM4: FPA
P5: Capital | Q5: Capital | R5: Revenue | S5: Revenue
I6: Total | J6: F.P.A | M6: Capital | N6: Revenue | O6: Total | P6: Addition | Q6: Deduction | R6: Addition | S6: Deduction | T6: Capital | U6: Revenue | V6: Capital | W6: Revenue | X6: Capital | Y6: Revenue | Z6: Capital | AA6: Revenue | AB6: Total | AC6: Capital | AD6: Revenue | AE6: Total | AF6: Capital | AG6: Revenue | AH6: Total
A7: 1 | B7: 2 | C7: 3 | D7: 4 | E7: 5 | F7: 6 | G7: 7 | H7: 8 | I7: 9 | J7: 10 | K7: 11 | L7: 12 | M7: 13 | N7: 14 | O7: 15 | P7: 16 | Q7: 17 | R7: 18 | S7: 19 | T7: 20 | U7: 21 | V7: 22 | W7: 23 | X7: 24 | Y7: 25 | Z7: 10 | AA7: 11 | AB7: 12 | AC7: 9 | AD7: 10 | AE7: 11 | AF7: 12 | AG7: 13 | AH7: 14 | AI7: 15 | AJ7: 15 | AK7: 16 | AL7: 17 | AM7: 16
A9: * | C9: Auqaf (On-going schemes)
A11: 44 | B11: AZUAQ-PP-13-0002 | C11: Construction / Reconstruction / Rehabilitation & Allied Facilities of Dargahs in Sindh (6 Nos.), T.M Khan (01), Thatta (02), Khairpur (01), Hyderabad (01) and Larkano (01) (SDG #2.1) | D11: T.M. Khan, Thatta, Khairpur, Hyderabad & Larkano | E11: Approved 03.12.13 | F11: June-27 | G11: 150.599 | H11: 128.335 | I11: 0 | J11: 0 | K11: 128.335 | L11: 22.264 | M11: 22.264 | N11: 0 | O11: 22.264 | Z11: 22.264 | AA11: 0 | AB11: 22.264 | AE11: 0 | AF11: 0 | AG11: 0 | AH11: 0 | AJ11: Un-Satisfatory ON FILE DATED 04-2-2026 | AL11: 1 | AM11: 0
A12: 45 | B12: AZUAQ-PP-17-0005 | C12: Construction of Dargah Hazrat Shah Abdul Rehman (Meerani Meer), Taluka New Saeedabad District Matiari (SDG#2.1) | D12: Matiari | E12: Approved 26.01.18 (U/R) | F12: June-27 | G12: 79.202 | H12: 79.202 | I12: 0 | J12: 0 | K12: 79.202 | L12: 0 | M12: 0.001 | N12: 0 | O12: 0.001 | Z12: 0.001 | AA12: 0 | AB12: 0.001 | AE12: 0 | AF12: 0 | AG12: 0 | AH12: 0 | AJ12: U/R | AL12: 0.25 | AM12: 0
A13: 46 | B13: AZUAQ-PP-19-0009 | C13: Construction of Dispensary / Minor & Repairs attached Unit at Dargah Luwari Sharif District Badin (Revised on 09-06-2020) | D13: Badin | E13: Approved 12.02.16 (U/R) | F13: June-27 | G13: 96.126 | H13: 64.8 | I13: 27.953 | J13: 0 | K13: 92.753 | L13: 3.373 | M13: 3.373 | N13: 0 | O13: 3.373 | Z13: 3.373 | AA13: 0 | AB13: 3.373 | AE13: 0 | AF13: 0 | AG13: 0 | AH13: 0 | AJ13: U/R | AL13: 0.25 | AM13: 0
A14: 47 | B14: AZUAQ-PP-19-0015 | C14: Construction & Provision of Allied Facilities at Dargah Sare-Faqeer Hadi Gham Kusar Taluka Kingri District Khairpur (Revised on 17-09-2021) | D14: Khairpur | E14: Approved 10.10.19 (U/R) | F14: June-27 | G14: 95.569 | H14: 94.661 | I14: 0 | J14: 0 | K14: 94.661 | L14: 0.908 | M14: 0.001 | N14: 0 | O14: 0.001 | Z14: 0.001 | AA14: 0 | AB14: 0.001 | AE14: 0 | AF14: 0 | AG14: 0 | AH14: 0 | AJ14: U/R | AL14: 0.25 | AM14: 0
A15: 48 | B15: AZUAQ-PP-19-0017 | C15: Rehabilitation of Dargah Hazrat Tharu Shah District N.Feroze (Revised on 17-09-2021) | D15: N.Feroze | E15: Approved 10.10.19 | F15: June-27 | G15: 94.049 | H15: 26.452 | I15: 33.7855 | J15: 0 | K15: 60.2375 | L15: 33.8115 | M15: 33.812 | N15: 0 | O15: 33.812 | Z15: 33.812 | AA15: 0 | AB15: 33.812 | AC15: 33.812 | AE15: 33.812 | AF15: 30.735137 | AG15: 0 | AH15: 30.735137 | AJ15: Un-Satisfactory on file dated 25-02-2026 | AK15: Cap: 07-07-2025 | AL15: 1 | AM15: 0
A16: 49 | B16: AZUAQ-PP-21-0023 | C16: Construction of Musafikhana & Missing Faclities at Dargah Hazrat Ahmed Shah Lakyari Taluka New Saeedabad. | D16: Matiari | E16: Approved 17.09.21 | F16: June-27 | G16: 73.761 | H16: 22.825 | I16: 25.44525 | J16: 0 | K16: 48.27025 | L16: 25.49075 | M16: 25.491 | N16: 0 | O16: 25.491 | Z16: 25.491 | AA16: 0 | AB16: 25.491 | AC16: 25.491 | AE16: 25.491 | AF16: 17.864757 | AG16: 0 | AH16: 17.864757 | AK16: Cap: 07-07-2025 | AL16: 1 | AM16: 0
A17: 50 | B17: AZUAQ-PP-21-0034 | C17: Rehabilitation & Renovation of Dargahs, Moullana Shah at Hoat Khan Jalbani, Syed Makan Shah, Lalan Ghot & Masjid Goth Sher Muhammad Abro, Mehrabpur. | D17: N.Feroze | E17: Approved 17.09.21 | F17: June-27 | G17: 20 | H17: 2.397 | I17: 0 | J17: 0 | K17: 2.397 | L17: 17.603 | M17: 17.603 | N17: 0 | O17: 17.603 | Z17: 17.603 | AA17: 0 | AB17: 17.603 | AC17: 17.603 | AE17: 17.603 | AF17: 0 | AG17: 0 | AH17: 0 | AK17: Cap: 07-07-2025 | AL17: 1 | AM17: 0
A18: 51 | B18: AZUAQ-PP-21-0040 | C18: Construction & Provision of Allied Facilities at Dargah Sain Fazlulllah Jatoi village Sono Jattoi UC Puranoabad. | D18: Larkano | E18: Approved 17.09.21 (U/R) | F18: June-27 | G18: 15 | H18: 14.522 | I18: 0 | J18: 0 | K18: 14.522 | L18: 0.478 | M18: 0.478 | N18: 0 | O18: 0.478 | Z18: 0.478 | AA18: 0 | AB18: 0.478 | AE18: 0 | AF18: 0 | AG18: 0 | AH18: 0 | AJ18: U/R | AL18: 0.25 | AM18: 0
A19: 52 | B19: AZUAQ-PP-21-0044 | C19: Construction & Provision of Allied Facilities at Dargah Sain Hadiatullah Arijo village & UC Arija. | D19: Larkano | E19: Approved 23.12.21 (U/R) | F19: June-27 | G19: 16 | H19: 14.64 | I19: 0.00525 | J19: 0 | K19: 14.64525 | L19: 1.35475 | M19: 1.355 | N19: 0 | O19: 1.355 | Z19: 1.355 | AA19: 0 | AB19: 1.355 | AE19: 0 | AF19: 0 | AG19: 0 | AH19: 0 | AJ19: U/R | AL19: 0.25 | AM19: 0
A20: 53 | B20: AZUAQ-PP-21-0048 | C20: Construction & Provision of Allied Facilities at Dargah Peer Mohban Shah Village Fatehpur Gaji Dero. | D20: Larkano | E20: Approved 17.09.21 (U/R) | F20: June-27 | G20: 16 | H20: 15.628 | I20: 0 | J20: 0 | K20: 15.628 | L20: 0.372 | M20: 0.372 | N20: 0 | O20: 0.372 | Z20: 0.372 | AA20: 0 | AB20: 0.372 | AE20: 0 | AF20: 0 | AG20: 0 | AH20: 0 | AJ20: U/R | AL20: 0.25 | AM20: 0
A21: 54 | B21: AZUAQ-PP-21-0051 | C21: Construction of Compound Wall, Marble Flooring and Repair Renovation of Dargah Pir Haji Mehmood Shah Village Kaniya Kalohora Taluka Kandiaro. | D21: N.Feroze | E21: Approved 17.09.21 | F21: June-27 | G21: 30 | H21: 4.743 | I21: 0 | J21: 0 | K21: 4.743 | L21: 25.257 | M21: 25.257 | N21: 0 | O21: 25.257 | Z21: 25.257 | AA21: 0 | AB21: 25.257 | AC21: 25.257 | AE21: 25.257 | AF21: 0 | AG21: 0 | AH21: 0 | AK21: Cap: 07-07-2025 | AL21: 1 | AM21: 0
A22: 55 | B22: AZUAQ-PP-21-0053 | C22: Repair / Renovation Dargah Shamsi Badshah Village Pir Jo Goth Ward No.02, Masjid Mohram Soomro Muhalla Gharibabad ward No. 05 Naudero, Masjid-e-Ali opposite G.P.S Hassan Pur Muhalla, Azizia Masjid near VIP Bakri, Masjid at village Masu Dero UC Kohri & Masjid at Village Chahwan UC Bhaman Taluka Ratodero (Revised on 23.01.24) | D22: Larkano | E22: Approved 01.03.22 | F22: June-27 | G22: 95.56 | H22: 13.356 | I22: 40.3 | J22: 0 | K22: 53.656 | L22: 41.904 | M22: 41.904 | N22: 0 | O22: 41.904 | Z22: 41.904 | AA22: 0 | AB22: 41.904 | AC22: 41.904 | AE22: 41.904 | AF22: 16.621047 | AG22: 0 | AH22: 16.621047 | AK22: Cap: 07-07-2025 | AL22: 1 | AM22: 0
A23: 56 | B23: AZUAQ-PP-22-0018 | C23: Construction of Punnal Peer village Butt Serai UC Butt Serai, Taluka Mehar and Constt. of Dargah Haider Shah Jeelani and Reconstruction of Masjid village Seeta Road Taluka Khairpur Nathanshah | D23: Dadu | E23: Approved 20.01.23 | F23: June-27 | G23: 20 | H23: 1.248 | I23: 0 | J23: 0 | K23: 1.248 | L23: 18.752 | M23: 18.752 | N23: 0 | O23: 18.752 | Z23: 18.752 | AA23: 0 | AB23: 18.752 | AC23: 18.752 | AE23: 18.752 | AF23: 0 | AG23: 0 | AH23: 0 | AK23: Cap: 07-07-2025 | AL23: 1 | AM23: 0
A24: 57 | B24: AZUAQ-PP-22-0019 | C24: Rehabilitation / Renovation of Haidri Jamia Masjid and Imam Bargah Village Mir Hassan Mari, Taluka Moro and Renovation / Rehabilitation of Imam Bargah at Behlani Taluka Mehrabpur, District N.Feroze (Revised on 23-01-2024). | D24: N.Feroze | E24: Approved 20.01.23 | F24: June-26 | G24: 105.779 | H24: 3.75 | I24: 56.3705 | J24: 0 | K24: 60.1205 | L24: 45.6585 | M24: 45.659 | N24: 0 | O24: 45.659 | Z24: 45.659 | AA24: 0 | AB24: 45.659 | AC24: 45.659 | AE24: 45.659 | AF24: 45.65892 | AG24: 0 | AH24: 45.65892 | AK24: Cap: 07-07-2025 | AL24: 1 | AM24: 0
A25: 58 | B25: AZUAQ-PP-22-0024 | C25: Constt. of Dargah & Allied Facilities Hazrat Bibi Maham (SA) Aghamano Graveyard District Badin (Revised on 23.01.24). | D25: Badin | E25: Approved 20.01.23 | F25: June-27 | G25: 120.512 | H25: 0 | I25: 5.963 | J25: 0 | K25: 5.963 | L25: 114.549 | M25: 76.184 | N25: 0 | O25: 76.184 | Z25: 76.184 | AA25: 0 | AB25: 76.184 | AC25: 19.046 | AE25: 19.046 | AF25: 19.046 | AG25: 0 | AH25: 19.046 | AK25: Cap: 07-07-2025 | AL25: 0.25 | AM25: 0
A26: 59 | B26: AZUAQ-PP-23-0001 | C26: Construction of Musafirkhana and Wazokhan at Dargah Must Alhar Shah Goth Village Butt, UC Butt Serai, Taluka Mehar (Revised on 08.11.24). | D26: Dadu | E26: Approved 19.04.24 | F26: June-26 | G26: 13.271 | H26: 0 | I26: 9.213 | J26: 0 | K26: 9.213 | L26: 4.058 | M26: 4.058 | N26: 0 | O26: 4.058 | Z26: 4.058 | AA26: 0 | AB26: 4.058 | AC26: 4.058 | AE26: 4.058 | AF26: 4.043192 | AG26: 0 | AH26: 4.043192 | AJ26: Un-Satisfactory on letter dated 23-06-2026 | AK26: Cap: 07-07-2025 | AL26: 1 | AM26: 0
A27: 60 | B27: AZUAQ-PP-23-0002 | C27: Construction of Musafirkhan at Dargah Perdasi Peer Near Main Road Village UC Butt Serai Taluka Mehar (Revised on 08.11.24). | D27: Dadu | E27: Approved 19.04.24 | F27: June-26 | G27: 6.257 | H27: 0 | I27: 5.062 | J27: 0 | K27: 5.062 | L27: 1.195 | M27: 1.195 | N27: 0 | O27: 1.195 | Z27: 1.195 | AA27: 0 | AB27: 1.195 | AC27: 1.195 | AE27: 1.195 | AF27: 1.129283 | AG27: 0 | AH27: 1.129283 | AK27: Cap: 07-07-2025 | AL27: 1 | AM27: 0
A28: 61 | B28: AZUAQ-PP-23-0003 | C28: Construction Works at Dargah Drib Pir Mehar Shah Talka Kingri, District Khairpur (Revised on 08.11.24). | D28: Khairpur | E28: Approved 19.04.24 | F28: June-26 | G28: 25.377 | H28: 0 | I28: 18.368 | J28: 0 | K28: 18.368 | L28: 7.009 | M28: 7.009 | N28: 0 | O28: 7.009 | Z28: 7.009 | AA28: 0 | AB28: 7.009 | AC28: 7.009 | AE28: 7.009 | AF28: 6.462137 | AG28: 0 | AH28: 6.462137 | AK28: Cap: 07-07-2025 | AL28: 1 | AM28: 0
A29: 62 | B29: AZUAQ-PP-23-0004 | C29: Construction of Building for Langer Khana at Dargah Razi Shah Ghot (Mohrano Jo Mir) Near Naukot and Building for Langer Khana at Dargah Sikeeladho Shah near village Naupuro Chachro (Revised on 08.11.24). | D29: Tharparkar | E29: Approved 23.01.24 | F29: June-26 | G29: 19.929 | H29: 0 | I29: 13.346 | J29: 0 | K29: 13.346 | L29: 6.583 | M29: 6.583 | N29: 0 | O29: 6.583 | Z29: 6.583 | AA29: 0 | AB29: 6.583 | AC29: 6.583 | AE29: 6.583 | AF29: 6.223183 | AG29: 0 | AH29: 6.223183 | AK29: Cap: 07-07-2025 | AL29: 1 | AM29: 0
A30: 63 | B30: AZUAQ-PP-23-0005 | C30: Reconstruction / Extension of Masjid Sharif at Dargah Ghousia Alia Ranipur, Distrtict Khairpur (Revised on 08.11.24). | D30: Khairpur | E30: Approved 19.04.24 | F30: June-26 | G30: 21.547 | H30: 0 | I30: 15.327 | J30: 0 | K30: 15.327 | L30: 6.22 | M30: 6.22 | N30: 0 | O30: 6.22 | Z30: 6.22 | AA30: 0 | AB30: 6.22 | AC30: 6.22 | AE30: 6.22 | AF30: 6.22 | AG30: 0 | AH30: 6.22 | AK30: Cap: 07-07-2025 | AL30: 1 | AM30: 0
A31: 64 | B31: AZUAQ-PP-23-0006 | C31: Reconstruction of Shah Waliullah Academy at Jamia Masjid Saddar Hyderabad (Revised on 08.11.24). | D31: Hyderabad | E31: Approved 23.01.24 | F31: June-26 | G31: 24.813 | H31: 0 | I31: 15.49 | J31: 0 | K31: 15.49 | L31: 9.323 | M31: 9.323 | N31: 0 | O31: 9.323 | Z31: 9.323 | AA31: 0 | AB31: 9.323 | AC31: 9.323 | AE31: 9.323 | AF31: 8.601017 | AG31: 0 | AH31: 8.601017 | AK31: Cap: 07-07-2025 | AL31: 1 | AM31: 0
A32: 65 | B32: AZUAQ-PP-23-0007 | C32: Construction of Eidgah Memon Muhalla Taluka Gambat District Khairpur (Revised on 08.11.24). | D32: Khairpur | E32: Approved 23.01.24 | F32: June-26 | G32: 25.652 | H32: 0 | I32: 17.257 | J32: 0 | K32: 17.257 | L32: 8.395 | M32: 8.395 | N32: 0 | O32: 8.395 | Z32: 8.395 | AA32: 0 | AB32: 8.395 | AC32: 8.395 | AE32: 8.395 | AF32: 8.394551 | AG32: 0 | AH32: 8.394551 | AK32: Cap: 07-07-2025 | AL32: 1 | AM32: 0
A33: 66 | B33: AZUAQ-PP-23-0008 | C33: Rehabilitation / Renovation of old Rest House, Zaireen Shades and Lavatory Blocks at Dargah Hazrat Lal Shahbaz Qalander Shahbaz R.A at Sehwan Sharif (Revised on 08.11.24). | D33: Jamshoro | E33: Approved 19.04.24 | F33: June-26 | G33: 72.582 | H33: 0 | I33: 50.857 | J33: 0 | K33: 50.857 | L33: 21.725 | M33: 21.725 | N33: 0 | O33: 21.725 | Z33: 21.725 | AA33: 0 | AB33: 21.725 | AC33: 21.725 | AE33: 21.725 | AF33: 21.725 | AG33: 0 | AH33: 21.725 | AK33: Cap: 07-07-2025 | AL33: 1 | AM33: 0
A34: 67 | B34: AZUAQ-PP-23-0009 | C34: Renovation / Reconstruction of Dargah Shoaibuddin Shah Bukhari, UC Talti, Taluka Sehwan, District Jamshoro (Revised on 08.11.24). | D34: Jamshoro | E34: Approved 19.04.24 | F34: June-26 | G34: 11.714 | H34: 0 | I34: 10.339 | J34: 0 | K34: 10.339 | L34: 1.375 | M34: 1.375 | N34: 0 | O34: 1.375 | Z34: 1.375 | AA34: 0 | AB34: 1.375 | AC34: 1.375 | AE34: 1.375 | AF34: 0 | AG34: 0 | AH34: 0 | AK34: Cap: 07-07-2025 | AL34: 1 | AM34: 0
A35: 68 | B35: AZUAQ-PP-23-0010 | C35: Construction of Boundary Wall alongwith Gates at Graveyards of Village Qazi Noor Muhammad Laghari and Mision Wadi, Taluka Jhando Marri, District Tando Allahyar (Revised on 08.11.24). | D35: T.A.Yar | E35: Approved 23.01.24 | F35: June-26 | G35: 92.69 | H35: 0 | I35: 8.94175 | J35: 0 | K35: 8.94175 | L35: 83.74825 | M35: 83.748 | N35: 0 | O35: 83.748 | Z35: 83.748 | AA35: 0 | AB35: 83.748 | AC35: 83.748 | AE35: 83.748 | AF35: 83.747278 | AG35: 0 | AH35: 83.747278 | AK35: Cap: 07-07-2025 & 06-11-2025 | AL35: 0.5 | AM35: 0
A36: 69 | B36: AZUAQ-PP-23-0011 | C36: Construction of Langerkhana at Imam Bargah Pir Muhmme Shah Near Allahwal Chowk and Construction of Langerkhana at Dargah Nimran Shah near Hirabad Muncipal Committee Umerkot (Revised on 08.11.24). | D36: Umerkot | E36: Approved 23.01.24 | F36: June-26 | G36: 23.653 | H36: 0 | I36: 15.432 | J36: 0 | K36: 15.432 | L36: 8.221 | M36: 8.221 | N36: 0 | O36: 8.221 | Z36: 8.221 | AA36: 0 | AB36: 8.221 | AC36: 8.221 | AE36: 8.221 | AF36: 8.012196 | AG36: 0 | AH36: 8.012196 | AK36: Cap: 07-07-2025 | AL36: 1 | AM36: 0
A37: 70 | B37: AZUAQ-PP-23-0012 | C37: Construction of Masoom Ali Asghar Imam Bargah Korangi Karachi (Revised on 08.11.24). | D37: Karachi (Kor) | E37: Approved 23.01.24 | F37: June-26 | G37: 25.068 | H37: 0 | I37: 17.228 | J37: 0 | K37: 17.228 | L37: 7.84 | M37: 7.84 | N37: 0 | O37: 7.84 | Z37: 7.84 | AA37: 0 | AB37: 7.84 | AC37: 7.84 | AE37: 7.84 | AF37: 7.087042 | AG37: 0 | AH37: 7.087042 | AJ37: Un-Satisfactory on letter dated 19-05-2026 | AK37: Cap: 07-07-2025 | AL37: 1 | AM37: 0
A38: 71 | B38: AZUAQ-PP-23-0013 | C38: Rehabilitation / Improvement of Dargah Hazrat Abdul Qadir Shah Jeelani Near Tando Masti, District Khairpur (Revised on 08.11.24). | D38: Khairpur | E38: Approved 19.04.24 | F38: June-26 | G38: 11.042 | H38: 0 | I38: 8.152 | J38: 0 | K38: 8.152 | L38: 2.89 | M38: 2.89 | N38: 0 | O38: 2.89 | Z38: 2.89 | AA38: 0 | AB38: 2.89 | AC38: 2.89 | AE38: 2.89 | AF38: 2.590521 | AG38: 0 | AH38: 2.590521 | AK38: Cap: 07-07-2025 | AL38: 1 | AM38: 0
A39: 72 | B39: AZUAQ-PP-23-0014 | C39: Construction of Musafirkhana at Dargah Bibi Maham District Badin (Revised on 08.11.24). | D39: Badin | E39: Approved 23.01.24 | F39: June-26 | G39: 59.276 | H39: 0 | I39: 39.165 | J39: 0 | K39: 39.165 | L39: 20.111 | M39: 20.111 | N39: 0 | O39: 20.111 | Z39: 20.111 | AA39: 0 | AB39: 20.111 | AC39: 20.111 | AE39: 20.111 | AF39: 19.808253 | AG39: 0 | AH39: 19.808253 | AK39: Cap: 07-07-2025 | AL39: 1 | AM39: 0
A40: 73 | B40: AZUAQ-PP-21-0042 | C40: Construction & Provision of Allied Facilities at Dargah Shaeed Badshah village Haji Ghulam Shah UC Puranoabad (Missing scheme ADP No. 62/2023-24) | D40: Larkano | E40: Approved 17.09.21 (U/R) | F40: June-26 | G40: 15 | H40: 14.599 | I40: 0 | J40: 0 | K40: 14.599 | L40: 0.401 | M40: 0.401 | N40: 0 | O40: 0.401 | Z40: 0.401 | AA40: 0 | AB40: 0.401 | AE40: 0 | AF40: 0 | AG40: 0 | AH40: 0 | AJ40: U/R | AL40: 0.25 | AM40: 0
C41: Total Auqaf, R.A., Zakat & Ushr (On-going) :- | G41: 1476.028 | H41: 501.158 | I41: 434.00025 | J41: 0 | K41: 935.15825 | L41: 540.86975 | M41: 501.6 | N41: 0 | O41: 501.6 | P41: 0 | Q41: 0 | R41: 0 | S41: 0 | T41: 0 | U41: 0 | V41: 0 | W41: 0 | X41: 0 | Y41: 0 | Z41: 501.6 | AA41: 0 | AB41: 501.6 | AC41: 416.217 | AD41: 0 | AE41: 416.217 | AF41: 313.96951 | AG41: 0 | AH41: 313.96951 | AI41: 0 | AM41: 0
C43: (New Schemes)
A45: 74 | B45: AZUAQ-PP-24-0001 | C45: Construction of Academy at Dargah Sufi Shah Inayat Shaheed Jhok Sharif District Sujawal | D45: Sujawal | E45: Un-Approved | F45: June-27 | G45: 25 | H45: 0 | I45: 0 | J45: 0 | K45: 0 | L45: 25 | M45: 12.5 | N45: 0 | O45: 12.5 | Z45: 12.5 | AA45: 0 | AB45: 12.5 | AC45: 3.125 | AE45: 3.125 | AF45: 0 | AG45: 0 | AH45: 0 | AK45: Cap: 15-04-2026 | AL45: 0.25 | AM45: 0
A46: 75 | B46: AZUAQ-PP-24-0002 | C46: Construction of Academy at Dargah Bedil Bekus Rohri District Sukkur | D46: Sukkur | E46: Un-Approved | F46: June-27 | G46: 25 | H46: 0 | I46: 0 | J46: 0 | K46: 0 | L46: 25 | M46: 12.5 | N46: 0 | O46: 12.5 | Z46: 12.5 | AA46: 0 | AB46: 12.5 | AC46: 3.125 | AE46: 3.125 | AF46: 0 | AG46: 0 | AH46: 0 | AK46: Cap: 15-04-2026 | AL46: 0.25 | AM46: 0
A47: 76 | B47: AZUAQ-PP-25-0001 | C47: Construction of Wazookhana and Lavatory Block at Abdalin Ji Kafi, Establishment of Langarkhana, Construction of Rooms for Placing the Shoes Boxes and Facility of Cool Drinking Water for Zaireen and Installation of Fiber Shades at Dargah Hazrat Lal Shahbaz Qalandar, Sehwan Sharif | D47: Jamshoro | E47: Un-Approved | F47: June-27 | G47: 144.8 | H47: 0 | I47: 0 | J47: 0 | K47: 0 | L47: 144.8 | M47: 72.4 | N47: 0 | O47: 72.4 | Z47: 72.4 | AA47: 0 | AB47: 72.4 | AC47: 18.1 | AE47: 18.1 | AF47: 0 | AG47: 0 | AH47: 0 | AK47: Cap: 21-04-2026 | AL47: 0.25 | AM47: 0
A48: 77 | B48: AZUAQ-PP-25-0002 | C48: Construction of Boundary Wall of Different Graveyards in Different areas of Taluka Kamber, Miro Khan & Sujawal | D48: Kamber | E48: Un-Approved | F48: June-27 | G48: 40 | H48: 0 | I48: 0 | J48: 0 | K48: 0 | L48: 40 | M48: 20 | N48: 0 | O48: 20 | Z48: 20 | AA48: 0 | AB48: 20 | AC48: 5 | AE48: 5 | AF48: 0 | AG48: 0 | AH48: 0 | AK48: Cap: 15-04-2026 | AL48: 0.25 | AM48: 0
A49: 78 | B49: AZUAQ-PP-25-0003 | C49: Construction of Musafirkhana, Wazookhana and Lavatory Block at Pir Ali Qatar at Mira Dharo, Taluka and District Ghotki | D49: Ghotki | E49: Un-Approved | F49: June-27 | G49: 16 | H49: 0 | I49: 0 | J49: 0 | K49: 0 | L49: 16 | M49: 8 | N49: 0 | O49: 8 | Z49: 8 | AA49: 0 | AB49: 8 | AC49: 2 | AE49: 2 | AF49: 0 | AG49: 0 | AH49: 0 | AK49: Cap: 15-04-2026 | AL49: 0.25 | AM49: 0
C50: Total Auqaf, R.A., Zakat & Ushr (New Schemes) :- | G50: 234.8 | H50: 0 | I50: 0 | J50: 0 | K50: 0 | L50: 234.8 | M50: 125.4 | N50: 0 | O50: 125.4 | P50: 0 | Q50: 0 | R50: 0 | S50: 0 | T50: 0 | U50: 0 | V50: 0 | W50: 0 | X50: 0 | Y50: 0 | Z50: 125.4 | AA50: 0 | AB50: 125.4 | AC50: 31.35 | AD50: 0 | AE50: 31.35 | AF50: 0 | AG50: 0 | AH50: 0 | AI50: 0 | AM50: 0
C51: Total Auqaf, R.A., Zakat & Ushr :- | G51: 1710.828 | H51: 501.158 | I51: 434.00025 | J51: 0 | K51: 935.15825 | L51: 775.66975 | M51: 627 | N51: 0 | O51: 627 | P51: 0 | Q51: 0 | R51: 0 | S51: 0 | T51: 0 | U51: 0 | V51: 0 | W51: 0 | X51: 0 | Y51: 0 | Z51: 627 | AA51: 0 | AB51: 627 | AC51: 447.567 | AD51: 0 | AE51: 447.567 | AF51: 313.96951 | AG51: 0 | AH51: 313.96951 | AI51: 0 | AM51: 0

Sheet BOR
A1: PROVINCIAL
A2: BOARD OF REVENUE
AK3: Rs in Million
A4: Gen. Sr. No. | B4: UID | C4: Sector / Sub-sector / Name of Scheme | D4: Location of Scheme/ District | E4: Status Date of Approval | F4: Target Date for Completion | G4: Estimated Cost | H4: Actual Expendit-ure upto June, 24 | I4: Revised Allocation 2024-25 | K4: Estimated Expendit- ure upto June' 25 | L4: Throwfor-ward as on 01-07-25 | M4: Allocation for 2025-26 | P4: Re-Appropration 2025-26 | T4: Out Side Budget | V4: Overall Saving | X4: Surrender | Z4: Modify Budget 2025-26 | AC4: Release 2025-26 | AF4: Expenditure | AI4: Assignment Account | AJ4: Remarks | AK4: Date of Releases | AL4: Status | AM4: FPA
P5: Capital | Q5: Capital | R5: Revenue | S5: Revenue
I6: Total | J6: F.P.A. | M6: Capital | N6: Revenue | O6: Total | P6: Addition | Q6: Deduction | R6: Addition | S6: Deduction | T6: Capital | U6: Revenue | V6: Capital | W6: Revenue | X6: Capital | Y6: Revenue | Z6: Capital | AA6: Revenue | AB6: Total | AC6: Capital | AD6: Revenue | AE6: Total | AF6: Capital | AG6: Revenue | AH6: Total
A7: 1 | B7: 2 | C7: 3 | D7: 4 | E7: 5 | F7: 6 | G7: 7 | H7: 8 | I7: 9 | J7: 10 | K7: 11 | L7: 12 | M7: 13 | N7: 14 | O7: 15 | P7: 16 | Q7: 17 | R7: 18 | S7: 19 | T7: 20 | U7: 21 | V7: 22 | W7: 23 | X7: 24 | Y7: 25 | Z7: 10 | AA7: 11 | AB7: 12 | AC7: 9 | AD7: 10 | AE7: 11 | AF7: 12 | AG7: 13 | AH7: 14 | AI7: 15 | AJ7: 15 | AK7: 16 | AL7: 17 | AM7: 16
C9: Buildings
C10: (On-Going Scheme)
A11: 79 | B11: BORBR-PP-07-0001 | C11: Construction of Office of District Registrar at Karachi and Sub-Registrar Offices (22 Nos) at Head Quarters all Districts in Sindh | D11: Sindh | E11: Approved 26.03.08 (U/R) | F11: June-26 | G11: 160.2 | H11: 109.427 | I11: 0 | J11: 0 | K11: 109.427 | L11: 50.773 | M11: 50.773 | N11: 0 | O11: 50.773 | Z11: 50.773 | AA11: 0 | AB11: 50.773 | AE11: 0 | AF11: 0 | AG11: 0 | AH11: 0 | AJ11: Un-Satisfactory on file dated 28-08-2025Un-Satisfactory on file dated 05-11-202 | AL11: 0.25 | AM11: 0
C12: Total Building Ongoing Scheme :- | G12: 160.2 | H12: 109.427 | I12: 0 | J12: 0 | K12: 109.427 | L12: 50.773 | M12: 50.773 | N12: 0 | O12: 50.773 | P12: 0 | Q12: 0 | R12: 0 | S12: 0 | T12: 0 | U12: 0 | V12: 0 | W12: 0 | X12: 0 | Y12: 0 | Z12: 50.773 | AA12: 0 | AB12: 50.773 | AC12: 0 | AD12: 0 | AE12: 0 | AF12: 0 | AG12: 0 | AH12: 0 | AI12: 0 | AM12: 0
C14: I.T. Scheme
C15: (New Scheme)
A17: 80 | B17: BORIT-PP-23-0001 | C17: Computerization & Establishment of Land Administration & Revenue Management Information System-II (LARMIS-II) | D17: Karachi (South) | E17: Un-Approved | F17: June-27 | G17: 924.576 | H17: 0 | I17: 0 | J17: 0 | K17: 0 | L17: 924.576 | M17: 0 | N17: 270.227 | O17: 270.227 | Z17: 0 | AA17: 270.227 | AB17: 270.227 | AE17: 0 | AF17: 0 | AG17: 0 | AH17: 0 | AJ17: Un-Approved | AL17: 0.25 | AM17: 0
C18: Total I.T.:- | G18: 924.576 | H18: 0 | I18: 0 | J18: 0 | K18: 0 | L18: 924.576 | M18: 0 | N18: 270.227 | O18: 270.227 | P18: 0 | Q18: 0 | R18: 0 | S18: 0 | T18: 0 | U18: 0 | V18: 0 | W18: 0 | X18: 0 | Y18: 0 | Z18: 0 | AA18: 270.227 | AB18: 270.227 | AC18: 0 | AD18: 0 | AE18: 0 | AF18: 0 | AG18: 0 | AH18: 0 | AI18: 0 | AM18: 0
C19: Total BOR :- | G19: 1084.776 | H19: 109.427 | I19: 0 | J19: 0 | K19: 109.427 | L19: 975.349 | M19: 50.773 | N19: 270.227 | O19: 321 | P19: 0 | Q19: 0 | R19: 0 | S19: 0 | T19: 0 | U19: 0 | V19: 0 | W19: 0 | X19: 0 | Y19: 0 | Z19: 50.773 | AA19: 270.227 | AB19: 321 | AC19: 0 | AD19: 0 | AE19: 0 | AF19: 0 | AG19: 0 | AH19: 0 | AI19: 0 | AM19: 0

Sheet Culture
A1: PROVINCIAL
A2: CULTURE, TOURISM, ANTIQUITIES & ARCHIVES DEPARTMENT
AK3: Rs in Million
A4: Gen. Sr. No. | B4: UID | C4: Sector / Sub-sector / Name of Scheme | D4: Location of Scheme/ District | E4: Status Date of Approval | F4: Target Date for Comple- tion | G4: Estimated Cost | H4: Actual Exp: upto June, 24 | I4: Revised Allocation 2023-24 | K4: Estimated Expendit-ure upto June' 25 | L4: Throw for- ward as on 01-07-25 | M4: Allocation for 2025-26 | P4: Re-Appropration 2025-26 | T4: Out Side Budget | V4: Overall Saving | X4: Surrender | Z4: Modify Budget 2025-26 | AC4: Release 2025-26 | AF4: Expenditure | AI4: Assignment Account | AJ4: Remarks | AK4: Date of Releases | AL4: Status | AM4: FPA
P5: Capital | Q5: Capital | R5: Revenue | S5: Revenue
I6: Total | J6: F.P.A. | M6: Capital | N6: Revenue | O6: Total | P6: Addition | Q6: Deduction | R6: Addition | S6: Deduction | T6: Capital | U6: Revenue | V6: Capital | W6: Revenue | X6: Capital | Y6: Revenue | Z6: Capital | AA6: Revenue | AB6: Total | AC6: Capital | AD6: Revenue | AE6: Total | AF6: Capital | AG6: Revenue | AH6: Total
A7: 1 | B7: 2 | C7: 3 | D7: 4 | E7: 5 | F7: 6 | G7: 7 | H7: 8 | I7: 9 | J7: 10 | K7: 11 | L7: 12 | M7: 13 | N7: 14 | O7: 15 | P7: 16 | Q7: 17 | R7: 18 | S7: 19 | T7: 20 | U7: 21 | V7: 22 | W7: 23 | X7: 24 | Y7: 25 | Z7: 10 | AA7: 11 | AB7: 12 | AC7: 9 | AD7: 10 | AE7: 11 | AF7: 12 | AG7: 13 | AH7: 14 | AI7: 15 | AJ7: 15 | AK7: 16 | AL7: 17 | AM7: 16
A9: * | C9: Culture (Ongoing Schemes)
A11: 81 | B11: CTACT-PP-16-0006 | C11: Auditorium Hall Rest House And Main Entrance Gate at Dargah Hazrat Sardar Ahmed Shah Lakyari Taluka Saeedabad District Matiari (Revised on 18.01.22) (C86.173.993:+R:12.768) | D11: Matiari | E11: Approved 04.01.17 | F11: June-27 | G11: 186.761 | H11: 87.653 | I11: 11.948 | J11: 0 | K11: 99.601 | L11: 87.16 | M11: 20 | N11: 0 | O11: 20 | Z11: 20 | AA11: 0 | AB11: 20 | AC11: 5 | AE11: 5 | AF11: 4.99081 | AG11: 0 | AH11: 4.99081 | AK11: Cap: 07-07-2025 | AL11: 0.25 | AM11: 0
A12: 82 | B12: CTACT-PP-20-0002 | C12: Missing Allied facilities of Cultural Complex at Sukkur. (Re-Revised 26.06.23) (C:377.498+R:74.502) | D12: Sukkur | E12: Approved 22.08.17 | F12: June-27 | G12: 452 | H12: 153.648 | I12: 59.1695 | J12: 0 | K12: 212.8175 | L12: 239.1825 | M12: 15 | N12: 0 | O12: 15 | Z12: 15 | AA12: 0 | AB12: 15 | AC12: 15 | AE12: 15 | AF12: 14.963181 | AG12: 0 | AH12: 14.963181 | AK12: Cap: 07-07-2025 & 06-08-2025 & 12-09-2025 & 13-02-2026 | AL12: 0.25 | AM12: 0
A13: 83 | B13: CTACT-PP-19-0026 | C13: Provision of Missing Allied Facilities in Culture Complex at Nawabshah. (Revised on 30.05.23) (C:175.381+R:17.619) | D13: S.B.A | E13: Approved 14.11.19 | F13: June-27 | G13: 193 | H13: 9.692 | I13: 0 | J13: 0 | K13: 9.692 | L13: 183.308 | M13: 5 | N13: 0 | O13: 5 | Z13: 5 | AA13: 0 | AB13: 5 | AC13: 1.25 | AE13: 1.25 | AF13: 0 | AG13: 0 | AH13: 0 | AJ13: Un-Satisfactory on P&D Film | AK13: Cap: 07-07-2025 | AL13: 0.25 | AM13: 0
A14: 84 | B14: CTACT-PP-21-0056 | C14: Establishment of Auditorium at Badin. (Revised on 23.05.23) (C:160.870+R:29.130) | D14: Badin | E14: Approved 26.08.21 | F14: June-27 | G14: 190 | H14: 33.273 | I14: 32.704 | J14: 0 | K14: 65.977 | L14: 124.023 | M14: 30 | N14: 0 | O14: 30 | Z14: 30 | AA14: 0 | AB14: 30 | AC14: 30 | AE14: 30 | AF14: 29.998567 | AG14: 0 | AH14: 29.998567 | AK14: Cap: 07-07-2025 & 06-08-2025 & 12-09-2025 & 19-09-2025 | AL14: 0.25 | AM14: 0
A15: 85 | B15: CTACT-PP-21-0059 | C15: Provision of Allied Facilities at Cultural Complex Thatta (Revised on 03.04.24) (C:184.842+R:14.996) | D15: Thatta | E15: Approved 26.08.21 | F15: June-26 | G15: 199.838 | H15: 36.266 | I15: 32.7135 | J15: 0 | K15: 68.9795 | L15: 130.8585 | M15: 115.972 | N15: 14.887 | O15: 130.859 | Z15: 115.972 | AA15: 14.887 | AB15: 130.859 | AC15: 115.972 | AD15: 14.887 | AE15: 130.859 | AF15: 115.972 | AG15: 14.87725 | AH15: 130.84925 | AK15: Cap: 07-07-2025 & 06-08-2025 & 07-08-2025 | AL15: 0.5 | AM15: 0
A16: 86 | B16: CTACT-PP-21-0060 | C16: Provision of Allied Facilities at Cultural Complex Sanghar. (Revised on 16.05.23) (C:178.229+R:18.045) | D16: Sanghar | E16: Approved 26.08.21 | F16: June-27 | G16: 196.274 | H16: 50.725 | I16: 27.9995 | J16: 0 | K16: 78.7245 | L16: 117.5495 | M16: 70 | N16: 0 | O16: 70 | Z16: 70 | AA16: 0 | AB16: 70 | AC16: 70 | AE16: 70 | AF16: 69.978515 | AG16: 0 | AH16: 69.978515 | AK16: Cap: 07-07-2025 & 06-08-2025 & 06-01-2026 & 13-02-2026 | AL16: 0.25 | AM16: 0
A17: 87 | B17: CTACT-PP-22-0026 | C17: Construction of Library / Cultural Centre & Museum at Luari Sharif District Badin (Revised on 03.04.24) (C:187.346+R:12.312) | D17: Badin | E17: Approved 26.08.21 | F17: June-26 | G17: 199.658 | H17: 21.466 | I17: 130.4275 | J17: 0 | K17: 151.8935 | L17: 47.7645 | M17: 36.919 | N17: 10.846 | O17: 47.765 | Z17: 36.919 | AA17: 10.846 | AB17: 47.765 | AC17: 36.919 | AD17: 10.846 | AE17: 47.765 | AF17: 36.918911 | AG17: 10.80126 | AH17: 47.720171 | AK17: Cap: 07-07-2025 & R: 06-08-2025 | AL17: 1 | AM17: 0
A18: 88 | B18: CTACT-PP-22-0027 | C18: Construction of Children Library & Book Shop and Provision Allied Facilities at Dargah Hazrat Allama Mian Ghulam Muhammad Mahesar at Kamal Dero Taluka Gambat District Khairpur (C:32.904+R:7.096) | D18: Khairpur | E18: Approved 23.05.23 | F18: June-27 | G18: 40 | H18: 0 | I18: 0 | J18: 0 | K18: 0 | L18: 40 | M18: 10 | N18: 0 | O18: 10 | Z18: 10 | AA18: 0 | AB18: 10 | AC18: 10 | AE18: 10 | AF18: 9.997221 | AG18: 0 | AH18: 9.997221 | AK18: Cap: 07-07-2025 & 12-09-2025 & 06-01-2026 & 13-02-2026 | AL18: 0.25 | AM18: 0
A19: 89 | B19: CTACT-PP-23-0001 | C19: Establishment of Culture Center at Islamkot, District Tharparkar (Revised on 27.03.24) (C:176.944+R:14.688) | D19: Tharparkar | E19: Approved 11.07.23 | F19: June-27 | G19: 191.632 | H19: 9.375 | I19: 36.45075 | J19: 0 | K19: 45.82575 | L19: 145.80625 | M19: 50 | N19: 0 | O19: 50 | Z19: 50 | AA19: 0 | AB19: 50 | AC19: 50 | AE19: 50 | AF19: 49.995514 | AG19: 0 | AH19: 49.995514 | AK19: Cap: 07-07-2025 & 12-09-2025 & 06-01-2026 & 13-02-2026 | AL19: 0.25 | AM19: 0
A20: 90 | B20: CTACT-PP-23-0003 | C20: Extension & Improvement of Allama I.I Qazi Sindh Government Library, District Dadu (Revised on 03.04.24) (C:186.188+R:13.445) | D20: Dadu | E20: Approved 11.07.23 | F20: June-27 | G20: 199.633 | H20: 7.498 | I20: 38.42675 | J20: 0 | K20: 45.92475 | L20: 153.70825 | M20: 30 | N20: 0 | O20: 30 | Z20: 30 | AA20: 0 | AB20: 30 | AC20: 30 | AE20: 30 | AF20: 29.991019 | AG20: 0 | AH20: 29.991019 | AK20: Cap: 07-07-2025 & 06-08-2025 & 12-09-2025 & 19-09-2025 | AL20: 0.25 | AM20: 0
A21: 91 | B21: CTACT-PP-23-0004 | C21: Extension & Improvement of Public Library Latifabad, District Hyderabad (Revised on 12.02.25) (C:79.965+R:11.681) | D21: Hyderabad | E21: Approved 11.07.23 | F21: June-26 | G21: 91.646 | H21: 2.12 | I21: 14.874 | J21: 0 | K21: 16.994 | L21: 74.652 | M21: 68.019 | N21: 6.633 | O21: 74.652 | Z21: 68.019 | AA21: 6.633 | AB21: 74.652 | AC21: 68.0185 | AD21: 6.633 | AE21: 74.6515 | AF21: 68.018855 | AG21: 6.546 | AH21: 74.564855 | AK21: Cap: 07-07-2025 & 06-08-2025 & R: 06-08-2025 | AL21: 0.5 | AM21: 0
A22: 92 | B22: CTACT-PP-23-0006 | C22: Provision for Additional Allied Facilities of Public Library at Mehar, District Dadu (Revised on 03.04.24) (C:176.801+R:19.219) | D22: Dadu | E22: Approved 11.07.23 | F22: June-27 | G22: 196.019 | H22: 5.621 | I22: 38.07875 | J22: 0 | K22: 43.69975 | L22: 152.31925 | M22: 40 | N22: 0 | O22: 40 | Z22: 40 | AA22: 0 | AB22: 40 | AC22: 40 | AE22: 40 | AF22: 39.982561 | AG22: 0 | AH22: 39.982561 | AK22: Cap: 07-07-2025 & 06-08-2025 & 12-09-2025 & 13-02-2026 | AL22: 0.25 | AM22: 0
A23: 93 | B23: CTACT-PP-23-0007 | C23: Establishment of Muhammad Ibrahim Joyo Translation Bureau & Book Shop at Liaquat Memorial Library at Karachi (Revised on 03.04.24) (C:126.002+R:23.950) | D23: Karachi | E23: Approved 11.07.23 | F23: June-26 | G23: 149.952 | H23: 3.125 | I23: 29.36525 | J23: 0 | K23: 32.49025 | L23: 117.46175 | M23: 93.512 | N23: 23.95 | O23: 117.462 | Z23: 93.512 | AA23: 23.95 | AB23: 117.462 | AC23: 93.512 | AD23: 23.95 | AE23: 117.462 | AF23: 93.511974 | AG23: 23.70744 | AH23: 117.21941 | AK23: Cap: 07-07-2025 & 06-08-2025 & R: 04-09-2025 | AL23: 0.5 | AM23: 0
A24: 94 | B24: CTACT-PP-23-0008 | C24: Establishment of Shah Abdul Latif Bhattai Public Library Larkana (Revised on 12.02.25) (C:184.910+R:13.810) | D24: Larkano | E24: Approved 11.07.23 | F24: June-27 | G24: 198.72 | H24: 6.25 | I24: 35.015 | J24: 0 | K24: 41.265 | L24: 157.455 | M24: 30 | N24: 0 | O24: 30 | Z24: 30 | AA24: 0 | AB24: 30 | AC24: 30 | AE24: 30 | AF24: 29.993354 | AG24: 0 | AH24: 29.993354 | AK24: Cap: 07-07-2025 & 06-08-2025 & 12-09-2025 & 13-02-2026 | AL24: 0.25 | AM24: 0
A25: 95 | B25: CTACT-PP-23-0009 | C25: Establishment of Shaheed Naseem Ahmed Kharal Digital Library Gambat District Khairpur Mirs (Revised on 03.04.24) (C:184.264+R:12.951) | D25: Khairpur | E25: Approved 11.07.23 | F25: June-27 | G25: 197.215 | H25: 6.25 | I25: 0 | J25: 0 | K25: 6.25 | L25: 190.965 | M25: 25 | N25: 0 | O25: 25 | Z25: 25 | AA25: 0 | AB25: 25 | AC25: 25 | AE25: 25 | AF25: 24.991977 | AG25: 0 | AH25: 24.991977 | AK25: Cap: 07-07-2025 & 12-09-2025 & 06-01-2026 & 13-02-2026 | AL25: 0.25 | AM25: 0
A26: 96 | B26: CTACT-PP-23-0010 | C26: Establishment of Culture Center at Bajara UC Bajara Taluka Sehwan District Jamshoro (Revised on 27.03.24) (C:182.853+R:14.688) | D26: Jamshoro | E26: Approved 11.07.23 | F26: June-26 | G26: 197.541 | H26: 6.25 | I26: 38.2595 | J26: 0 | K26: 44.5095 | L26: 153.0315 | M26: 138.334 | N26: 14.688 | O26: 153.022 | Z26: 138.334 | AA26: 14.688 | AB26: 153.022 | AC26: 138.334 | AD26: 14.688 | AE26: 153.022 | AF26: 138.33151 | AG26: 0 | AH26: 138.33151 | AK26: Cap: 07-07-2025 & 06-08-2025 & R: 07-08-2025 | AL26: 0.5 | AM26: 0
A27: 97 | B27: CTACT-PP-23-0011 | C27: Establishment of Art Gallary and Art Museum at Liaquat Memorial Library, Karachi (C:159.220+R:40.780) | D27: Karachi | E27: Approved 11.07.23 | F27: June-27 | G27: 200 | H27: 12.5 | I27: 0 | J27: 0 | K27: 12.5 | L27: 187.5 | M27: 5 | N27: 0 | O27: 5 | Z27: 5 | AA27: 0 | AB27: 5 | AC27: 1.25 | AE27: 1.25 | AF27: 0 | AG27: 0 | AH27: 0 | AK27: Cap: 07-07-2025 | AL27: 0.25 | AM27: 0
A28: 98 | B28: CTACT-PP-23-0012 | C28: Establishment of Culture Center at village Qazi Noor Muhammad Leghari, Taluka Tando Marri, District Tando Allahyar (Revised on 12.02.25) (C:183.774+R:14.540) | D28: T.A.Yar | E28: Approved 11.07.23 | F28: June-26 | G28: 198.314 | H28: 18.749 | I28: 40.62525 | J28: 0 | K28: 59.37425 | L28: 138.93975 | M28: 124.4 | N28: 14.54 | O28: 138.94 | Z28: 124.4 | AA28: 14.54 | AB28: 138.94 | AC28: 124.4 | AD28: 14.54 | AE28: 138.94 | AF28: 62.186817 | AG28: 0 | AH28: 62.186817 | AJ28: Un-Satisfactory on file dated 18-03-2026 | AK28: Cap: 07-07-2025 & R: 26-08-2025 & 12-09-2025 | AL28: 0.5 | AM28: 0
A29: 99 | B29: CTACT-PP-23-0013 | C29: Establishment of Public Library at village Talti, Taluka Sehwan, District Jamshoro (C:62.163+R:7.837) | D29: Jamshoro | E29: Approved 11.07.23 | F29: June-26 | G29: 70 | H29: 13.123 | I29: 13.72 | J29: 0 | K29: 26.843 | L29: 43.157 | M29: 36.32 | N29: 6.837 | O29: 43.157 | Z29: 36.32 | AA29: 6.837 | AB29: 43.157 | AC29: 36.32 | AD29: 6.837 | AE29: 43.157 | AF29: 36.317663 | AG29: 6.835 | AH29: 43.152663 | AK29: Cap: 07-07-2025 & R: 24-07-2025 | AL29: 1 | AM29: 0
A30: 100 | B30: CTACT-PP-23-0014 | C30: Establishment of Cultural Center at Bhan Saeedabad, District Jamshoro (Revised on 03.04.24) (C:184.126+R:15.710) | D30: Jamshoro | E30: Approved 11.07.23 | F30: June-27 | G30: 199.836 | H30: 18.746 | I30: 36.21725 | J30: 0 | K30: 54.96325 | L30: 144.87275 | M30: 38 | N30: 0 | O30: 38 | Z30: 38 | AA30: 0 | AB30: 38 | AC30: 38 | AE30: 38 | AF30: 37.967157 | AG30: 0 | AH30: 37.967157 | AK30: Cap: 07-07-2025 & 06-08-2025 & 06-01-2026 & 13-02-2026 | AL30: 0.25 | AM30: 0
C31: Total Culture (On-going):- | G31: 3748.039 | H31: 502.33 | I31: 615.9945 | J31: 0 | K31: 1118.3245 | L31: 2629.7145 | M31: 981.476 | N31: 92.381 | O31: 1073.857 | P31: 0 | Q31: 0 | R31: 0 | S31: 0 | T31: 0 | U31: 0 | V31: 0 | W31: 0 | X31: 0 | Y31: 0 | Z31: 981.476 | AA31: 92.381 | AB31: 1073.857 | AC31: 958.9755 | AD31: 92.381 | AE31: 1051.3565 | AF31: 894.1076 | AG31: 62.76695 | AH31: 956.87455 | AI31: 0 | AM31: 0
C33: Tourism (On-going Schemes)
A35: 101 | B35: CTATS-PP-17-0008 | C35: Development of Summer Resorts at Gorakh Hills District Dadu (Re-Revised on 12.01.18) (C:2814.000+R:232.000) | D35: Dadu | E35: Approved 11.03.16 (U/R) | F35: June-27 | G35: 3046 | H35: 3046 | I35: 0 | J35: 0 | K35: 3046 | L35: 0 | M35: 0.001 | N35: 0 | O35: 0.001 | Z35: 0.001 | AA35: 0 | AB35: 0.001 | AE35: 0 | AF35: 0 | AG35: 0 | AH35: 0 | AJ35: U/R | AL35: 0.25 | AM35: 0
A36: 102 | B36: CTATS-PP-17-0009 | C36: Establishment of Motels, Improvement / Renovation of existing Motels / Resorts in Sindh at Sehwan, Thatta (Re-Revised on 15.02.23) (C:1334.935+R:112.379) | D36: Jamshoro, Thatta & Umerkot | E36: Approved 21.03.18 | F36: June-27 | G36: 1447.314 | H36: 527.039 | I36: 184.05475 | J36: 0 | K36: 711.09375 | L36: 736.22025 | M36: 20 | N36: 0 | O36: 20 | Z36: 20 | AA36: 0 | AB36: 20 | AC36: 20 | AE36: 20 | AF36: 19.998173 | AG36: 0 | AH36: 19.998173 | AK36: Cap: 07-07-2025 & 06-08-2025 & 12-09-2025 & 17-09-2025 | AL36: 0.25 | AM36: 0
A37: 103 | B37: CTATS-PP-19-0033 | C37: Establishment & Improvement of Sambara Inn Larkano (Re-Revised on 26.06.23) (C:425.699+R:26.315) | D37: Larkano | E37: Approved 29.05.20 | F37: June-27 | G37: 452.014 | H37: 144.822 | I37: 61.3375 | J37: 0 | K37: 206.1595 | L37: 245.8545 | M37: 30.377 | N37: 0 | O37: 30.377 | Z37: 30.377 | AA37: 0 | AB37: 30.377 | AC37: 30.37725 | AE37: 30.37725 | AF37: 30.376018 | AG37: 0 | AH37: 30.376018 | AK37: Cap: 07-07-2025 & 06-08-2025 & 12-09-2025 & 23-09-2025 | AL37: 0.25 | AM37: 0
A38: 104 | B38: CTATS-PP-23-0016 | C38: Extension of Rooplo Kolhi Resort and Construcion of Resturant Nagarparkar, District Tharparkar (Revised on 03.04.24) (C:177.486+R:21.350) | D38: Tharparkar | E38: Approved 11.07.23 | F38: June-26 | G38: 198.836 | H38: 14.996 | I38: 36.76675 | J38: 0 | K38: 51.76275 | L38: 147.07325 | M38: 125.723 | N38: 21.35 | O38: 147.073 | Z38: 125.723 | AA38: 21.35 | AB38: 147.073 | AC38: 125.7225 | AD38: 21.35 | AE38: 147.0725 | AF38: 125.72278 | AG38: 21.23794 | AH38: 146.96072 | AK38: Cap: 07-07-2025 & R: 11-09-2025 & 12-09-2025 | AL38: 0.5 | AM38: 0
A39: 105 | B39: CTATS-PP-23-0017 | C39: Establishment of Tourist Resorts, District Umerkot (Revised ) C:185.236+R:13.035) | D39: Umerkot | E39: Approved 11.07.23 | F39: June-27 | G39: 198.271 | H39: 9.999 | I39: 38.6535 | J39: 0 | K39: 48.6525 | L39: 149.6185 | M39: 30 | N39: 0 | O39: 30 | Z39: 30 | AA39: 0 | AB39: 30 | AC39: 30 | AE39: 30 | AF39: 29.998717 | AG39: 0 | AH39: 29.998717 | AK39: Cap: 07-07-2025 & 06-08-2025 & 12-09-2025 & 13-02-2026 | AL39: 0.25 | AM39: 0
A40: 106 | B40: CTATS-PP-23-0018 | C40: Establishment of Regional Campus of Pakistan Institute of Tourism & Hotel Management at Mithi, District Tharparkar (Revised on 03.04.24) (C:170.180+R:12.500) | D40: Tharparkar | E40: Approved 11.07.23 | F40: June-27 | G40: 182.68 | H40: 6.562 | I40: 35.22275 | J40: 0 | K40: 41.78475 | L40: 140.89525 | M40: 30 | N40: 0 | O40: 30 | Z40: 30 | AA40: 0 | AB40: 30 | AC40: 30 | AE40: 30 | AF40: 29.994788 | AG40: 0 | AH40: 29.994788 | AK40: Cap: 07-07-2025 & 06-08-2025 & 06-01-2026 & 13-02-2026 | AL40: 0.25 | AM40: 0
A41: 107 | B41: CTATS-PP-23-0019 | C41: Upgradation & Improvement of Marvi Rest House at Mithi, District Tharparkar (Revised on 27.03.24) (C:176.485+R:10.265) | D41: Tharparkar | E41: Approved 11.07.23 | F41: June-26 | G41: 186.75 | H41: 7.5 | I41: 35.8495 | J41: 0 | K41: 43.3495 | L41: 143.4005 | M41: 133.136 | N41: 10.265 | O41: 143.401 | Z41: 133.136 | AA41: 10.265 | AB41: 143.401 | AC41: 133.136 | AD41: 10.265 | AE41: 143.401 | AF41: 133.13353 | AG41: 9.04484 | AH41: 142.17837 | AK41: Cap: 07-07-2025 & R: 11-09-2025 & 12-09-2025 | AL41: 0.5 | AM41: 0
C42: Total Tourism (On-going):- | G42: 5711.865 | H42: 3756.918 | I42: 391.88475 | J42: 0 | K42: 4148.8028 | L42: 1563.0623 | M42: 369.237 | N42: 31.615 | O42: 400.852 | P42: 0 | Q42: 0 | R42: 0 | S42: 0 | T42: 0 | U42: 0 | V42: 0 | W42: 0 | X42: 0 | Y42: 0 | Z42: 369.237 | AA42: 31.615 | AB42: 400.852 | AC42: 369.23575 | AD42: 31.615 | AE42: 400.85075 | AF42: 369.22401 | AG42: 30.28278 | AH42: 399.50679 | AI42: 0 | AM42: 0
C44: Tourism (New Schemes)
A46: 108 | B46: CTATS-PP-25-0001 | C46: Construction New Huts and Provision of Allied Faciltities at Keenjar Lake Resort at Thatta | D46: Thatta | E46: Un-Approved | F46: June-27 | G46: 500 | H46: 0 | I46: 0 | J46: 0 | K46: 0 | L46: 500 | M46: 250 | N46: 0 | O46: 250 | Z46: 250 | AA46: 0 | AB46: 250 | AE46: 0 | AF46: 0 | AG46: 0 | AH46: 0 | AJ46: Un-Approved | AL46: 0.25 | AM46: 0
C47: Total Tourism (New Schemes):- | G47: 500 | H47: 0 | I47: 0 | J47: 0 | K47: 0 | L47: 500 | M47: 250 | N47: 0 | O47: 250 | P47: 0 | Q47: 0 | R47: 0 | S47: 0 | T47: 0 | U47: 0 | V47: 0 | W47: 0 | X47: 0 | Y47: 0 | Z47: 250 | AA47: 0 | AB47: 250 | AC47: 0 | AD47: 0 | AE47: 0 | AF47: 0 | AG47: 0 | AH47: 0 | AI47: 0 | AJ47: 0 | AK47: 0 | AL47: 0.25 | AM47: 0
C48: Total Tourism:- | G48: 6211.865 | H48: 3756.918 | I48: 391.88475 | J48: 0 | K48: 4148.8028 | L48: 2063.0622 | M48: 619.237 | N48: 31.615 | O48: 650.852 | P48: 0 | Q48: 0 | R48: 0 | S48: 0 | T48: 0 | U48: 0 | V48: 0 | W48: 0 | X48: 0 | Y48: 0 | Z48: 619.237 | AA48: 31.615 | AB48: 650.852 | AC48: 369.23575 | AD48: 31.615 | AE48: 400.85075 | AF48: 369.22401 | AG48: 30.28278 | AH48: 399.50679 | AI48: 0 | AM48: 0
C50: Antiquities (On-going Schemes)
A52: 109 | B52: CTATS-PP-19-0038 | C52: Conservation / Restoration / Preservation of Retaining Wall and Dangerous Structures of Pucca Fort, Hyderabad (Re-Revised on 03.06.23) (C:726.657+R:17.845) | D52: Hyderabad | E52: Approved 09.03.18 | F52: June-26 | G52: 744.502 | H52: 346.532 | I52: 79.59325 | J52: 0 | K52: 426.12525 | L52: 318.37675 | M52: 100 | N52: 0 | O52: 100 | Z52: 100 | AA52: 0 | AB52: 100 | AC52: 100 | AE52: 100 | AF52: 99.988154 | AG52: 0 | AH52: 99.988154 | AK52: Cap: 07-07-2025 & 06-08-2025 & 12-09-2025 & 17-09-2025 | AL52: 0.25 | AM52: 0
A53: 110 | B53: CTATS-PP-17-0010 | C53: Provision of Missing Facilities at Kashi Institute Bhitshah and Conservation & Restoration of Dabgeer Mosque at Thatta (Re-Revised on 26.06.23) (C:495.325+R:94.675) | D53: Thatta & Matiari | E53: Approved 25.04.18 | F53: June-27 | G53: 590 | H53: 144.073 | I53: 89.21475 | J53: 0 | K53: 233.28775 | L53: 356.71225 | M53: 50 | N53: 0 | O53: 50 | Z53: 50 | AA53: 0 | AB53: 50 | AC53: 50 | AE53: 50 | AF53: 49.962073 | AG53: 0 | AH53: 49.962073 | AK53: Cap: 07-07-2025 & 12-09-2025 & 06-01-2026 & 13-02-2026 | AL53: 0.25 | AM53: 0
A54: 111 | B54: CTATS-PP-19-0040 | C54: Establishment of Digitization & Conservation Laboratory for Providing Physical Treatments, Testing, Cleaning and Protecting of Decaying Artifacts, i.e. Stones, Coins, Manuscripts etc (Revised on 30.05.23) (C:172.897+R:26.103) | D54: Karachi | E54: Approved 14.11.19 | F54: June-27 | G54: 199 | H54: 32.93 | I54: 8.3035 | J54: 0 | K54: 41.2335 | L54: 157.7665 | M54: 30 | N54: 0 | O54: 30 | Z54: 30 | AA54: 0 | AB54: 30 | AC54: 15 | AE54: 15 | AF54: 7.497607 | AG54: 0 | AH54: 7.497607 | AK54: Cap: 07-07-2025 & 10-02-2026 | AL54: 0.25 | AM54: 0
A55: 112 | B55: CTATS-PP-20-0015 | C55: Provision of Additional Allied Facilities & External Development of Sub-office of Antiquities & Archaeological Museum Sukkur. (Re-revised on 23.05.23) (C:180.172+R:13.828) | D55: Sukkur | E55: Approved 24.12.20 | F55: June-26 | G55: 194 | H55: 53.49 | I55: 28.1015 | J55: 0 | K55: 81.5915 | L55: 112.4085 | M55: 62.593 | N55: 0 | O55: 62.593 | Z55: 62.593 | AA55: 0 | AB55: 62.593 | AC55: 62.59325 | AE55: 62.59325 | AF55: 62.590495 | AG55: 0 | AH55: 62.590495 | AK55: Cap: 07-07-2025 & 12-09-2025 & 06-01-2026 & 13-02-2026 | AL55: 0.25 | AM55: 0
A56: 113 | B56: CTATS-PP-17-0011 | C56: Construction of Jain Dharam Mandir Village Godi Taluka Nagarparkar, at Tharparkar (Conservation) (Revised on 23.05.23) (C:189.345) | D56: Tharparkar | E56: Approved 03.01.18 | F56: June-26 | G56: 189.345 | H56: 93.71 | I56: 35.865 | J56: 0 | K56: 129.575 | L56: 59.77 | M56: 20 | N56: 0 | O56: 20 | Z56: 20 | AA56: 0 | AB56: 20 | AC56: 15 | AE56: 15 | AF56: 14.998365 | AG56: 0 | AH56: 14.998365 | AK56: Cap: 07-07-2025 & 12-09-2025 & 13-04-2026 | AL56: 0.25 | AM56: 0
A57: 114 | B57: CTAAN-PP-21-0063 | C57: Restoration & Preservation of Shah Jahan Mosque at Thatta (Revised on 03.06.23) (C:761.398+R:8.190). | D57: Thatta | E57: Approved 23.12.21 | F57: June-27 | G57: 769.588 | H57: 169.4 | I57: 120.03725 | J57: 0 | K57: 289.43725 | L57: 480.15075 | M57: 50 | N57: 0 | O57: 50 | Z57: 50 | AA57: 0 | AB57: 50 | AC57: 50 | AE57: 50 | AF57: 49.97662 | AG57: 0 | AH57: 49.97662 | AK57: Cap: 07-07-2025 & 06-08-2025 & 12-09-2025 & 17-09-2025 | AL57: 0.25 | AM57: 0
A58: 115 | B58: CTAAN-PP-21-0065 | C58: Improvement of Interior of Umerkot Fort & Preservation of Rest House District Umerkot (Revised on 03.06.23) (C:541.275) | D58: Umerkot | E58: Approved 26.08.21 | F58: June-27 | G58: 541.275 | H58: 74.025 | I58: 93.4495 | J58: 0 | K58: 167.4745 | L58: 373.8005 | M58: 70 | N58: 0 | O58: 70 | Z58: 70 | AA58: 0 | AB58: 70 | AC58: 70 | AE58: 70 | AF58: 69.984341 | AG58: 0 | AH58: 69.984341 | AK58: Cap: 07-07-2025 & 06-08-2025 & 12-09-2025 & 17-09-2025 | AL58: 0.25 | AM58: 0
A59: 116 | B59: CTAAN-PP-21-0066 | C59: Establishment of Sindh Archaeology & Anthropology Center of Excellence including Residential Facilities at Gharo Campus, Thatta (C:114.510+R:16.824). | D59: Thatta | E59: Approved 30.09.22 | F59: June-27 | G59: 131.334 | H59: 32.689 | I59: 0 | J59: 0 | K59: 32.689 | L59: 98.645 | M59: 10 | N59: 0 | O59: 10 | Z59: 10 | AA59: 0 | AB59: 10 | AC59: 2.5 | AE59: 2.5 | AF59: 0 | AG59: 0 | AH59: 0 | AK59: Cap: 07-07-2025 | AL59: 0.25 | AM59: 0
A60: 117 | B60: CTAAN-PP-23-0020 | C60: Construction of Curator Quarters at Ranikot Fort, District Jamshoro, Naukot Fort, District Mirpurkhas, Kot Diji Museum, District Khairpur (Revised on 03.04.24) (C:142.897+R:8.103) | D60: Jamshoro Mirpurkhas Khairpur | E60: Approved 11.07.23 | F60: June-27 | G60: 151 | H60: 7.5 | I60: 28.7 | J60: 0 | K60: 36.2 | L60: 114.8 | M60: 50 | N60: 0 | O60: 50 | Z60: 50 | AA60: 0 | AB60: 50 | AC60: 25 | AE60: 25 | AF60: 12.483927 | AG60: 0 | AH60: 12.483927 | AK60: Cap: 07-07-2025 & 06-08-2025 | AL60: 0.25 | AM60: 0
A61: 118 | B61: CTAAN-PP-23-0021 | C61: Construction of Watchman Quarter & Site Office at Main Yar Muhammad Kalhoro, District Dadu, Mir Shahdad-Ja-Quba, District Sanghar, Mian Noor Muhammad Kalhoro, District Shaheed Benazirabad and Qadir Bux-Ja-Qubba, District Sukkur, Citori Gravyard, District Mirpurkhas (Revised on 03.04.24). (C:189.467+R:10.000) | D61: Dadu Sanghar SBA Sukkur Mirpurkhas | E61: Approved 11.07.23 | F61: June-27 | G61: 199.467 | H61: 9.375 | I61: 38.0175 | J61: 0 | K61: 47.3925 | L61: 152.0745 | M61: 20 | N61: 0 | O61: 20 | Z61: 20 | AA61: 0 | AB61: 20 | AC61: 20 | AE61: 20 | AF61: 19.992671 | AG61: 0 | AH61: 19.992671 | AK61: Cap: 07-07-2025 & 06-08-2025 & 06-01-2026 & 13-02-2026 | AL61: 0.25 | AM61: 0
A62: 119 | B62: CTAAN-PP-23-0022 | C62: Conservation Preservation Restoration and Rehabilitation work of Heritage Building Buddha Asharam at District Shikarpur (Revised on 12.02.25) (C:198.755) | D62: Shikarpur | E62: Approved 11.07.23 | F62: June-27 | G62: 198.775 | H62: 0 | I62: 24.99975 | J62: 0 | K62: 24.99975 | L62: 173.77525 | M62: 10 | N62: 0 | O62: 10 | Z62: 10 | AA62: 0 | AB62: 10 | AC62: 10 | AE62: 10 | AF62: 9.994803 | AG62: 0 | AH62: 9.994803 | AK62: Cap: 07-07-2025 & 06-08-2025 & 12-09-2025 & 17-09-2025 | AL62: 0.25 | AM62: 0
A63: 120 | B63: CTAAN-PP-23-0023 | C63: Conservation Preservation Restoration and Rehabilitation work of Mian Yar Muhammad Kalhoro at District Dadu (Revised on 12.02.25)(C:198.033) | D63: Dadu | E63: Approved 11.07.23 | F63: June-27 | G63: 198.033 | H63: 0 | I63: 24.99825 | J63: 0 | K63: 24.99825 | L63: 173.03475 | M63: 10 | N63: 0 | O63: 10 | Z63: 10 | AA63: 0 | AB63: 10 | AC63: 10 | AE63: 10 | AF63: 9.998587 | AG63: 0 | AH63: 9.998587 | AK63: Cap: 07-07-2025 & 06-08-2025 & 12-09-2025 & 17-09-2025 | AL63: 0.25 | AM63: 0
... A66: 123 | B66: MADMT-PP-16-0111 | C66: Consolidation / Rehablitation at Saadh Bello Sukkur (C:1350.594+R:19.334) | D66: Sukkur | E66: Approved 08.02.17 | F66: June-27 | G66: 1369.928 | H66: 120.477 | I66: 62.46 | J66: 0 | K66: 182.937 | L66: 1186.991 | M66: 10 | N66: 0 | O66: 10 | Z66: 10 | AA66: 0 | AB66: 10 | AC66: 2.5 | AE66: 2.5 | AF66: 0 | AG66: 0 | AH66: 0 | AK66: Cap: 07-07-2025 | AL66: 0.25 | AM66: 0
C67: Total Antiquities (On-going):- | G67: 5772.162 | H67: 1120.451 | I67: 768.666 | J67: 0 | K67: 1889.117 | L67: 3883.045 | M67: 550.091 | N67: 0 | O67: 550.091 | P67: 0 | Q67: 0 | R67: 0 | S67: 0 | T67: 0 | U67: 0 | V67: 0 | W67: 0 | X67: 0 | Y67: 0 | Z67: 550.091 | AA67: 0 | AB67: 550.091 | AC67: 490.09125 | AD67: 0 | AE67: 490.09125 | AF67: 464.96191 | AG67: 0 | AH67: 464.96191 | AI67: 0 | AM67: 0
C69: Antiquities (New Schemes)
A71: 124 | B71: CTAAN-PP-25-0001 | C71: Prepration of Master Plan and Up-gradation of Museum, Rest House and Beautificaiton of External Development of Mohen-Jo-Daro (World Heritage Site of UNESCO) | D71: Larkano | E71: Un-Approved | F71: June-28 | G71: 532.4 | H71: 0 | I71: 0 | J71: 0 | K71: 0 | L71: 532.4 | M71: 266.2 | N71: 0 | O71: 266.2 | Z71: 266.2 | AA71: 0 | AB71: 266.2 | AE71: 0 | AF71: 0 | AG71: 0 | AH71: 0 | AJ71: Un-Approved | AL71: 0.25 | AM71: 0
C72: Total Antiquities (New Schemes):- | G72: 532.4 | H72: 0 | I72: 0 | J72: 0 | K72: 0 | L72: 532.4 | M72: 266.2 | N72: 0 | O72: 266.2 | P72: 0 | Q72: 0 | R72: 0 | S72: 0 | T72: 0 | U72: 0 | V72: 0 | W72: 0 | X72: 0 | Y72: 0 | Z72: 266.2 | AA72: 0 | AB72: 266.2 | AC72: 0 | AD72: 0 | AE72: 0 | AF72: 0 | AG72: 0 | AH72: 0 | AI72: 0 | AM72: 0
C73: Total Antiquities :- | G73: 6304.562 | H73: 1120.451 | I73: 768.666 | J73: 0 | K73: 1889.117 | L73: 4415.445 | M73: 816.291 | N73: 0 | O73: 816.291 | P73: 0 | Q73: 0 | R73: 0 | S73: 0 | T73: 0 | U73: 0 | V73: 0 | W73: 0 | X73: 0 | Y73: 0 | Z73: 816.291 | AA73: 0 | AB73: 816.291 | AC73: 490.09125 | AD73: 0 | AE73: 490.09125 | AF73: 464.96191 | AG73: 0 | AH73: 464.96191 | AI73: 0 | AM73: 0
C75: Archives (On-going Schemes)
A77: 125 | B77: CTAAC-PP-16-0026 | C77: Establishment of District Archives at Sukkur (Revised on 03.04.24) (C:92.815+R:91.453), (ADP 2021-22, Sr. No. 158) | D77: Sukkur | E77: Approved 19.06.16 | F77: June-27 | G77: 184.268 | H77: 22 | I77: 8.113 | J77: 0 | K77: 30.113 | L77: 154.155 | M77: 15 | N77: 0 | O77: 15 | Z77: 15 | AA77: 0 | AB77: 15 | AC77: 3.75 | AE77: 3.75 | AF77: 14.909689 | AG77: 0 | AH77: 14.909689 | AK77: Cap: 07-07-2025 | AL77: 0.25 | AM77: 0
A78: 126 | B78: CTAAC-PP-21-0027 | C78: Establishment of District Archives at Larkano (Revised on 03.04.24) (C:184.873+R:12.500), (ADP 2021-22, Sr. No. 159) | D78: Larkano | E78: Approved 19.06.16 | F78: June-27 | G78: 197.373 | H78: 21.995 | I78: 35.075 | J78: 0 | K78: 57.07 | L78: 140.303 | M78: 25 | N78: 0 | O78: 25 | Z78: 25 | AA78: 0 | AB78: 25 | AC78: 25 | AE78: 25 | AF78: 24.989818 | AG78: 0 | AH78: 24.989818 | AK78: Cap: 07-07-2025 & 12-09-2025 & 06-01-2026 & 13-02-2026 | AL78: 0.25 | AM78: 0
C79: Total Archives (On-going):- | G79: 381.641 | H79: 43.995 | I79: 43.188 | J79: 0 | K79: 87.183 | L79: 294.458 | M79: 40 | N79: 0 | O79: 40 | P79: 0 | Q79: 0 | R79: 0 | S79: 0 | T79: 0 | U79: 0 | V79: 0 | W79: 0 | X79: 0 | Y79: 0 | Z79: 40 | AA79: 0 | AB79: 40 | AC79: 28.75 | AD79: 0 | AE79: 28.75 | AF79: 39.899507 | AG79: 0 | AH79: 39.899507 | AI79: 0 | AM79: 0
C80: Total CTA&A Department :- | G80: 16646.107 | H80: 5423.694 | I80: 1819.7333 | J80: 0 | K80: 7243.4273 | L80: 9402.6797 | M80: 2457.004 | N80: 123.996 | O80: 2581 | P80: 0 | Q80: 0 | R80: 0 | S80: 0 | T80: 0 | U80: 0 | V80: 0 | W80: 0 | X80: 0 | Y80: 0 | Z80: 2457.004 | AA80: 123.996 | AB80: 2581 | AC80: 1847.0525 | AD80: 123.996 | AE80: 1971.0485 | AF80: 1768.193 | AG80: 93.04973 | AH80: 1861.2428 | AI80: 0 | AM80: 0

Sheet Education
A1: PROVINCIAL
A2: EDUCATION SECTOR
AK3: Rs in Million
A4: Gen. Sr. No. | B4: UID | C4: Sector / Sub-sector / Name of Scheme | D4: Location of Scheme/ District | E4: Status Date of Approval | F4: Target Date for Comple- tion | G4: Estimated Cost | H4: Actual Expendit-ure upto June, 24 | I4: Revised Allocation 2024-25 | K4: Estimated Expendit-ure upto June' 25 | L4: Throwfor-ward as on 01-07-25 | M4: Allocation for 2025-26 | P4: Re-Appropration 2025-26 | T4: Out Side Budget | V4: Sppl: | X4: Surrender | Z4: Modify Budget 2025-26 | AC4: Release 2025-26 | AF4: Expenditure | AI4: Assignment Account | AJ4: Remarks | AK4: Date of Releases | AL4: Status | AM4: FPA
P5: Capital | Q5: Capital | R5: Revenue | S5: Revenue
I6: Total | J6: F.P.A. | M6: Capital | N6: Revenue | O6: Total | P6: Addition | Q6: Deduction | R6: Addition | S6: Deduction | T6: Capital | U6: Revenue | V6: Capital | W6: Revenue | X6: Capital | Y6: Revenue | Z6: Capital | AA6: Revenue | AB6: Total | AC6: Capital | AD6: Revenue | AE6: Total | AF6: Capital | AG6: Revenue | AH6: Total
A7: 1 | B7: 2 | C7: 3 | D7: 4 | E7: 5 | F7: 6 | G7: 7 | H7: 8 | I7: 9 | J7: 10 | K7: 11 | L7: 12 | M7: 13 | N7: 14 | O7: 15 | P7: 16 | Q7: 17 | R7: 18 | S7: 19 | T7: 20 | U7: 21 | V7: 22 | W7: 23 | X7: 24 | Y7: 25 | Z7: 10 | AA7: 11 | AB7: 12 | AC7: 9 | AD7: 10 | AE7: 11 | AF7: 12 | AG7: 13 | AH7: 14 | AI7: 15 | AJ7: 15 | AK7: 16 | AL7: 17 | AM7: 16
A8: * | C8: I. SCHOOL EDUCATION & LITERACY | AK8: *
C9: Elementary Education
C10: (On-Going Schemes)
A11: 127 | B11: SEDEE-PP-07-0002 | C11: Up-gradation of Primary Schools to Middle Schools in Sindh (2007-08 Programme) (460 Units)(C: 1192.705 + R:109.020) (SDG#4) | D11: Sindh | E11: Approved 31.01.08 (U/R) | F11: June-27 | G11: 1301.725 | H11: 1046.787 | I11: 50 | J11: 0 | K11: 1096.787 | L11: 204.938 | M11: 0.001 | N11: 0 | O11: 0.001 | Z11: 0.001 | AA11: 0 | AB11: 0.001 | AE11: 0 | AF11: 0 | AG11: 0 | AH11: 0 | AJ11: Under Revision | AL11: 0.25 | AM11: 0
A12: 128 | B12: SEDEE-PP-07-0003 | C12: Construction of Two Rooms Shelterless Primary Schools in Sindh (2007-08 Programme) (450 Units ) (C:468.152 + R: 53.550) (SDG#4) | D12: Sindh | E12: Approved 31.01.08 (U/R) | F12: June-27 | G12: 521.702 | H12: 464.219 | I12: 0 | J12: 0 | K12: 464.219 | L12: 57.483 | M12: 0.001 | N12: 0 | O12: 0.001 | Z12: 0.001 | AA12: 0 | AB12: 0.001 | AE12: 0 | AF12: 0 | AG12: 0 | AH12: 0 | AJ12: Under Revision | AL12: 0.25 | AM12: 0
A13: 129 | B13: SEDEE-PP-07-0004 | C13: Introduction of Computer Education in Middle Schools in Sindh (2007-08 Programme) (230 Units)(C: 236.042 + R: 289.340) (SDG#4) | D13: Sindh | E13: Approved 31.01.08 (U/R) | F13: June-27 | G13: 525.382 | H13: 197.029 | I13: 0 | J13: 0 | K13: 197.029 | L13: 328.353 | M13: 0.001 | N13: 0 | O13: 0.001 | Z13: 0.001 | AA13: 0 | AB13: 0.001 | AE13: 0 | AF13: 0 | AG13: 0 | AH13: 0 | AJ13: Under Revision | AL13: 0.25 | AM13: 0
A14: 130 | B14: SEDEE-PP-17-0013 | C14: Up-gradation of Primary Schools to Middle Schools, District Thatta (05 Units) (C:47.391 + R:7.500 ) (SDG#4) | D14: Thatta | E14: Approved 11.07.17 | F14: June-27 | G14: 54.891 | H14: 35.713 | I14: 2.919 | J14: 0 | K14: 38.632 | L14: 16.259 | M14: 8.765 | N14: 0 | O14: 8.765 | Z14: 8.765 | AA14: 0 | AB14: 8.765 | AC14: 2.19125 | AE14: 2.19125 | AF14: 2.187285 | AG14: 0 | AH14: 2.187285 | AK14: Cap: 07-07-2025 | AL14: 0.25 | AM14: 0
A15: 131 | B15: SEDEE-PP-17-0017 | C15: Rehabilitation/ Expansion/ Improvement of High Priority 4560 Schools (Primary / Elementary Schools) (68 Units) (SDG#4) | D15: T.M.Khan | E15: Approved 26.01.18 | F15: June-27 | G15: 289.383 | H15: 230.292 | I15: 0 | J15: 0 | K15: 230.292 | L15: 59.091 | M15: 15 | N15: 0 | O15: 15 | Z15: 15 | AA15: 0 | AB15: 15 | AC15: 11.25 | AE15: 11.25 | AF15: 11.246899 | AG15: 0 | AH15: 11.246899 | AK15: Cap: 29-09-2025 & Cap: 10-02-2026 & 13-04-2026 | AL15: 0.25 | AM15: 0
A16: 132 | B16: SEDEE-PP-17-0031 | C16: Rehabilitation/ Expansion/ Improvement of High Priority 4560 Schools (Primary / Elementary Schools) (155 Units) (C:1101.709+R:168.328) (SDG#4) | D16: Shikarpur | E16: Approved 26.01.18 | F16: June-27 | G16: 1270.037 | H16: 1080.73 | I16: 0 | J16: 0 | K16: 1080.73 | L16: 189.307 | M16: 15 | N16: 0 | O16: 15 | Z16: 15 | AA16: 0 | AB16: 15 | AC16: 7.5 | AE16: 7.5 | AF16: 6.24986 | AG16: 0 | AH16: 6.24986 | AK16: Cap: 07-07-2025 & Cap: 10-02-2026 | AL16: 0.25 | AM16: 0
A17: 133 | B17: SEDEE-PP-17-0033 | C17: Rehabilitation/ Expansion/ Improvement of High Priority 4560 Schools (Primary / Elementary Schools) (157 Units) (C:882.457+R:88.920) (SDG#4) | D17: Kashmore | E17: Approved 26.01.18 | F17: June-27 | G17: 971.377 | H17: 836.192 | I17: 46.265 | J17: 0 | K17: 882.457 | L17: 88.92 | M17: 0.001 | N17: 0 | O17: 0.001 | Z17: 0.001 | AA17: 0 | AB17: 0.001 | AE17: 0 | AF17: 0 | AG17: 0 | AH17: 0 | AJ17: Token Allocation | AL17: 0.25 | AM17: 0
A18: 134 | B18: SEDEE-PP-19-0044 | C18: Construction of Six Room Buildings for Shelterless Primary Schools (01 Unit) (C: 19.801 + R: 1.210) (Revised on 22.05.2024) (SDG#4) | D18: Sujawal | E18: Approved 28.08.19 | F18: June-27 | G18: 21.011 | H18: 11.513 | I18: 2.072 | J18: 0 | K18: 13.585 | L18: 7.426 | M18: 6.216 | N18: 0 | O18: 6.216 | Z18: 6.216 | AA18: 0 | AB18: 6.216 | AC18: 6.216 | AE18: 6.216 | AF18: 4.938838 | AG18: 0 | AH18: 4.938838 | AK18: Cap: 07-07-2025 & 06-11-2025 & Cap: 10-02-2026 & 13-04-2026 | AL18: 0.25 | AM18: 0
A19: 135 | B19: SEDEE-PP-19-0057 | C19: Construction of Buildings for Shelterless Primary Schools (03 Units) (C:54.142 + R:4.137) (SDG#4) (Revised on 25.04.2025). | D19: Dadu | E19: Approved 06.10.21 | F19: June-27 | G19: 58.279 | H19: 41.39 | I19: 0 | J19: 0 | K19: 41.39 | L19: 16.889 | M19: 12.752 | N19: 0 | O19: 12.752 | Z19: 12.752 | AA19: 0 | AB19: 12.752 | AC19: 12.752 | AE19: 12.752 | AF19: 12.486156 | AG19: 0 | AH19: 12.486156 | AJ19: AA Issued on 14-07-2025 | AK19: Cap: 14-07-2025 & 04-03-2026 & 15-05-2026 | AL19: 0.25 | AM19: 0
A20: 136 | B20: SEDEE-PP-19-0060 | C20: Construction of Buildings for Shelterless Primary Schools (04 Units) (C:90.252 + R:5.516) ( Revised on 22.05.2024) (SDG#4) | D20: Sujawal | E20: Approved 02.12.21 | F20: June-27 | G20: 95.768 | H20: 27.498 | I20: 25 | J20: 0 | K20: 52.498 | L20: 43.27 | M20: 25 | N20: 0 | O20: 25 | Z20: 25 | AA20: 0 | AB20: 25 | AC20: 25 | AE20: 25 | AF20: 24.990471 | AG20: 0 | AH20: 24.990471 | AK20: Cap: 07-07-2025 & 06-11-2025 & 06-01-2026 & 13-04-2026 | AL20: 0.25 | AM20: 0
A21: 137 | B21: SEDEE-PP-19-0065 | C21: Construction of Buildings for Shelterless Primary Schools (05 Units) (C:69.745 + R:6.895) (SDG#4) | D21: N.Feroze | E21: Approved 06.10.21 | F21: June-27 | G21: 76.64 | H21: 41.278 | I21: 15 | J21: 0 | K21: 56.278 | L21: 20.362 | M21: 13.467 | N21: 0 | O21: 13.467 | Z21: 13.467 | AA21: 0 | AB21: 13.467 | AC21: 10.10075 | AE21: 10.10075 | AF21: 10.100085 | AG21: 0 | AH21: 10.100085 | AK21: Cap: 07-07-2025 & 06-11-2025 & Cap: 10-02-2026 | AL21: 0.25 | AM21: 0
A22: 138 | B22: SEDEE-PP-19-0073 | C22: Construction of Buildings for Shelterless Primary Schools (06 Units) (C:83.795 + R: 8.274) (SDG#4) | D22: Kashmore | E22: Approved 06.10.21 | F22: June-27 | G22: 92.069 | H22: 34.881 | I22: 20 | J22: 0 | K22: 54.881 | L22: 37.188 | M22: 20 | N22: 0 | O22: 20 | Z22: 20 | AA22: 0 | AB22: 20 | AC22: 15 | AE22: 15 | AF22: 6.493867 | AG22: 0 | AH22: 6.493867 | AK22: Cap: 07-07-2025 & 12-09-2025 & Cap: 10-02-2026 | AL22: 0.25 | AM22: 0
A23: 139 | B23: SEDEE-PP-19-0079 | C23: Rehabilitation / Reconstruction of High Enrollment Dangerous Primary / Elementary Schools and Provision of Missing Facilities (C:64.308 + R:0.686) (SDG#4) | D23: Jamshoro | E23: Approved 26.08.21 | F23: June-27 | G23: 64.994 | H23: 14.675 | I23: 20 | J23: 0 | K23: 34.675 | L23: 30.319 | M23: 29.633 | N23: 0 | O23: 29.633 | Z23: 29.633 | AA23: 0 | AB23: 29.633 | AC23: 29.63325 | AE23: 29.63325 | AF23: 29.582194 | AG23: 0 | AH23: 29.582194 | AK23: Cap: 07-07-2025 & 12-09-2025 & 06-01-2026 & 13-04-2026 | AL23: 0.25 | AM23: 0
A24: 140 | B24: SEDEE-PP-19-0082 | C24: Rehabilitation / Reconstruction of High Enrollment Dangerous Primary / Elementary Schools and Provision of Missing Facilities (C:140.764 + R:3.885) (Revised on 23.05.2024) (SDG#4) | D24: Umerkot | E24: Approved 26.08.21 | F24: June-27 | G24: 144.649 | H24: 77.708 | I24: 30 | J24: 0 | K24: 107.708 | L24: 36.941 | M24: 33.056 | N24: 0 | O24: 33.056 | Z24: 33.056 | AA24: 0 | AB24: 33.056 | AC24: 33.056 | AE24: 33.056 | AF24: 31.53792 | AG24: 0 | AH24: 31.53792 | AK24: Cap: 07-07-2025 & 12-09-2025 & 06-01-2026 & 13-04-2026 | AL24: 0.25 | AM24: 0
A25: 141 | B25: SEDEE-PP-19-0083 | C25: Rehabilitation / Reconstruction of High Enrollment Dangerous Primary / Elementary Schools and Provision of Missing Facilities ( Revised on 22.05.2024) (SDG#4) | D25: Sanghar | E25: Approved 06.10.21 | F25: June-26 | G25: 157.396 | H25: 95.1 | I25: 25 | J25: 0 | K25: 120.1 | L25: 37.296 | M25: 37.296 | N25: 0 | O25: 37.296 | Z25: 37.296 | AA25: 0 | AB25: 37.296 | AC25: 37.296 | AE25: 37.296 | AF25: 37.215475 | AG25: 0 | AH25: 37.215475 | AK25: Cap: 07-07-2025 | AL25: 1 | AM25: 0
A26: 142 | B26: SEDEE-PP-19-0084 | C26: Rehabilitation / Reconstruction of High Enrollment Dangerous Primary / Elementary Schools and Provision of Missing Facilities (SDG#4) | D26: N.Feroze | E26: Approved 06.10.21 | F26: June-26 | G26: 76.755 | H26: 48.147 | I26: 15 | J26: 0 | K26: 63.147 | L26: 13.608 | M26: 13.608 | N26: 0 | O26: 13.608 | Z26: 13.608 | AA26: 0 | AB26: 13.608 | AC26: 13.608 | AE26: 13.608 | AF26: 13.596722 | AG26: 0 | AH26: 13.596722 | AK26: Cap: 07-07-2025 | AL26: 1 | AM26: 0
A27: 143 | B27: SEDEE-PP-19-0085 | C27: Rehabilitation / Reconstruction of High Enrollment Dangerous Primary / Elementary Schools and Provision of Missing Facilities (SDG#4) | D27: Sukkur | E27: Approved 17.09.21 | F27: June-26 | G27: 92.65 | H27: 60.623 | I27: 15 | J27: 0 | K27: 75.623 | L27: 17.027 | M27: 17.027 | N27: 0 | O27: 17.027 | Z27: 17.027 | AA27: 0 | AB27: 17.027 | AC27: 17.027 | AE27: 17.027 | AF27: 17.024173 | AG27: 0 | AH27: 17.024173 | AK27: Cap: 07-07-2025 | AL27: 1 | AM27: 0
A28: 144 | B28: SEDEE-PP-19-0086 | C28: Rehabilitation / Reconstruction of High Enrollment Dangerous Primary / Elementary Schools and Provision of Missing Facilities (SDG#4) | D28: Khairpur | E28: Approved 08.09.21 | F28: June-26 | G28: 98.979 | H28: 66.38 | I28: 15 | J28: 0 | K28: 81.38 | L28: 17.599 | M28: 17.599 | N28: 0 | O28: 17.599 | Z28: 17.599 | AA28: 0 | AB28: 17.599 | AC28: 17.599 | AE28: 17.599 | AF28: 17.591319 | AG28: 0 | AH28: 17.591319 | AK28: Cap: 07-07-2025 | AL28: 1 | AM28: 0
A29: 145 | B29: SEDEE-PP-19-0087 | C29: Rehabilitation / Reconstruction of High Enrollment Dangerous Primary / Elementary Schools and Provision of Missing Facilities (SDG#4) | D29: Ghotki | E29: Approved 06.10.21 | F29: June-26 | G29: 76.954 | H29: 45.63 | I29: 15 | J29: 0 | K29: 60.63 | L29: 16.324 | M29: 16.324 | N29: 0 | O29: 16.324 | Z29: 16.324 | AA29: 0 | AB29: 16.324 | AC29: 16.324 | AE29: 16.324 | AF29: 16.319577 | AG29: 0 | AH29: 16.319577 | AK29: Cap: 07-07-2025 | AL29: 1 | AM29: 0
A30: 146 | B30: SEDEE-PP-19-0090 | C30: Rehabilitation / Reconstruction of High Enrollment Dangerous Primary / Elementary Schools and Provision of Missing Facilities (SDG#4) | D30: Shikarpur | E30: Approved 17.09.21 | F30: June-26 | G30: 63.723 | H30: 23.75 | I30: 15 | J30: 0 | K30: 38.75 | L30: 24.973 | M30: 24.973 | N30: 0 | O30: 24.973 | Z30: 24.973 | AA30: 0 | AB30: 24.973 | AC30: 24.973 | AE30: 24.973 | AF30: 24.971842 | AG30: 0 | AH30: 24.971842 | AK30: Cap: 07-07-2025 | AL30: 1 | AM30: 0
A31: 147 | B31: SEDEE-PP-19-0091 | C31: Rehabilitation / Reconstruction of High Enrollment Dangerous Primary / Elementary Schools and Provision of Missing Facilities (SDG#4) | D31: Kashmore | E31: Approved 06.10.21 (UR) | F31: June-26 | G31: 54.445 | H31: 30.484 | I31: 23.96 | J31: 0 | K31: 54.444 | L31: 0.001 | M31: 0.001 | N31: 0 | O31: 0.001 | Z31: 0.001 | AA31: 0 | AB31: 0.001 | AE31: 0 | AF31: 0 | AG31: 0 | AH31: 0 | AJ31: Under Revision | AL31: 0.25 | AM31: 0
A32: 148 | B32: SEDEE-PP-19-0100 | C32: Up-gradation of Primary Schools to Elementary Schools (04 Units) (C:96.307 + R:13.0) (SDG#4) (Revised on 22.05.2024) | D32: Jamshoro | E32: Approved 17.09.21 | F32: June-27 | G32: 109.307 | H32: 22.404 | I32: 25 | J32: 0 | K32: 47.404 | L32: 61.903 | M32: 15 | N32: 0 | O32: 15 | Z32: 15 | AA32: 0 | AB32: 15 | AC32: 15 | AE32: 15 | AF32: 14.974884 | AG32: 0 | AH32: 14.974884 | AK32: Cap: 07-07-2025 & 12-09-2025 & 06-01-2026 & 13-04-2026 | AL32: 0.25 | AM32: 0
A33: 149 | B33: SEDEE-PP-19-0101 | C33: Up-gradation of Primary Schools to Elementary Schools (04 Units) (C: 58.758 + R: 7.172) (SDG#4) | D33: Dadu | E33: Approved 06.10.21 | F33: June-27 | G33: 65.93 | H33: 33.75 | I33: 15 | J33: 0 | K33: 48.75 | L33: 17.18 | M33: 10.008 | N33: 0 | O33: 10.008 | Z33: 10.008 | AA33: 0 | AB33: 10.008 | AC33: 10.008 | AE33: 10.008 | AF33: 9.09539 | AG33: 0 | AH33: 9.09539 | AK33: Cap: 07-07-2025 & 12-09-2025 & 06-01-2026 & 13-04-2026 | AL33: 0.25 | AM33: 0
A34: 150 | B34: SEDEE-PP-19-0103 | C34: Up-gradation of Primary Schools to Elementary Schools (05 Units) (75.110 + R:12.660) (SDG#4) | D34: Tharparkar | E34: Approved 01.09.21 | F34: June-27 | G34: 87.77 | H34: 52.5 | I34: 15 | J34: 0 | K34: 67.5 | L34: 20.27 | M34: 7.61 | N34: 0 | O34: 7.61 | Z34: 7.61 | AA34: 0 | AB34: 7.61 | AC34: 7.6095 | AE34: 7.6095 | AF34: 7.609113 | AG34: 0 | AH34: 7.609113 | AK34: Cap: 07-07-2025 & 12-09-2025 & 06-01-2026 & 13-04-2026 | AL34: 0.25 | AM34: 0
A35: 151 | B35: SEDEE-PP-19-0105 | C35: Up-gradation of Primary Schools to Elementary Schools (05 Units) (C:69.710 + R:12.660) (SDG#4) | D35: N.Feroze | E35: Approved 17.09.21 | F35: June-27 | G35: 82.37 | H35: 48.25 | I35: 14.95 | J35: 0 | K35: 63.2 | L35: 19.17 | M35: 6.51 | N35: 0 | O35: 6.51 | Z35: 6.51 | AA35: 0 | AB35: 6.51 | AC35: 4.8835 | AE35: 4.8835 | AF35: 4.880959 | AG35: 0 | AH35: 4.880959 | AK35: Cap: 07-07-2025 & Cap: 10-02-2026 & 13-04-2026 | AL35: 0.25 | AM35: 0
A36: 152 | B36: SEDEE-PP-19-0107 | C36: Up-gradation of Primary Schools to Elementary Schools (C:101.444 + R:17.727) (07 Units) (SDG#4) | D36: Khairpur | E36: Approved 09.11.21 | F36: June-27 | G36: 119.168 | H36: 64 | I36: 20 | J36: 0 | K36: 84 | L36: 35.168 | M36: 10 | N36: 0 | O36: 10 | Z36: 10 | AA36: 0 | AB36: 10 | AC36: 5 | AE36: 5 | AF36: 4.998547 | AG36: 0 | AH36: 4.998547 | AK36: Cap: 07-07-2025 & 12-09-2025 | AL36: 0.25 | AM36: 0
A37: 153 | B37: SEDEE-PP-19-0110 | C37: Up-gradation of Primary Schools to Elementary Schools (06 Units) (C:112.877 + R:15.192) (SDG#4) (Revised on 24.04.2025). | D37: Karachi (E) | E37: Approved 06.10.21 | F37: June-27 | G37: 128.069 | H37: 61.25 | I37: 13.233 | J37: 0 | K37: 74.483 | L37: 53.586 | M37: 25 | N37: 0 | O37: 25 | Z37: 25 | AA37: 0 | AB37: 25 | AC37: 18.75 | AE37: 18.75 | AF37: 19.242245 | AG37: 0 | AH37: 19.242245 | AJ37: AA Issued on 14-07-2025 | AK37: Cap: 14-07-2025 & 12-09-2025 & 06-01-2026 | AL37: 0.25 | AM37: 0
A38: 154 | B38: SEDEE-PP-19-0112 | C38: Up-gradation of Primary Schools to Elementary Schools (03 Units) (C:74.582 + R:5.200) (Revised on 20.05.2023)(SDG#4) | D38: Karachi (W) | E38: Approved 17.09.21 | F38: June-27 | G38: 79.782 | H38: 56.51 | I38: 10.987 | J38: 0 | K38: 67.497 | L38: 12.285 | M38: 7.085 | N38: 0 | O38: 7.085 | Z38: 7.085 | AA38: 0 | AB38: 7.085 | AC38: 7.08425 | AE38: 7.08425 | AF38: 7.078043 | AG38: 0 | AH38: 7.078043 | AK38: Cap: 07-07-2025 & 06-11-2025 & 06-01-2026 & 13-04-2026 | AL38: 0.25 | AM38: 0
A39: 155 | B39: SEDEE-PP-19-0113 | C39: Up-gradation of Primary Schools to Elementary Schools (06 Units) (C:160.865 + R:7.100) (SDG#4) (Revised on 28.04.2025). | D39: Karachi (M) | E39: Approved 02.12.21 | F39: June-27 | G39: 167.965 | H39: 48.75 | I39: 31.645 | J39: 0 | K39: 80.395 | L39: 87.57 | M39: 20 | N39: 0 | O39: 20 | Z39: 20 | AA39: 0 | AB39: 20 | AC39: 15 | AE39: 15 | AF39: 14.998163 | AG39: 0 | AH39: 14.998163 | AJ39: AA ISSUED ON 03-07-2025 | AK39: Cap: 07-07-2025 & 06-11-2025 & 06-01-2026 | AL39: 0.25 | AM39: 0
A40: 156 | B40: SEDEE-FP-19-0118 | C40: Sindh Early Learning Enhancement Through Classroom Transformation (SELECT) (US$176.474 million) (Assisted by World Bank / IDA: Rs. 16000.000 (US$100.00) million), GPE. ESPIG: Rs.4798.00 (US$29.9875) million, GPE.MG: Rs. 3964.00 (US$24.775) million & GoS: Rs. 3473.843 (US$21.711) million | D40: Sindh | E40: Approved 06.08.21 | F40: June-26 | G40: 3473.843 | H40: 60.754 | I40: 271 | J40: 0 | K40: 331.754 | L40: 3142.089 | M40: 2242.089 | N40: 900 | O40: 3142.089 | Z40: 2242.089 | AA40: 900 | AB40: 3142.089 | AC40: 2242.0885 | AD40: 356.748 | AE40: 2598.8365 | AF40: 2241.258 | AG40: 312.73052 | AH40: 2553.9886 | AK40: Cap: 07-07-2025 & R: 22-07-2025 cap: & 06-11-2025 & 06-11-2025 & 28-01-2026 | AL40: 0.5 | AM40: 27369.35
A41: 157 | B41: SEDEE-PP-19-0124 | C41: Reconstruction of Existing Primary Schools in UC-2, 5, & 13 of Jamshed Town & UC-18, 20, 23 & 30 of Gulshan-e-Iqbal Town (SDG#4) | D41: Karachi (E) | E41: Approved 09.12.21 | F41: June-27 | G41: 283.5 | H41: 87.583 | I41: 35 | J41: 0 | K41: 122.583 | L41: 160.917 | M41: 20 | N41: 0 | O41: 20 | Z41: 20 | AA41: 0 | AB41: 20 | AC41: 15 | AE41: 15 | AF41: 14.996867 | AG41: 0 | AH41: 14.996867 | AJ41: Un-Satusfactiry on letter datdd 07-11-2025 | AK41: Cap: 07-07-2025 & 12-09-2025 & Cap: 10-02-2026 | AL41: 0.25 | AM41: 0
A42: 158 | B42: SEDEE-PP-19-0125 | C42: Rehabilitation / Reconstruction / Missing Facilities in Existing Primary Schools UC-1, 10, 19, & 11 of Jamshed Town & UC-19, 10 & 18 of Gulshan-e- Iqbal Town (SDG#4) (Revised on 08.05.2025). | D42: Karachi (E) | E42: Approved 23.11.21 | F42: June-27 | G42: 199.033 | H42: 83.1 | I42: 30 | J42: 0 | K42: 113.1 | L42: 85.933 | M42: 20 | N42: 0 | O42: 20 | Z42: 20 | AA42: 0 | AB42: 20 | AC42: 20 | AE42: 20 | AF42: 19.963901 | AG42: 0 | AH42: 19.963901 | AJ42: AA Issued on 14-07-2025 | AK42: Cap: 07-07-2025 & 12-09-2025 & 04-03-2026 &02-04-2026 | AL42: 0.25 | AM42: 0
A43: 159 | B43: SEDEE-PP-22-0034 | C43: Construction of Buildings for Shelterless Primary Schools (05 Units) (SDG#4) | D43: Dadu | E43: Approved 11.11.22 | F43: June-27 | G43: 75 | H43: 5 | I43: 25 | J43: 0 | K43: 30 | L43: 45 | M43: 20 | N43: 0 | O43: 20 | Z43: 20 | AA43: 0 | AB43: 20 | AC43: 20 | AE43: 20 | AF43: 19.999469 | AG43: 0 | AH43: 19.999469 | AK43: Cap: 07-07-2025 & 12-09-2025 & 06-01-2026 & 13-04-2026 | AL43: 0.25 | AM43: 0
A44: 160 | B44: SEDEE-PP-22-0035 | C44: Construction of Buildings for Shelterless Primary Schools (06 Units) (SDG#4) (C:79.866 + R:10.060) | D44: Badin | E44: Approved 11.11.22 | F44: June-27 | G44: 89.926 | H44: 19.5 | I44: 25 | J44: 0 | K44: 44.5 | L44: 45.426 | M44: 15 | N44: 0 | O44: 15 | Z44: 15 | AA44: 0 | AB44: 15 | AC44: 15 | AE44: 15 | AF44: 14.998412 | AG44: 0 | AH44: 14.998412 | AK44: Cap: 07-07-2025 & 06-11-2025 & 06-01-2026 & 13-04-2026 | AL44: 0.25 | AM44: 0
A45: 161 | B45: SEDEE-PP-22-0036 | C45: Construction of Buildings for Shelterless Primary Schools 04 Units) (SDG#4) (C:51.777 + R:8.048) | D45: Thatta | E45: Approved 11.11.22 | F45: June-27 | G45: 59.825 | H45: 11.25 | I45: 20 | J45: 0 | K45: 31.25 | L45: 28.575 | M45: 20 | N45: 0 | O45: 20 | Z45: 20 | AA45: 0 | AB45: 20 | AC45: 20 | AE45: 20 | AF45: 15.192001 | AG45: 0 | AH45: 15.192001 | AK45: Cap: 07-07-2025 & 31-12-2025 & Cap: 10-02-2026 & 13-04-2026 | AL45: 0.25 | AM45: 0
A46: 162 | B46: SEDEE-PP-22-0037 | C46: Construction of Buildings for Shelterless Primary Schools (04 Units) (SDG#4) (C:51.777 + R:6.036). | D46: Sujawal | E46: Approved 17.01.23 | F46: June-27 | G46: 57.813 | H46: 9 | I46: 10 | J46: 0 | K46: 19 | L46: 38.813 | M46: 20 | N46: 0 | O46: 20 | Z46: 20 | AA46: 0 | AB46: 20 | AC46: 10 | AE46: 10 | AF46: 9.995878 | AG46: 0 | AH46: 9.995878 | AK46: Cap: 07-07-2025 & 13-04-2026 | AL46: 0.25 | AM46: 0
A47: 163 | B47: SEDEE-PP-22-0038 | C47: Construction of Buildings for Shelterless Primary Schools (06 Units) (SDG#4) | D47: Mirpurkhas | E47: Approved 11.11.22 | F47: June-27 | G47: 89.793 | H47: 19.5 | I47: 25 | J47: 0 | K47: 44.5 | L47: 45.293 | M47: 20 | N47: 0 | O47: 20 | Z47: 20 | AA47: 0 | AB47: 20 | AC47: 20 | AE47: 20 | AF47: 19.9988 | AG47: 0 | AH47: 19.9988 | AK47: Cap: 07-07-2025 & 12-09-2025 & 06-01-2026 & 13-04-2026 | AL47: 0.25 | AM47: 0
A48: 164 | B48: SEDEE-PP-22-0039 | C48: Construction of Buildings for Shelterless Primary Schools (06 Units) (SDG#4) | D48: Umerkot | E48: Approved 11.11.22 | F48: June-27 | G48: 89.977 | H48: 34.5 | I48: 20 | J48: 0 | K48: 54.5 | L48: 35.477 | M48: 20 | N48: 0 | O48: 20 | Z48: 20 | AA48: 0 | AB48: 20 | AC48: 20 | AE48: 20 | AF48: 19.911473 | AG48: 0 | AH48: 19.911473 | AK48: Cap: 07-07-2025 & 12-09-2025 & 06-01-2026 & 13-04-2026 | AL48: 0.25 | AM48: 0
A49: 165 | B49: SEDEE-PP-22-0040 | C49: Construction of Buildings for Shelterless Primary Schools (06 Units) (SDG#4) | D49: Tharparkar | E49: Approved 11.11.22 | F49: June-27 | G49: 89.961 | H49: 19.5 | I49: 25 | J49: 0 | K49: 44.5 | L49: 45.461 | M49: 20 | N49: 0 | O49: 20 | Z49: 20 | AA49: 0 | AB49: 20 | AC49: 20 | AE49: 20 | AF49: 19.999596 | AG49: 0 | AH49: 19.999596 | AK49: Cap: 07-07-2025 & 12-09-2025 & 06-01-2026 & 13-04-2026 | AL49: 0.25 | AM49: 0
A50: 166 | B50: SEDEE-PP-22-0041 | C50: Construction of Buildings for Shelterless Primary Schools (05 Units) (SDG#4) (C:68.048 + R:8.048) | D50: S.B.A | E50: Approved 03.11.22 | F50: June-27 | G50: 76.514 | H50: 18.75 | I50: 27 | J50: 0 | K50: 45.75 | L50: 30.764 | M50: 15 | N50: 0 | O50: 15 | Z50: 15 | AA50: 0 | AB50: 15 | AC50: 15 | AE50: 15 | AF50: 14.999221 | AG50: 0 | AH50: 14.999221 | AK50: Cap: 07-07-2025 & 06-08-2025 & 12-09-2025 & 13-04-2026 | AL50: 0.25 | AM50: 0
A51: 167 | B51: SEDEE-PP-22-0042 | C51: Construction of Buildings for Shelterless Primary Schools (06 Units) (SDG#4) (C:79.940 + R:10.060) | D51: N.Feroze | E51: Approved 28.12.22 | F51: June-27 | G51: 90 | H51: 15 | I51: 25 | J51: 0 | K51: 40 | L51: 50 | M51: 15 | N51: 0 | O51: 15 | Z51: 15 | AA51: 0 | AB51: 15 | AC51: 15 | AE51: 15 | AF51: 13.934237 | AG51: 0 | AH51: 13.934237 | AK51: Cap: 07-07-2025 & 31-12-2025 & 04-03-2026 & 13-04-2026 | AL51: 0.25 | AM51: 0
A52: 168 | B52: SEDEE-PP-22-0043 | C52: Construction of Buildings for Shelterless Primary Schools (06 Units) (SDG#4) (C:82.998 + R:10.060) | D52: Sanghar | E52: Approved 03.11.22 | F52: June-27 | G52: 93.058 | H52: 24.5 | I52: 25 | J52: 0 | K52: 49.5 | L52: 43.558 | M52: 20 | N52: 0 | O52: 20 | Z52: 20 | AA52: 0 | AB52: 20 | AC52: 20 | AE52: 20 | AF52: 19.44306 | AG52: 0 | AH52: 19.44306 | AK52: Cap: 07-07-2025 & 12-09-2025 & 06-01-2026 & 13-04-2026 | AL52: 0.25 | AM52: 0
A53: 169 | B53: SEDEE-PP-22-0044 | C53: Construction of Buildings for Shelterless Primary Schools 04 Units) (SDG#4) (C:59.587 + R:0.360) | D53: Sukkur | E53: Approved 28.12.22 | F53: June-27 | G53: 59.947 | H53: 11.25 | I53: 20 | J53: 0 | K53: 31.25 | L53: 28.697 | M53: 16.944 | N53: 0 | O53: 16.944 | Z53: 16.944 | AA53: 0 | AB53: 16.944 | AC53: 16.944 | AE53: 16.944 | AF53: 16.9274 | AG53: 0 | AH53: 16.9274 | AK53: Cap: 07-07-2025 & 12-09-2025 & 06-01-2026 & 13-04-2026 | AL53: 0.25 | AM53: 0
A54: 170 | B54: SEDEE-PP-22-0045 | C54: Construction of Buildings for Shelterless Primary Schools (8 Units) (SDG#4) (C:106.274 + R: 10.200). | D54: Khairpur | E54: Approved 28.12.22 | F54: June-27 | G54: 116.474 | H54: 30 | I54: 25 | J54: 0 | K54: 55 | L54: 61.474 | M54: 10 | N54: 0 | O54: 10 | Z54: 10 | AA54: 0 | AB54: 10 | AC54: 10 | AE54: 10 | AF54: 9.997579 | AG54: 0 | AH54: 9.997579 | AK54: Cap: 07-07-2025 & 12-09-2025 & 06-01-2026 & 13-04-2026 | AL54: 0.25 | AM54: 0
... A63: 179 | B63: SEDEE-PP-22-0056 | C63: Rehabilitation / Reconstruction of High Enrollment Dangerous Primary / Elementary Schools and Provision of Missing Facilities (SDG#4) | D63: Jamshoro | E63: Approved 11.11.22 | F63: June-27 | G63: 62.417 | H63: 14.25 | I63: 20 | J63: 35 | K63: 34.25 | L63: 28.167 | M63: 15 | N63: 0 | O63: 15 | Z63: 15 | AA63: 0 | AB63: 15 | AC63: 15 | AE63: 15 | AF63: 14.624641 | AG63: 0 | AH63: 14.624641 | AK63: Cap: 07-07-2025 & 12-09-2025 & 06-01-2026 & 13-04-2026 | AL63: 0.25 | AM63: 0
A64: 180 | B64: SEDEE-PP-22-0057 | C64: Rehabilitation / Reconstruction of High Enrollment Dangerous Primary / Elementary Schools and Provision of Missing Facilities (SDG#4) (Revised on 24.04.2025) | D64: Badin | E64: Approved 11.11.22 | F64: June-27 | G64: 99.113 | H64: 14.75 | I64: 20 | J64: 0 | K64: 34.75 | L64: 64.363 | M64: 19.026 | N64: 0 | O64: 19.026 | Z64: 19.026 | AA64: 0 | AB64: 19.026 | AC64: 14.2705 | AE64: 14.2705 | AF64: 14.161967 | AG64: 0 | AH64: 14.161967 | AJ64: AA ISSUED ON 03-07-2025 | AK64: Cap: 07-07-2025 & 12-09-2025 & 06-01-2026 | AL64: 0.25 | AM64: 0
A65: 181 | B65: SEDEE-PP-22-0058 | C65: Rehabilitation / Reconstruction of High Enrollment Dangerous Primary / Elementary Schools and Provision of Missing Facilities (SDG#4) | D65: Thatta | E65: Approved 05.01.23 | F65: June-26 | G65: 59.781 | H65: 10.703 | I65: 20 | J65: 0 | K65: 30.703 | L65: 29.078 | M65: 29.078 | N65: 0 | O65: 29.078 | Z65: 29.078 | AA65: 0 | AB65: 29.078 | AC65: 29.078 | AE65: 29.078 | AF65: 21.417987 | AG65: 0 | AH65: 21.417987 | AK65: Cap: 07-07-2025 | AL65: 1 | AM65: 0
A66: 182 | B66: SEDEE-PP-22-0059 | C66: Rehabilitation / Reconstruction of High Enrollment Dangerous Primary / Elementary Schools and Provision of Missing Facilities (SDG#4) | D66: Sujawal | E66: Approved 02.01.23 | F66: June-26 | G66: 55.248 | H66: 11.25 | I66: 20 | J66: 0 | K66: 31.25 | L66: 23.998 | M66: 23.998 | N66: 0 | O66: 23.998 | Z66: 23.998 | AA66: 0 | AB66: 23.998 | AC66: 23.998 | AE66: 23.998 | AF66: 23.736957 | AG66: 0 | AH66: 23.736957 | AK66: Cap: 07-07-2025 | AL66: 1 | AM66: 0
A67: 183 | B67: SEDEE-PP-22-0061 | C67: Rehabilitation / Reconstruction of High Enrollment Dangerous Primary / Elementary Schools and Provision of Missing Facilities (SDG#4) (C:67.376 + R:2.616) | D67: Tharparkar | E67: Approved 05.01.23 | F67: June-26 | G67: 69.992 | H67: 15 | I67: 20 | J67: 0 | K67: 35 | L67: 34.992 | M67: 32.376 | N67: 0 | O67: 32.376 | Z67: 32.376 | AA67: 0 | AB67: 32.376 | AC67: 32.376 | AE67: 32.376 | AF67: 32.210018 | AG67: 0 | AH67: 32.210018 | AK67: Cap: 07-07-2025 & 06-11-2025 & 06-01-2026 & 13-04-2026 | AL67: 0.25 | AM67: 0
A68: 184 | B68: SEDEE-PP-22-0062 | C68: Rehabilitation / Reconstruction of High Enrollment Dangerous Primary / Elementary Schools and Provision of Missing Facilities (SDG#4) (C:78.296 + R:1.535). | D68: Umerkot | E68: Approved 05.01.23 | F68: June-26 | G68: 79.831 | H68: 30 | I68: 20 | J68: 0 | K68: 50 | L68: 29.831 | M68: 28.296 | N68: 0 | O68: 28.296 | Z68: 28.296 | AA68: 0 | AB68: 28.296 | AC68: 28.296 | AE68: 28.296 | AF68: 27.993891 | AG68: 0 | AH68: 27.993891 | AK68: Cap: 07-07-2025 & 12-09-2025 & 06-01-2026 & 13-04-2026 | AL68: 0.25 | AM68: 0
A69: 185 | B69: SEDEE-PP-22-0063 | C69: Rehabilitation / Reconstruction of High Enrollment Dangerous Primary / Elementary Schools and Provision of Missing Facilities (SDG#4) | D69: S.B.A | E69: Approved 23.01.23 | F69: June-26 | G69: 69.705 | H69: 15 | I69: 30 | J69: 0 | K69: 45 | L69: 24.705 | M69: 24.705 | N69: 0 | O69: 24.705 | Z69: 24.705 | AA69: 0 | AB69: 24.705 | AC69: 24.705 | AE69: 24.705 | AF69: 24.704219 | AG69: 0 | AH69: 24.704219 | AK69: Cap: 07-07-2025 | AL69: 1 | AM69: 0
A70: 186 | B70: SEDEE-PP-22-0066 | C70: Rehabilitation / Reconstruction of High Enrollment Dangerous Primary / Elementary Schools and Provision of Missing Facilities (SDG#4) (Revised on 08.05.2025). | D70: Sukkur | E70: Approved 28.12.22 | F70: June-27 | G70: 88.534 | H70: 15 | I70: 20 | J70: 0 | K70: 35 | L70: 53.534 | M70: 20 | N70: 0 | O70: 20 | Z70: 20 | AA70: 0 | AB70: 20 | AC70: 15 | AE70: 15 | AF70: 14.960179 | AG70: 0 | AH70: 14.960179 | AJ70: AA Issued on 14-07-2025 | AK70: Cap: 14-07-2025 & 06-11-2025 & 06-01-2026 | AL70: 0.25 | AM70: 0
A71: 187 | B71: SEDEE-PP-22-0067 | C71: Rehabilitation / Reconstruction of High Enrollment Dangerous Primary / Elementary Schools and Provision of Missing Facilities (SDG#4) | D71: Khairpur | E71: Approved 17.01.23 | F71: June-26 | G71: 89.563 | H71: 25 | I71: 25 | J71: 0 | K71: 50 | L71: 39.563 | M71: 39.563 | N71: 0 | O71: 39.563 | Z71: 39.563 | AA71: 0 | AB71: 39.563 | AC71: 39.563 | AE71: 39.563 | AF71: 39.250622 | AG71: 0 | AH71: 39.250622 | AK71: Cap: 07-07-2025 | AL71: 1 | AM71: 0
A72: 188 | B72: SEDEE-PP-22-0068 | C72: Rehabilitation / Reconstruction of High Enrollment Dangerous Primary / Elementary Schools and Provision of Missing Facilities (SDG#4) | D72: Ghotki | E72: Approved 28.12.22 | F72: June-26 | G72: 69.804 | H72: 15 | I72: 20 | J72: 0 | K72: 35 | L72: 34.804 | M72: 34.804 | N72: 0 | O72: 34.804 | Z72: 34.804 | AA72: 0 | AB72: 34.804 | AC72: 34.804 | AE72: 34.804 | AF72: 34.797962 | AG72: 0 | AH72: 34.797962 | AK72: Cap: 07-07-2025 | AL72: 1 | AM72: 0
A73: 189 | B73: SEDEE-PP-22-0069 | C73: Rehabilitation / Reconstruction of High Enrollment Dangerous Primary / Elementary Schools and Provision of Missing Facilities (SDG#4) | D73: Larkano | E73: Approved 28.12.22 | F73: June-27 | G73: 99.995 | H73: 18.75 | I73: 30 | J73: 0 | K73: 48.75 | L73: 51.245 | M73: 15 | N73: 0 | O73: 15 | Z73: 15 | AA73: 0 | AB73: 15 | AC73: 15 | AE73: 15 | AF73: 14.973662 | AG73: 0 | AH73: 14.973662 | AK73: Cap: 07-07-2025 & 12-09-2025 & 06-01-2026 & 13-04-2026 | AL73: 0.25 | AM73: 0
A74: 190 | B74: SEDEE-PP-22-0070 | C74: Rehabilitation / Reconstruction of High Enrollment Dangerous Primary / Elementary Schools and Provision of Missing Facilities (SDG#4) | D74: Kamber | E74: Approved 28.12.22 | F74: June-26 | G74: 69.294 | H74: 15 | I74: 20 | J74: 0 | K74: 35 | L74: 34.294 | M74: 34.294 | N74: 0 | O74: 34.294 | Z74: 34.294 | AA74: 0 | AB74: 34.294 | AC74: 34.294 | AE74: 34.294 | AF74: 33.738838 | AG74: 0 | AH74: 33.738838 | AK74: Cap: 07-07-2025 | AL74: 1 | AM74: 0
A75: 191 | B75: SEDEE-PP-22-0071 | C75: Rehabilitation / Reconstruction of High Enrollment Dangerous Primary / Elementary Schools and Provision of Missing Facilities (SDG#4) | D75: Shikarpur | E75: Approved 23.01.23 | F75: June-26 | G75: 59.845 | H75: 15 | I75: 15 | J75: 0 | K75: 30 | L75: 29.845 | M75: 29.845 | N75: 0 | O75: 29.845 | Z75: 29.845 | AA75: 0 | AB75: 29.845 | AC75: 29.845 | AE75: 29.845 | AF75: 29.429698 | AG75: 0 | AH75: 29.429698 | AK75: Cap: 07-07-2025 | AL75: 1 | AM75: 0
A76: 192 | B76: SEDEE-PP-22-0072 | C76: Rehabilitation / Reconstruction of High Enrollment Dangerous Primary / Elementary Schools and Provision of Missing Facilities (SDG#4) | D76: Kashmore | E76: Approved 13.02.23 | F76: June-26 | G76: 59.963 | H76: 15 | I76: 33.467 | J76: 0 | K76: 48.467 | L76: 11.496 | M76: 11.496 | N76: 0 | O76: 11.496 | Z76: 11.496 | AA76: 0 | AB76: 11.496 | AC76: 11.496 | AE76: 11.496 | AF76: 14.059898 | AG76: 0 | AH76: 14.059898 | AK76: Cap: 07-07-2025 | AL76: 1 | AM76: 0
A77: 193 | B77: SEDEE-PP-22-0073 | C77: Rehabilitation / Reconstruction of High Enrollment Dangerous Primary / Elementary Schools and Provision of Missing Facilities (SDG#4) | D77: Jacobabad | E77: Approved 16.01.23 | F77: June-26 | G77: 59.697 | H77: 16.5 | I77: 15 | J77: 0 | K77: 31.5 | L77: 28.197 | M77: 28.197 | N77: 0 | O77: 28.197 | Z77: 28.197 | AA77: 0 | AB77: 28.197 | AC77: 28.197 | AE77: 28.197 | AF77: 28.183721 | AG77: 0 | AH77: 28.183721 | AJ77: Un-Satisfactory on File 27-06-2026 | AK77: Cap: 07-07-2025 | AL77: 1 | AM77: 0
A78: 194 | B78: SEDEE-PP-22-0074 | C78: Rehabilitation / Reconstruction of High Enrollment Dangerous Primary / Elementary Schools and Provision of Missing Facilities (SDG#4) | D78: Karachi (Kor) | E78: Approved 09.11.22 | F78: June-26 | G78: 59.67 | H78: 15 | I78: 20 | J78: 0 | K78: 35 | L78: 24.67 | M78: 24.67 | N78: 0 | O78: 24.67 | Z78: 24.67 | AA78: 0 | AB78: 24.67 | AC78: 24.67 | AE78: 24.67 | AF78: 24.669704 | AG78: 0 | AH78: 24.669704 | AK78: Cap: 07-07-2025 | AL78: 1 | AM78: 0
A79: 195 | B79: SEDEE-PP-22-0075 | C79: Rehabilitation / Reconstruction of High Enrollment Dangerous Primary / Elementary Schools and Provision of Missing Facilities (SDG#4) (Revised on 06.05.2025). | D79: Karachi (E) | E79: Approved 09.11.22 | F79: June-27 | G79: 168.266 | H79: 8 | I79: 20 | J79: 0 | K79: 28 | L79: 140.266 | M79: 20 | N79: 0 | O79: 20 | Z79: 20 | AA79: 0 | AB79: 20 | AC79: 15 | AE79: 15 | AF79: 14.995128 | AG79: 0 | AH79: 14.995128 | AJ79: AA Issued on 14-07-2025 | AK79: Cap: 07-07-2025 & 12-09-2025 & 06-01-2026 | AL79: 0.25 | AM79: 0
A80: 196 | B80: SEDEE-PP-22-0076 | C80: Rehabilitation / Reconstruction of High Enrollment Dangerous Primary / Elementary Schools and Provision of Missing Facilities (SDG#4) (Revised on 06.05.2025). | D80: Karachi (W) | E80: Approved 09.11.22 | F80: June-26 | G80: 78.394 | H80: 25.5 | I80: 20 | J80: 0 | K80: 45.5 | L80: 32.894 | M80: 32.894 | N80: 0 | O80: 32.894 | Z80: 32.894 | AA80: 0 | AB80: 32.894 | AC80: 32.894 | AE80: 32.894 | AF80: 32.893164 | AG80: 0 | AH80: 32.893164 | AJ80: AA ISSUED ON 03-07-2025 | AK80: Cap: 07-07-2025 | AL80: 1 | AM80: 0
A81: 197 | B81: SEDEE-PP-22-0077 | C81: Rehabilitation / Reconstruction of High Enrollment Dangerous Primary / Elementary Schools and Provision of Missing Facilities (SDG#4) (Revised on 07.05.2025). | D81: Karachi (C) | E81: Approved 09.11.22 | F81: June-27 | G81: 116.59 | H81: 25.5 | I81: 20 | J81: 0 | K81: 45.5 | L81: 71.09 | M81: 25 | N81: 0 | O81: 25 | Z81: 25 | AA81: 0 | AB81: 25 | AC81: 18.75 | AE81: 18.75 | AF81: 18.745121 | AG81: 0 | AH81: 18.745121 | AJ81: AA Issued on 14-07-2025 | AK81: Cap: 14-07-2025 & 12-09-2025 & 06-01-2026 | AL81: 0.25 | AM81: 0
A82: 198 | B82: SEDEE-PP-22-0078 | C82: Rehabilitation / Reconstruction of High Enrollment Dangerous Primary / Elementary Schools and Provision of Missing Facilities (i) GGPS Gino G. Allana (ii) GBPS Urdu Qurtaba Saddar (iii) GBPS Allama Iqbal Lyari (vi) GBPS Islamia Kalri (v) GBPS Railway Feeder No. 1 Saddar (SDG#4) (05 Units). (SDG#4) (Revised on 06.05.2025). | D82: Karachi (S) | E82: Approved 09.11.22 | F82: June-27 | G82: 93.024 | H82: 25.5 | I82: 25 | J82: 0 | K82: 50.5 | L82: 42.524 | M82: 20 | N82: 0 | O82: 20 | Z82: 20 | AA82: 0 | AB82: 20 | AC82: 10 | AE82: 10 | AF82: 9.879444 | AG82: 0 | AH82: 9.879444 | AJ82: AA Issued on 14-07-2025 | AK82: Cap: 07-07-2025 & 31-12-2025 | AL82: 0.25 | AM82: 0
A83: 199 | B83: SEDEE-PP-22-0079 | C83: Rehabilitation / Reconstruction of High Enrollment Dangerous Primary / Elementary Schools and Provision of Missing Facilities (SDG#4) (Revised on 28.04.2025). | D83: Karachi (M) | E83: Approved 09.11.22 | F83: June-27 | G83: 135.152 | H83: 18.5 | I83: 20 | J83: 0 | K83: 38.5 | L83: 96.652 | M83: 20 | N83: 0 | O83: 20 | Z83: 20 | AA83: 0 | AB83: 20 | AC83: 15 | AE83: 15 | AF83: 14.98481 | AG83: 0 | AH83: 14.98481 | AJ83: AA Issued on 14-07-2025 | AK83: Cap: 14-07-2025 & 12-09-2025 & 06-01-2026 | AL83: 0.25 | AM83: 0
A84: 200 | B84: SEDEE-PP-22-0081 | C84: Up-gradation of Primary Schools to Elementary Schools with allied facilities (08 Units) (SDG#4) (C:140.765 + R:19.158). | D84: Hyderabad | E84: Approved 23.12.22 | F84: June-27 | G84: 159.923 | H84: 22.5 | I84: 27.485 | J84: 0 | K84: 49.985 | L84: 109.938 | M84: 30 | N84: 0 | O84: 30 | Z84: 30 | AA84: 0 | AB84: 30 | AC84: 30 | AE84: 30 | AF84: 29.945894 | AG84: 0 | AH84: 29.945894 | AK84: Cap: 07-07-2025 & 31-12-2025 & Cap: 10-02-2026 & 13-04-2026 | AL84: 0.25 | AM84: 0
A85: 201 | B85: SEDEE-PP-22-0082 | C85: Up-gradation of Primary Schools to Elementary Schools with allied facilities (05 Units) (SDG#4) (C:87.212 + R:12.772) | D85: T.A.Yar | E85: Approved 02.01.23 | F85: June-27 | G85: 99.984 | H85: 17.5 | I85: 30 | J85: 0 | K85: 47.5 | L85: 52.484 | M85: 20 | N85: 0 | O85: 20 | Z85: 20 | AA85: 0 | AB85: 20 | AC85: 20 | AE85: 20 | AF85: 19.714737 | AG85: 0 | AH85: 19.714737 | AK85: Cap: 07-07-2025 & 12-09-2025 & 06-01-2026 & 13-04-2026 | AL85: 0.25 | AM85: 0
A86: 202 | B86: SEDEE-PP-22-0083 | C86: Up-gradation of Primary Schools to Elementary Schools of Taluka Kotri, Sehwan, Manjhand and Thano Bola Khan, District Jamshoro with allied facilities (12 Units) (SDG#4) (C:267.513 + R:32.460). | D86: Jamshoro | E86: Approved 11.01.23 | F86: June-27 | G86: 299.973 | H86: 30 | I86: 45 | J86: 0 | K86: 75 | L86: 224.973 | M86: 84.524 | N86: 0 | O86: 84.524 | Z86: 84.524 | AA86: 0 | AB86: 84.524 | AC86: 84.524 | AE86: 84.524 | AF86: 84.521892 | AG86: 0 | AH86: 84.521892 | AK86: Cap: 07-07-2025 & 12-09-2025 & 06-01-2026 & 13-04-2026 | AL86: 0.25 | AM86: 0
A87: 203 | B87: SEDEE-PP-22-0084 | C87: Up-gradation of Primary Schools to Elementary Schools with allied facilities (08 Units) (SDG#4) (c:141.064 + r:18.935). | D87: Dadu | E87: Approved 17.01.23 | F87: June-27 | G87: 159.999 | H87: 22.5 | I87: 27.5 | J87: 0 | K87: 50 | L87: 109.999 | M87: 25 | N87: 0 | O87: 25 | Z87: 25 | AA87: 0 | AB87: 25 | AC87: 25 | AE87: 25 | AF87: 24.999983 | AG87: 0 | AH87: 24.999983 | AK87: Cap: 07-07-2025 & 12-09-2025 & 06-01-2026 & 13-04-2026 | AL87: 0.25 | AM87: 0
A88: 204 | B88: SEDEE-PP-22-0085 | C88: Up-gradation of Primary Schools to Elementary Schools of Taluka Umerkot, Samaro and Pithoro, District Umerkot with allied facilities (20 Units) (SDG#4) (C:436.117 + R:63.860). | D88: Umerkot | E88: Approved 11.01.23 | F88: June-27 | G88: 499.977 | H88: 100 | I88: 79.995 | J88: 0 | K88: 179.995 | L88: 319.982 | M88: 60 | N88: 0 | O88: 60 | Z88: 60 | AA88: 0 | AB88: 60 | AC88: 60 | AE88: 60 | AF88: 59.990831 | AG88: 0 | AH88: 59.990831 | AK88: Cap: 07-07-2025& 12-09-2025 & 06-01-2026 & 13-04-2026 | AL88: 0.25 | AM88: 0
A89: 205 | B89: SEDEE-PP-22-0086 | C89: Up-gradation of Primary Schools to Elementary Schools with allied facilities (15 Units) (SDG#4) (C:261.574 + R:38.316). | D89: Tharparkar | E89: Approved 30.11.22 | F89: June-27 | G89: 299.89 | H89: 12.5 | I89: 57.478 | J89: 0 | K89: 69.978 | L89: 229.912 | M89: 35 | N89: 0 | O89: 35 | Z89: 35 | AA89: 0 | AB89: 35 | AC89: 35 | AE89: 35 | AF89: 34.922643 | AG89: 0 | AH89: 34.922643 | AK89: Cap: 07-07-2025 & 06-01-2026 & Cap: 10-02-2026 & 13-04-2026 | AL89: 0.25 | AM89: 0
A90: 206 | B90: SEDEE-PP-22-0087 | C90: Up-gradation of Primary Schools to Elementary Schools of Taluka Daur, Nawabshah, Sakrand & Qazi Ahmed, District Shaheed Benazirabad with Allied Facilities (18 Units) (SDG#4) (C:349.384 + R:45.576). | D90: S.B.A | E90: Approved 11.01.23 | F90: June-27 | G90: 394.76 | H90: 60 | I90: 81.952 | J90: 0 | K90: 141.952 | L90: 252.808 | M90: 30 | N90: 0 | O90: 30 | Z90: 30 | AA90: 0 | AB90: 30 | AC90: 30 | AE90: 30 | AF90: 29.991238 | AG90: 0 | AH90: 29.991238 | AK90: Cap: 07-07-2025 & 06-08-2025 & 12-09-2025 & 13-04-2026 | AL90: 0.25 | AM90: 0
A91: 207 | B91: SEDEE-PP-22-0088 | C91: Up-gradation of Primary Schools to Elementary Schools with allied facilities (08 Units) (SDG#4) (C:142.876 + R:17.124) | D91: N.Feroze | E91: Approved 28.12.22 | F91: June-27 | G91: 160 | H91: 22.5 | I91: 27.5 | J91: 0 | K91: 50 | L91: 110 | M91: 20 | N91: 0 | O91: 20 | Z91: 20 | AA91: 0 | AB91: 20 | AC91: 15 | AE91: 15 | AF91: 14.954787 | AG91: 0 | AH91: 14.954787 | AK91: Cap: 19-09-2025 & 31-12-2025 & 04-03-2026 | AL91: 0.25 | AM91: 0
A92: 208 | B92: SEDEE-PP-22-0089 | C92: Up-gradation of Primary Schools to Elementary Schools with allied facilities (08 Units) (SDG#4) (C:136.170 + R: 19.158) | D92: Sukkur | E92: Approved 28.12.22 | F92: June-27 | G92: 155.328 | H92: 15 | I92: 28.065 | J92: 0 | K92: 43.065 | L92: 112.263 | M92: 15 | N92: 0 | O92: 15 | Z92: 15 | AA92: 0 | AB92: 15 | AC92: 15 | AE92: 15 | AF92: 14.853019 | AG92: 0 | AH92: 14.853019 | AK92: Cap: 07-07-2025 & 12-09-2025 & 06-01-2026 & 13-04-2026 | AL92: 0.25 | AM92: 0
A93: 209 | B93: SEDEE-PP-22-0090 | C93: Up-gradation of Primary Schools to Elementary Schools with allied facilities (15 Units) (SDG#4) (c:264.079 + R: 35.916). | D93: Khairpur | E93: Approved 30.11.22 | F93: June-27 | G93: 299.995 | H93: 45 | I93: 51 | J93: 0 | K93: 96 | L93: 203.995 | M93: 25 | N93: 0 | O93: 25 | Z93: 25 | AA93: 0 | AB93: 25 | AC93: 25 | AE93: 25 | AF93: 24.999519 | AG93: 0 | AH93: 24.999519 | AK93: Cap: 07-07-2025 & 12-09-2025 & 06-01-2026 & 13-04-2026 | AL93: 0.25 | AM93: 0
A94: 210 | B94: SEDEE-PP-22-0091 | C94: Up-gradation of Primary Schools to Elementary Schools of Taluka Larkano, Ratodero and Bakrani of District Larkano with allied facilities (10 Units) (SDG#4) (C:208.010 + R:31.930). | D94: Larkano | E94: Approved 11.01.23 | F94: June-27 | G94: 239.94 | H94: 37.5 | I94: 40.488 | J94: 0 | K94: 77.988 | L94: 161.952 | M94: 15 | N94: 0 | O94: 15 | Z94: 15 | AA94: 0 | AB94: 15 | AC94: 15 | AE94: 15 | AF94: 14.998873 | AG94: 0 | AH94: 14.998873 | AK94: Cap: 07-07-2025 & 12-09-2025 & 06-01-2026 & 13-04-2026 | AL94: 0.25 | AM94: 0
A95: 211 | B95: SEDEE-PP-22-0092 | C95: Up-gradation of Primary Schools to Elementary Schools with allied facilities (05 Units) (SDG#4) (C:145.161 + R:10.128) (Revised on 25.04.2025). | D95: Karachi (E) | E95: Approved 26.12.22 | F95: June-27 | G95: 155.289 | H95: 15 | I95: 42.413 | J95: 0 | K95: 57.413 | L95: 97.876 | M95: 20 | N95: 0 | O95: 20 | Z95: 20 | AA95: 0 | AB95: 20 | AC95: 15 | AE95: 15 | AF95: 14.990622 | AG95: 0 | AH95: 14.990622 | AJ95: AA ISSUED ON 03-07-2025 | AK95: Cap: 07-07-2025 & 12-09-2025. & 06-01-2026 | AL95: 0.25 | AM95: 0
A96: 212 | B96: SEDEE-PP-22-0093 | C96: Up-gradation of Primary Schools to Elementary Schools with allied facilities (05 Units) (SDG#4) (C:163.660 + R:15.965) (Revised on 25.04.2025). | D96: Karachi (C) | E96: Approved 26.12.22 | F96: June-27 | G96: 179.625 | H96: 35 | I96: 32.36 | J96: 0 | K96: 67.36 | L96: 112.265 | M96: 25 | N96: 0 | O96: 25 | Z96: 25 | AA96: 0 | AB96: 25 | AC96: 18.75 | AE96: 18.75 | AF96: 18.793278 | AG96: 0 | AH96: 18.793278 | AJ96: Un-Satisfacotry on letter dated 37-01-2026 | AK96: Cap: 07-07-2025 & 12-09-2025 & 06-01-2026 | AL96: 0.25 | AM96: 0
A97: 213 | B97: SEDEE-PP-22-0094 | C97: Up-gradation of Primary Schools to Elementary Schools with allied facilities (05 Units) (SDG#4) (C:181.738 +R:12.660) (Revised on 07.05.2025). | D97: Karachi (W) | E97: Approved 26.12.22 | F97: June-27 | G97: 194.398 | H97: 35 | I97: 32.27 | J97: 0 | K97: 67.27 | L97: 127.128 | M97: 40 | N97: 0 | O97: 40 | Z97: 40 | AA97: 0 | AB97: 40 | AC97: 30 | AE97: 30 | AF97: 29.996784 | AG97: 0 | AH97: 29.996784 | AJ97: AA ISSUED ON 03-07-2025 | AK97: Cap: 07-07-2025 & 06-11-2025 & 06-01-2026 | AL97: 0.25 | AM97: 0
A98: 214 | B98: SEDEE-PP-22-0095 | C98: Up-gradation of Primary Schools to Elementary Schools with allied facilities (10 Units) (SDG#4) (C:174.162 + R:25.320) | D98: Karachi (M) | E98: Approved 04.01.23 | F98: June-27 | G98: 199.482 | H98: 35 | I98: 32.896 | J98: 0 | K98: 67.896 | L98: 131.586 | M98: 25 | N98: 0 | O98: 25 | Z98: 25 | AA98: 0 | AB98: 25 | AC98: 25 | AE98: 25 | AF98: 24.995953 | AG98: 0 | AH98: 24.995953 | AK98: Cap: 07-07-2025 & 06-11-2025 & 06-01-2026 & 13-04-2026 | AL98: 0.25 | AM98: 0
A99: 215 | B99: SEDEE-PP-22-0096 | C99: Up-gradation of Primary Schools to Elementary Schools with allied facilities (06 Units) (SDG#4) (C:89.460 + R:12.772) | D99: Karachi (Kor) | E99: Approved 26.12.22 | F99: June-27 | G99: 102.232 | H99: 22.5 | I99: 39.866 | J99: 0 | K99: 62.366 | L99: 39.866 | M99: 20 | N99: 0 | O99: 20 | Z99: 20 | AA99: 0 | AB99: 20 | AC99: 20 | AE99: 20 | AF99: 19.987979 | AG99: 0 | AH99: 19.987979 | AK99: Cap: 07-07-2025 & 12-09-2025 & 06-01-2026 & 13-04-2026 | AL99: 0.25 | AM99: 0
A100: 216 | B100: SEDEE-PP-22-0097 | C100: Up-gradation of Primary Schools to Elementary Schools with allied facilities (05 Units) (SDG#4) (C:188.119 + R:10.128) (Revised on 07.05.2025). | D100: Karachi (Kea) | E100: Approved 26.12.22 | F100: June-27 | G100: 198.247 | H100: 27.5 | I100: 36.244 | J100: 0 | K100: 63.744 | L100: 134.503 | M100: 40 | N100: 0 | O100: 40 | Z100: 40 | AA100: 0 | AB100: 40 | AC100: 30 | AE100: 30 | AF100: 23.998627 | AG100: 0 | AH100: 23.998627 | AJ100: AA Issued on 14-07-2025 | AK100: Cap: 07-07-2025 & 06-11-2025 & 06-01-2026 | AL100: 0.25 | AM100: 0
A101: 217 | B101: SEDEE-PP-22-0098 | C101: Construction of Early Childhood Education Class Rooms in Existing Primary Schools (SDG#4) (c:81.292 + R:8.680). | D101: Hyderabad | E101: Approved 02.01.23 | F101: June-27 | G101: 89.972 | H101: 10 | I101: 35 | J101: 0 | K101: 45 | L101: 44.972 | M101: 25 | N101: 0 | O101: 25 | Z101: 25 | AA101: 0 | AB101: 25 | AC101: 18.75 | AE101: 18.75 | AF101: 17.663298 | AG101: 0 | AH101: 17.663298 | AK101: Cap: 07-07-2025 & 31-12-2025 & 04-03-2026 | AL101: 0.25 | AM101: 0
A102: 218 | B102: SEDEE-PP-22-0102 | C102: Construction of Early Childhood Education Class Rooms in Existing Primary Schools (SDG#4) (C:46.389 + R:12.753). | D102: Larkano | E102: Approved 03.11.22 | F102: June-27 | G102: 59.142 | H102: 3.75 | I102: 27.696 | J102: 0 | K102: 31.446 | L102: 27.696 | M102: 14.943 | N102: 0 | O102: 14.943 | Z102: 14.943 | AA102: 0 | AB102: 14.943 | AC102: 14.94275 | AE102: 14.94275 | AF102: 14.200853 | AG102: 0 | AH102: 14.200853 | AK102: Cap: 07-07-2025 & 06-11-2025 V& Cap: 10-02-2026 & 13-04-2026 | AL102: 0.25 | AM102: 0
A103: 219 | B103: SEDEE-PP-23-0004 | C103: Construction of Building for Shelterless Primary Schools i. GBPS Imam Bux Zardari ii. GBPS Samoon Sand (02 Units) (SDG#4) (Revised on 08.05.2025). | D103: Matiari | E103: Approved 11.03.24 | F103: June-26 | G103: 35.887 | H103: 0 | I103: 22.773 | J103: 0 | K103: 22.773 | L103: 13.114 | M103: 13.114 | N103: 0 | O103: 13.114 | Z103: 13.114 | AA103: 0 | AB103: 13.114 | AC103: 13.114 | AE103: 13.114 | AF103: 13.110739 | AG103: 0 | AH103: 13.110739 | AJ103: AA Issued on 14-07-2025 | AK103: Cap: 07-07-2025 | AL103: 1 | AM103: 0
A104: 220 | B104: SEDEE-PP-23-0005 | C104: Construction of Building for Shelterless Primary Schools (i) GBPS Buxial Khan Leghari (ii) GBPS Bagri Colony Manjhand (iii) GBPS Muslim III Sehwan (03 Units) (SDG#4) (Revised on 25.04.2025).. | D104: Jamshoro | E104: Approved 21.03.24 | F104: June-26 | G104: 47.032 | H104: 0 | I104: 34.484 | J104: 0 | K104: 34.484 | L104: 12.548 | M104: 12.548 | N104: 0 | O104: 12.548 | Z104: 12.548 | AA104: 0 | AB104: 12.548 | AC104: 12.548 | AE104: 12.548 | AF104: 12.313151 | AG104: 0 | AH104: 12.313151 | AJ104: AA Issued on 14-07-2025 | AK104: Cap: 07-07-2025 | AL104: 1 | AM104: 0
A105: 221 | B105: SEDEE-PP-23-0006 | C105: Construction of Building for Shelterless Primary Schools i. GBPS Abdullah Panhwar (01 Unit) (SDG#4) (Revised on 07.05.2025). | D105: Dadu | E105: Approved 21.03.24 | F105: June-26 | G105: 15.539 | H105: 0 | I105: 11.011 | J105: 0 | K105: 11.011 | L105: 4.528 | M105: 4.528 | N105: 0 | O105: 4.528 | Z105: 4.528 | AA105: 0 | AB105: 4.528 | AC105: 4.528 | AE105: 4.528 | AF105: 4.516023 | AG105: 0 | AH105: 4.516023 | AJ105: AA Issued on 14-07-2025 | AK105: Cap: 14-07-2025 | AL105: 1 | AM105: 0
A106: 222 | B106: SEDEE-PP-23-0007 | C106: Construction of Building for Shelterless Primary Schools i. GBPS Misri Mallah ii. GBPS Ramzan Khan Nizamani iii. GBPS Chutto Mallah iv. GBPS Mohammad Rahim Rind (v) GBPS Ajaib Junejo (05 Units) (SDG#4). | D106: Badin | E106: Approved 11.03.24 | F106: June-27 | G106: 57.218 | H106: 0 | I106: 23 | J106: 0 | K106: 23 | L106: 34.218 | M106: 20 | N106: 0 | O106: 20 | Z106: 20 | AA106: 0 | AB106: 20 | AC106: 15 | AE106: 15 | AF106: 14.133178 | AG106: 0 | AH106: 14.133178 | AK106: Cap: 07-07-2025 & 12-09-2025 & 06-01-2026 | AL106: 0.25 | AM106: 0
A107: 223 | B107: SEDEE-PP-23-0011 | C107: Construction Two Roomed Building for Shelterless Primary Schools (22 Units) 1.GBPS Nazir Mughal 2. GBPS Mir Mohammad Talpur 3. GBPS Kanji Ram Khatri 4. GBPS Rahoomabad 5. GBPS Mubarik Panhwar @ Mubarik Rahimoon 6. GGPS Anwer Din Sand 7. GBPS Ch: Khalid Majeed 8. GBPS Nazir Ahmed Bhurgari 9. GPS Partab Malhi 10. GBPS Hema Ram Colony 11. GGPS Ch: Bashir Ahmed 12. GBPS Mithu Samejo 13. GBPS Dholo Oad @ Zero Point 14. GBPS Ahmedabad 15. GGPS Nawab Abad 16. GGPS Dhalu Jo Tar 17. GGPS Muhamamd Rahim Kumbhar 18. GPS Timoon Khaskheli 19. GPS Kenhro Bheel 20. GPS Islamdin Kumbhar @ Menghwar Paro Jewan Colony 21. GBPS Mureed Bheel 22. GGPS Mohammad Ibrahim Ghiskori. (22 Units) (SDG#4) | D107: Umerkot | E107: Approved 11.03.24 | F107: June-27 | G107: 159.854 | H107: 0 | I107: 31.97 | J107: 0 | K107: 31.97 | L107: 127.884 | M107: 15 | N107: 0 | O107: 15 | Z107: 15 | AA107: 0 | AB107: 15 | AC107: 15 | AE107: 15 | AF107: 14.779948 | AG107: 0 | AH107: 14.779948 | AK107: Cap: 07-07-2025 & 12-09-2025 & 06-01-2026 & 13-04-2026 | AL107: 0.25 | AM107: 0
A108: 224 | B108: SEDEE-PP-23-0016 | C108: Construction of Building for Shelterless Primary Schools 1. GBPS Dargah Noorpur Sharif 2. GPS Sher Muhammad Khokhar (02 Units) (SDG#4) (Revised on 25.04.2025). | D108: Sukkur | E108: Approved 11.03.24 | F108: June-26 | G108: 34.279 | H108: 0 | I108: 22.939 | J108: 0 | K108: 22.939 | L108: 11.34 | M108: 11.34 | N108: 0 | O108: 11.34 | Z108: 11.34 | AA108: 0 | AB108: 11.34 | AC108: 11.34 | AE108: 11.34 | AF108: 11.326619 | AG108: 0 | AH108: 11.326619 | AJ108: AA ISSUED ON 03-07-2025 | AK108: Cap: 07-07-2025 | AL108: 1 | AM108: 0
...

Sheet Energy
A1: PROVINCIAL
A2: ENERGY DEPARTMENT
AK3: Rs in Million
A4: Gen. Sr. No. | B4: UID | C4: Sector / Sub-sector / Name of Scheme | D4: Location of Scheme/ District | E4: Status Date of Approval | F4: Target Date for Comple-tion | G4: Estimated Cost | H4: Actual Exp: upto June, 24 | I4: Revised Allocation 2024-25 | K4: Estimated Expendit-ure upto June' 25 | L4: Throw for- ward as on 01-07-25 | M4: Allocation for 2025-26 | P4: Re-Appropration 2025-26 | T4: Out Side Budget | V4: Overall Saving | X4: Surrender | Z4: Modify Budget 2025-26 | AC4: Release 2025-26 | AF4: Expenditure | AI4: Assignment Account | AJ4: Remarks | AK4: Date of Releases | AL4: Status | AM4: FPA
P5: Capital | Q5: Capital | R5: Revenue | S5: Revenue
I6: Total | J6: F.P.A. | M6: Capital | N6: Revenue | O6: Total | P6: Addition | Q6: Deduction | R6: Addition | S6: Deduction | T6: Capital | U6: Revenue | V6: Capital | W6: Revenue | X6: Capital | Y6: Revenue | Z6: Capital | AA6: Revenue | AB6: Total | AC6: Capital | AD6: Revenue | AE6: Total | AF6: Capital | AG6: Revenue | AH6: Total
A7: 1 | B7: 2 | C7: 3 | D7: 4 | E7: 5 | F7: 6 | G7: 7 | H7: 8 | I7: 9 | J7: 10 | K7: 11 | L7: 12 | M7: 13 | N7: 14 | O7: 15 | P7: 16 | Q7: 17 | R7: 18 | S7: 19 | T7: 20 | U7: 21 | V7: 22 | W7: 23 | X7: 24 | Y7: 25 | Z7: 10 | AA7: 11 | AB7: 12 | AC7: 9 | AD7: 10 | AE7: 11 | AF7: 12 | AG7: 13 | AH7: 14 | AI7: 15 | AJ7: 15 | AK7: 16 | AL7: 17 | AM7: 16
C9: ENERGY
C10: (On-Going Schemes)
A11: 846 | B11: ENDEN-FP-18-0007 | C11: Sindh Solar Energy Project(SSEP) (Total Est: Cost Rs.27,418.13 M including Rs.24.265.77 M as FEC) (World Bank, Rs.26,864.12M GoS Rs.554.01 M) Revised on 11-7-23 | D11: Sindh | E11: Approved ECNEC 14.11.18 (U/R) | F11: June-26 | G11: 554.01 | H11: 372.836 | I11: 136.934 | J11: 17626.6 | K11: 509.77 | L11: 44.24 | M11: 0 | N11: 44.24 | O11: 44.24 | Y11: 19.405 | Z11: 0 | AA11: 24.835 | AB11: 24.835 | AD11: 24.835 | AE11: 24.835 | AF11: 0 | AG11: 24.395803 | AH11: 24.395803 | AJ11: Un-Satisfactory on P&D Film Un-Satisfactory on P&D letter dated 12-12-2025 (Rs. 19.405 (M) Surrenderr by AD dated 16-4-2026 | AK11: R: 24-07-2025 & 03-10-2025 | AL11: 0.25 | AM11: 1160
A12: 847 | B12: ENDEN-PP-22-0333 | C12: Pilot project for installation of Wind and Solar potential measuring masts at 13 different locations in Sindh | D12: Badin, Sujawal, Thatta & Tharparkar | E12: Approved 05.12.22 | F12: June-26 | G12: 129.999 | H12: 106.935 | I12: 0.3 | J12: 0 | K12: 107.235 | L12: 22.764 | M12: 0 | N12: 22.478 | O12: 22.478 | Z12: 0 | AA12: 22.478 | AB12: 22.478 | AE12: 0 | AF12: 0 | AG12: 0 | AH12: 0 | AJ12: Un-Satisfactory | AL12: 0.25 | AM12: 0
A13: 848 | B13: ENDEN-PP-22-0339 | C13: Electrification of Schools through Solar PV Technology, District Tharparkar | D13: Tharparkar | E13: Approved 22.02.23 | F13: June-26 | G13: 250 | H13: 77.113 | I13: 60 | J13: 0 | K13: 137.113 | L13: 112.887 | M13: 0 | N13: 112.887 | O13: 112.887 | Z13: 0 | AA13: 112.887 | AB13: 112.887 | AD13: 56.4435 | AE13: 56.4435 | AF13: 0 | AG13: 56.117 | AH13: 56.117 | AK13: R: 07-08-2025 | AL13: 0.5 | AM13: 0
A14: 849 | B14: ENDEN-PP-22-0340 | C14: Electrification of Schools through Solar PV Technology, District Umerkot. | D14: Umerkot | E14: Approved 01.02.23 | F14: June-26 | G14: 249.916 | H14: 77.57 | I14: 55 | J14: 0 | K14: 132.57 | L14: 117.346 | M14: 0 | N14: 117.346 | O14: 117.346 | Z14: 0 | AA14: 117.346 | AB14: 117.346 | AD14: 58.673 | AE14: 58.673 | AF14: 0 | AG14: 1.49998 | AH14: 1.49998 | AK14: R: 05-08-2025 | AL14: 0.5 | AM14: 0
A15: 850 | B15: ENDEN-PP-22-0343 | C15: Electrification of Schools through Solar PV Technology, District Badin. | D15: Badin | E15: Approved 22.02.23 | F15: June-26 | G15: 250 | H15: 79.254 | I15: 55 | J15: 0 | K15: 134.254 | L15: 115.746 | M15: 0 | N15: 115.746 | O15: 115.746 | Z15: 0 | AA15: 115.746 | AB15: 115.746 | AD15: 115.746 | AE15: 115.746 | AF15: 0 | AG15: 115.74487 | AH15: 115.74487 | AK15: R: 05-08-2025 & 20-05-2026 | AL15: 0.5 | AM15: 0
A16: 851 | B16: ENDEN-PP-22-0344 | C16: Electrification of Schools through Solar PV Technology, District Sujawal | D16: Sujawal | E16: Approved 22.02.23 | F16: June-26 | G16: 245.5 | H16: 77.259 | I16: 51.079 | J16: 0 | K16: 128.338 | L16: 117.162 | M16: 0 | N16: 117.162 | O16: 117.162 | Z16: 0 | AA16: 117.162 | AB16: 117.162 | AD16: 58.581 | AE16: 58.581 | AF16: 0 | AG16: 1.870896 | AH16: 1.870896 | AJ16: Un-Satisfactory | AK16: R: 26-02-2026 | AL16: 0.5 | AM16: 0
A17: 852 | B17: ENDEN-PP-23-0001 | C17: Village Electrifiction Proramme in Sindh (Phase-IX) | D17: Sindh | E17: Approved 27.11.24 | F17: June-26 | G17: 1000 | H17: 0 | I17: 50 | J17: 0 | K17: 50 | L17: 950 | M17: 834.148 | N17: 0 | O17: 834.148 | Z17: 834.148 | AA17: 0 | AB17: 834.148 | AC17: 417.074 | AE17: 417.074 | AF17: 417.074 | AG17: 0 | AH17: 417.074 | AK17: Cap: 07-07-2025 & 06-11-2025 | AL17: 0.25 | AM17: 0
A18: 853 | B18: ENDEN-PP-23-0002 | C18: Electrification of Goths (Villages) in Karachi (Phase-VII) | D18: Karachi & Thatta | E18: Approved 27.11.24 | F18: June-26 | G18: 500 | H18: 0 | I18: 25 | J18: 0 | K18: 25 | L18: 475 | M18: 475 | N18: 0 | O18: 475 | Z18: 475 | AA18: 0 | AB18: 475 | AC18: 475 | AE18: 475 | AF18: 237.5 | AG18: 0 | AH18: 237.5 | AJ18: Un-Satisfacotry on letter dated 27-01-2026 | AK18: Cap: 07-07-2025 & 06-11-2025 | AL18: 0.5 | AM18: 0
C19: Energy Sub Total (Ongoing):- | G19: 3179.425 | H19: 790.967 | I19: 433.313 | J19: 17626.6 | K19: 1224.28 | L19: 1955.145 | M19: 1309.148 | N19: 529.859 | O19: 1839.007 | P19: 0 | Q19: 0 | R19: 0 | S19: 0 | T19: 0 | U19: 0 | V19: 0 | W19: 0 | X19: 0 | Y19: 19.405 | Z19: 1309.148 | AA19: 510.454 | AB19: 1819.602 | AC19: 892.074 | AD19: 314.2785 | AE19: 1206.3525 | AF19: 654.574 | AG19: 199.62855 | AH19: 854.20255 | AI19: 0 | AM19: 1160
C21: (New Schemes)
A22: 854 | B22: ENDEN-PP-25-0001 | C22: Energy Reconciliation System - Sindh with DISCOs (ERS-Sindh) | D22: Karachi | E22: Un-Approved | F22: June-27 | G22: 200 | H22: 0 | I22: 0 | J22: 0 | K22: 0 | L22: 200 | M22: 0 | N22: 104.993 | O22: 104.993 | Z22: 0 | AA22: 104.993 | AB22: 104.993 | AD22: 26.248 | AE22: 26.248 | AF22: 0 | AG22: 19.375 | AH22: 19.375 | AK22: R: 27-04-2026 | AL22: 0.25 | AM22: 0
A23: 855 | B23: ENDEN-PP-25-0002 | C23: Carbon Credit Generation and Marketing Project | D23: Karachi | E23: Un-Approved | F23: June-27 | G23: 210 | H23: 0 | I23: 0 | J23: 0 | K23: 0 | L23: 210 | M23: 0 | N23: 100 | O23: 100 | Z23: 0 | AA23: 100 | AB23: 100 | AE23: 0 | AF23: 0 | AG23: 0 | AH23: 0 | AJ23: Un-Approved | AL23: 0.25 | AM23: 0
A24: 856 | B24: ENDEN-PP-25-0003 | C24: Establishment of Data Centre for Digital realtime Monitoring and Reporting of Green Energy Initiatives | D24: Karachi | E24: Un-Approved | F24: June-27 | G24: 210 | H24: 0 | I24: 0 | J24: 0 | K24: 0 | L24: 210 | M24: 0 | N24: 105 | O24: 105 | Z24: 0 | AA24: 105 | AB24: 105 | AE24: 0 | AF24: 0 | AG24: 0 | AH24: 0 | AJ24: Un-Approved | AL24: 0.25 | AM24: 0
A25: 857 | B25: ENDEN-PP-25-0004 | C25: Solar Development Schemes for Minorities in Sindh | D25: Sindh | E25: Un-Approved | F25: June-27 | G25: 300 | H25: 0 | I25: 0 | J25: 0 | K25: 0 | L25: 300 | M25: 0 | N25: 150 | O25: 150 | Z25: 0 | AA25: 150 | AB25: 150 | AE25: 0 | AF25: 0 | AG25: 0 | AH25: 0 | AJ25: Un-Approved | AL25: 0.25 | AM25: 0
C26: Total Energy (New Schemes):- | G26: 920 | H26: 0 | I26: 0 | J26: 0 | K26: 0 | L26: 920 | M26: 0 | N26: 459.993 | O26: 459.993 | P26: 0 | Q26: 0 | R26: 0 | S26: 0 | T26: 0 | U26: 0 | V26: 0 | W26: 0 | X26: 0 | Y26: 0 | Z26: 0 | AA26: 459.993 | AB26: 459.993 | AC26: 0 | AD26: 26.248 | AE26: 26.248 | AF26: 0 | AG26: 19.375 | AH26: 19.375 | AI26: 0 | AM26: 0
C27: Total Energy Department :- | G27: 4099.425 | H27: 790.967 | I27: 433.313 | J27: 17626.6 | K27: 1224.28 | L27: 2875.145 | M27: 1309.148 | N27: 989.852 | O27: 2299 | P27: 0 | Q27: 0 | R27: 0 | S27: 0 | T27: 0 | U27: 0 | V27: 0 | W27: 0 | X27: 0 | Y27: 19.405 | Z27: 1309.148 | AA27: 970.447 | AB27: 2279.595 | AC27: 892.074 | AD27: 340.5265 | AE27: 1232.6005 | AF27: 654.574 | AG27: 219.00355 | AH27: 873.57755 | AI27: 0 | AM27: 1160

Sheet Environment
A1: PROVINCIAL
A2: ENVIRONMENT, CLIMATE CHANGE & COASTAL DEVELOPMENT DEPARTMENT
AK3: Rs in Million
A4: Gen. Sr. No. | B4: UID | C4: Sector / Sub-sector / Name of Scheme | D4: Location of Scheme/ District | E4: Status Date of Approval | F4: Target Date for Comple-tion | G4: Estimated Cost | H4: Actual Expendi-ture upto June, 24 | I4: Revised Allocation 2024-25 | K4: Estimated Expendit-ure upto June' 25 | L4: Throwfor-ward as on 01-07-25 | M4: Allocation for 2025-26 | P4: Re-Appropration 2025-26 | T4: Out Side Budget | V4: Overall Saving | X4: Surrender | Z4: Modify Budget 2025-26 | AC4: Release 2025-26 | AF4: Expenditure | AI4: Assignment Account | AJ4: Remarks | AK4: Date of Releases | AL4: Status | AM4: FPA
P5: Capital | Q5: Capital | R5: Revenue | S5: Revenue
I6: Total | J6: FPA | M6: Capital | N6: Revenue | O6: Total | P6: Addition | Q6: Deduction | R6: Addition | S6: Deduction | T6: Capital | U6: Revenue | V6: Capital | W6: Revenue | X6: Capital | Y6: Revenue | Z6: Capital | AA6: Revenue | AB6: Total | AC6: Capital | AD6: Revenue | AE6: Total | AF6: Capital | AG6: Revenue | AH6: Total
A7: 1 | B7: 2 | C7: 3 | D7: 4 | E7: 5 | F7: 6 | G7: 7 | H7: 8 | I7: 9 | J7: 10 | K7: 11 | L7: 12 | M7: 13 | N7: 14 | O7: 15 | P7: 16 | Q7: 17 | R7: 18 | S7: 19 | T7: 20 | U7: 21 | V7: 22 | W7: 23 | X7: 24 | Y7: 25 | Z7: 10 | AA7: 11 | AB7: 12 | AC7: 9 | AD7: 10 | AE7: 11 | AF7: 12 | AG7: 13 | AH7: 14 | AI7: 15 | AJ7: 15 | AK7: 16 | AL7: 17 | AM7: 16
A9: * | C9: ENVIRONMENT (Ongoing Schemes)
A11: 858 | B11: ECDEV-PP-11-0007 | C11: Study of Environment & Health Impacts of Pesticides & Chemical Fertilizer in Sindh (Larkano, Mirpurkhas, Jacobabad, Kashmore, Ghotki, Sukkur, SBA, T.A.Yar, Thatta & Badin) (SDG # 13) | D11: Sindh | E11: Approved 15.05.12 U/R | F11: June-26 | G11: 33 | H11: 19.05 | I11: 0 | J11: 0 | K11: 19.05 | L11: 13.95 | M11: 0 | N11: 0.001 | O11: 0.001 | Z11: 0 | AA11: 0.001 | AB11: 0.001 | AE11: 0 | AF11: 0 | AG11: 0 | AH11: 0 | AJ11: U/R | AL11: 0.25 | AM11: 0
A12: 859 | B12: ECDEV-PP-13-0008 | C12: Strengthening of Environmental Monitoring System in EPA Sindh (SDG # 13) | D12: Karachi, Hyderabad & Sukkur | E12: Approved 29.10.13 U/R | F12: June-26 | G12: 140 | H12: 71.489 | I12: 0 | J12: 0 | K12: 71.489 | L12: 68.511 | M12: 0 | N12: 0.001 | O12: 0.001 | Z12: 0 | AA12: 0.001 | AB12: 0.001 | AE12: 0 | AF12: 0 | AG12: 0 | AH12: 0 | AJ12: U/R | AL12: 0.25 | AM12: 0
A13: 860 | B13: ECDEV-PP-13-0009 | C13: Environmental Awareness and Education for Protection and Conservation of Natural Resources in Sindh (SDG #13) | D13: Sindh | E13: Approved 29.10.13 U/R | F13: June-26 | G13: 115 | H13: 48.75 | I13: 0 | J13: 0 | K13: 48.75 | L13: 66.25 | M13: 0 | N13: 0.001 | O13: 0.001 | Z13: 0 | AA13: 0.001 | AB13: 0.001 | AE13: 0 | AF13: 0 | AG13: 0 | AH13: 0 | AJ13: U/R | AL13: 0.25 | AM13: 0
A14: 861 | B14: ECDEV-PP-21-0357 | C14: Study of Ambient Air Quality in Major Urban Areas of Sindh (SDG # 11 & 13) | D14: Sindh | E14: Approved 22.03.22 | F14: June-26 | G14: 10.592 | H14: 0 | I14: 5.06 | J14: 0 | K14: 5.06 | L14: 5.532 | M14: 0 | N14: 5.532 | O14: 5.532 | Z14: 0 | AA14: 5.532 | AB14: 5.532 | AE14: 0 | AF14: 0 | AG14: 0 | AH14: 0 | AJ14: DRO Awaited | AL14: 1 | AM14: 0
A15: 862 | B15: ECDEV-PP-21-0360 | C15: Construction of Additional Floor, Renovation and Rehabilitation of EPA Buildings at Hyderabad (SDG # 13) | D15: Hyderabad | E15: Approved 22.03.22 | F15: June-26 | G15: 44.914 | H15: 0 | I15: 42.164 | J15: 0 | K15: 42.164 | L15: 2.75 | M15: 2.75 | N15: 0 | O15: 2.75 | Z15: 2.75 | AA15: 0 | AB15: 2.75 | AC15: 2.75 | AE15: 2.75 | AF15: 0 | AG15: 0 | AH15: 0 | AK15: Cap: 07-07-2025 | AL15: 1 | AM15: 0
A16: 863 | B16: ECDEV-PP-21-0361 | C16: Construction of Additional Block, Renovation and Rehabilitation of EPA Buildings at Sukkur (SDG # 13) | D16: Sukkur | E16: Approved 22.03.22 | F16: June-26 | G16: 54.621 | H16: 0 | I16: 12.798 | J16: 0 | K16: 12.798 | L16: 41.823 | M16: 41.823 | N16: 0 | O16: 41.823 | Z16: 41.823 | AA16: 0 | AB16: 41.823 | AC16: 41.823 | AE16: 41.823 | AF16: 40.312184 | AG16: 0 | AH16: 40.312184 | AK16: Cap: 07-07-2025 | AL16: 1 | AM16: 0
A17: 864 | B17: ECDEV-PP-21-0358 | C17: Renovation & Rehabilitation of Building of Environment Complex (SDG # 13) | D17: Karachi (Kor) | E17: Approved 08.01.25 | F17: June-26 | G17: 107.886 | H17: 0 | I17: 15.366 | J17: 0 | K17: 15.366 | L17: 92.52 | M17: 92.52 | N17: 0 | O17: 92.52 | Z17: 92.52 | AA17: 0 | AB17: 92.52 | AC17: 92.52 | AE17: 92.52 | AF17: 92.345385 | AG17: 0 | AH17: 92.345385 | AK17: Cap: 07-07-2025 & 10-02-2026 | AL17: 0.5 | AM17: 0
A18: 865 | B18: ECDEV-PP-22-0357 | C18: Expansion & Strengthening of Environmental Laboratories in EPA Buildings at Karachi, Hyderabad & Sukkur (SDG # 13). | D18: Karachi, Hyderabad & Sukkur | E18: Approved 31.01.25 | F18: June-27 | G18: 142.6 | H18: 0 | I18: 0 | J18: 0 | K18: 0 | L18: 142.6 | M18: 0 | N18: 38.807 | O18: 38.807 | R18: 161.193 | Z18: 0 | AA18: 200 | AB18: 200 | AD18: 199.85 | AE18: 199.85 | AF18: 0 | AG18: 199.85 | AH18: 199.85 | AJ18: Rs. 161.193 (M) adopted from Surrender Helath deptt on 25-05-2026 (DRO Awaited) | AK18: R: 03-03-2026 & 25-03-2026 & 01-06-2026 | AL18: 0.25 | AM18: 0
C20: Total Environment (On-going) :- | G20: 648.613 | H20: 139.289 | I20: 75.388 | J20: 0 | K20: 214.677 | L20: 433.936 | M20: 137.093 | N20: 44.342 | O20: 181.435 | P20: 0 | Q20: 0 | R20: 161.193 | S20: 0 | T20: 0 | U20: 0 | V20: 0 | W20: 0 | X20: 0 | Y20: 0 | Z20: 137.093 | AA20: 205.535 | AB20: 342.628 | AC20: 137.093 | AD20: 199.85 | AE20: 336.943 | AF20: 132.65757 | AG20: 199.85 | AH20: 332.50757 | AI20: 0 | AM20: 0
C22: ENVIRONMENT (New Schemes)
A24: 866 | B24: ECDEV-PP-25-0001 | C24: Automation of Industrial Environmental Monitoring, Inspection and Assessment. | D24: Sindh | E24: Un-Approved | F24: June-28 | G24: 150 | H24: 0 | I24: 0 | J24: 0 | K24: 0 | L24: 200 | M24: 0 | N24: 75 | O24: 75 | Z24: 0 | AA24: 75 | AB24: 75 | AD24: 75 | AE24: 75 | AF24: 0 | AG24: 74.9994 | AH24: 74.9994 | AK24: R: 25-03-2026 | AL24: 0.25 | AM24: 0
C26: Total Environment (New) :- | G26: 150 | H26: 0 | I26: 0 | J26: 0 | K26: 0 | L26: 200 | M26: 0 | N26: 75 | O26: 75 | P26: 0 | Q26: 0 | R26: 0 | S26: 0 | T26: 0 | U26: 0 | V26: 0 | W26: 0 | X26: 0 | Y26: 0 | Z26: 0 | AA26: 75 | AB26: 75 | AC26: 0 | AD26: 75 | AE26: 75 | AF26: 0 | AG26: 74.9994 | AH26: 74.9994 | AI26: 0 | AM26: 0
C27: Total Environment :- | G27: 798.613 | H27: 139.289 | I27: 75.388 | J27: 0 | K27: 214.677 | L27: 633.936 | M27: 137.093 | N27: 119.342 | O27: 256.435 | P27: 0 | Q27: 0 | R27: 161.193 | S27: 0 | T27: 0 | U27: 0 | V27: 0 | W27: 0 | X27: 0 | Y27: 0 | Z27: 137.093 | AA27: 280.535 | AB27: 417.628 | AC27: 137.093 | AD27: 274.85 | AE27: 411.943 | AF27: 132.65757 | AG27: 274.8494 | AH27: 407.50697 | AI27: 0 | AM27: 0
C29: COASTAL DEVELOPMENT
C30: (Ongoing Schemes)
A32: 867 | B32: ECDCL-PP-21-0370 | C32: Communication Access and Allied Facilities in the Coastal Areas of Karachi & Thatta. (C:736.792+R:4.372) (SDG # 6, 9, 14 & 15) (Revised on 26-02-2025) | D32: Karachi & Thatta | E32: Approved 13.05.22 | F32: June-26 | G32: 741.164 | H32: 75.735 | I32: 54.99 | J32: 0 | K32: 130.725 | L32: 610.439 | M32: 155 | N32: 1.357 | O32: 156.357 | Z32: 155 | AA32: 1.357 | AB32: 156.357 | AC32: 77.5 | AD32: 0.366 | AE32: 77.866 | AF32: 77.487 | AG32: 0.266 | AH32: 77.753 | AK32: Cap: 07-07-2025 & R: 07-08-2025 Cap: & 31-12-2025 & R: 02-02-2026 | AL32: 0.25 | AM32: 0
A33: 868 | B33: ECDCL-PP-21-0371 | C33: Communication Access and Allied Facilities in the Coastal Areas of Sujawal & Badin. (C:492.855+R:3.196) (SDG # 6, 9, 14 & 15) | D33: Sujawal & Badin | E33: Approved 24.03.22 | F33: June-26 | G33: 496.051 | H33: 337.444 | I33: 28.735 | J33: 0 | K33: 366.179 | L33: 129.872 | M33: 129.872 | N33: 0 | O33: 129.872 | Z33: 129.872 | AA33: 0 | AB33: 129.872 | AC33: 129.872 | AE33: 129.872 | AF33: 122.51182 | AG33: 0 | AH33: 122.51182 | AK33: Cap: 07-07-2025 & 31-12-2025 | AL33: 0.5 | AM33: 0
A34: 869 | B34: ECDCL-PP-21-0369 | C34: Improvement of Coastal Roads From Ibrahim Hyderi to Lath Basti 12.5 KMs. (SDG # 6, 9 & 14) | D34: Karachi | E34: Approved 07.12.22 U/R | F34: June-26 | G34: 425.875 | H34: 38.922 | I34: 77.391 | J34: 0 | K34: 116.313 | L34: 309.562 | M34: 100 | N34: 0 | O34: 100 | Z34: 100 | AA34: 0 | AB34: 100 | AC34: 25 | AE34: 25 | AF34: 24.996886 | AG34: 0 | AH34: 24.996886 | AK34: Cap: 07-07-2025 | AL34: 0.25 | AM34: 0
A35: 870 | B35: ECDCL-PP-22-0360 | C35: Construction of Floating Jetty Alongwith Community Centre at Lath Basti. (C:115.921+R:0.800) (SDG # 6, 9 & 14) (Revised on 19.09.24) | D35: Karachi | E35: Approved 18.01.23 | F35: June-26 | G35: 116.721 | H35: 0 | I35: 44.351 | J35: 0 | K35: 44.351 | L35: 72.37 | M35: 71.995 | N35: 0.375 | O35: 72.37 | Z35: 71.995 | AA35: 0.375 | AB35: 72.37 | AC35: 71.9945 | AD35: 0.188 | AE35: 72.1825 | AF35: 63.203116 | AG35: 0.188 | AH35: 63.391116 | AJ35: Un-Satisfacotry on letter dated 37-01-2026 | AK35: Cap: 07-07-2025 & R: 07-08-2025 & 06-11-2025 | AL35: 0.5 | AM35: 0
A36: 871 | B36: ECDCL-PP-22-0361 | C36: Construction of Floating Jetty Alongwith Community Center at Keti Bandar. (SDG # 6, 9 & 14) (C:134.549+R:5.537) (Revised on 19.09.24) | D36: Thatta | E36: Approved 18.01.23 | F36: June-26 | G36: 140.086 | H36: 0 | I36: 19.34 | J36: 0 | K36: 19.34 | L36: 120.746 | M36: 115.661 | N36: 5.085 | O36: 120.746 | Z36: 115.661 | AA36: 5.085 | AB36: 120.746 | AC36: 115.6605 | AD36: 3.158 | AE36: 118.8185 | AF36: 105.3751 | AG36: 3.134804 | AH36: 108.50991 | AK36: Cap: 07-07-2025 & R: 07-08-2025 & 06-11-2025 & 03-02-2026 | AL36: 0.5 | AM36: 0
A37: 872 | B37: ECDCL-PP-22-0362 | C37: Construction of Floating Jetty Alongwith Community Centre at Village Hassan Jat, Taluka Keti Bandar, District Thatta (C:134.073+R:1.610) (SDG # 6, 9 & 14) (Revised on 19.09.24) | D37: Thatta | E37: Approved 18.01.23 | F37: June-26 | G37: 135.683 | H37: 0 | I37: 19.463 | J37: 0 | K37: 19.463 | L37: 116.22 | M37: 115.305 | N37: 0.915 | O37: 116.22 | Z37: 115.305 | AA37: 0.915 | AB37: 116.22 | AC37: 115.3045 | AD37: 0.915 | AE37: 116.2195 | AF37: 104.99949 | AG37: 0.915 | AH37: 105.91449 | AK37: Cap: 07-07-2025 & R: 07-08-2025 & 06-11-2025 & 02-02-2026 | AL37: 0.5 | AM37: 0
A38: 873 | B38: ECDCL-PP-22-0364 | C38: Construction / Reconditioning of Farm to Market Roads For Easy Access in District Thatta & Badin. (SDG # 6, 9 & 14) | D38: Thatta & Badin | E38: Approved 12.02.24 | F38: June-27 | G38: 486.877 | H38: 0 | I38: 22.5 | J38: 0 | K38: 22.5 | L38: 464.377 | M38: 50 | N38: 0 | O38: 50 | Z38: 50 | AA38: 0 | AB38: 50 | AC38: 12.5 | AE38: 12.5 | AF38: 0 | AG38: 0 | AH38: 0 | AK38: Cap: 07-07-2025 | AL38: 0.25 | AM38: 0
C39: Total Coastal (Ongoing) :- | G39: 2542.457 | H39: 452.101 | I39: 266.77 | J39: 0 | K39: 718.871 | L39: 1823.586 | M39: 737.833 | N39: 7.732 | O39: 745.565 | P39: 0 | Q39: 0 | R39: 0 | S39: 0 | T39: 0 | U39: 0 | V39: 0 | W39: 0 | X39: 0 | Y39: 0 | Z39: 737.833 | AA39: 7.732 | AB39: 745.565 | AC39: 547.8315 | AD39: 4.627 | AE39: 552.4585 | AF39: 498.57342 | AG39: 4.503804 | AH39: 503.07722 | AI39: 0 | AM39: 0
C41: COASTAL DEVELOPMENT (New Scheme)
A43: 874 | B43: ECDCL-PP-25-0001 | C43: Rehabilitation / Upgradation of Four Floating Jetties in the Coastal Areas of Thatta & Sujawal Districts (C:159.0+R:1.0) (SDG # 6, 9 & 14) | D43: Thatta & Sujawal | E43: Un-Approved | F43: June-27 | G43: 160 | H43: 0 | I43: 0 | J43: 0 | K43: 0 | L43: 160 | M43: 79.5 | N43: 0.5 | O43: 80 | Z43: 79.5 | AA43: 0.5 | AB43: 80 | AC43: 19.875 | AD43: 0.125 | AE43: 20 | AF43: 19.872437 | AG43: 0 | AH43: 19.872437 | AK43: Cap: 16-02-2026 & R: 03-03-2026 | AL43: 0.25 | AM43: 0
C44: Total Coastal Development (New) :- | G44: 160 | H44: 0 | I44: 0 | J44: 0 | K44: 0 | L44: 160 | M44: 79.5 | N44: 0.5 | O44: 80 | P44: 0 | Q44: 0 | R44: 0 | S44: 0 | T44: 0 | U44: 0 | V44: 0 | W44: 0 | X44: 0 | Y44: 0 | Z44: 79.5 | AA44: 0.5 | AB44: 80 | AC44: 19.875 | AD44: 0.125 | AE44: 20 | AF44: 19.872437 | AG44: 0 | AH44: 19.872437 | AI44: 0 | AM44: 0
C45: Total Coastal Development :- | G45: 2702.457 | H45: 452.101 | I45: 266.77 | J45: 0 | K45: 718.871 | L45: 1983.586 | M45: 817.333 | N45: 8.232 | O45: 825.565 | P45: 0 | Q45: 0 | R45: 0 | S45: 0 | T45: 0 | U45: 0 | V45: 0 | W45: 0 | X45: 0 | Y45: 0 | Z45: 817.333 | AA45: 8.232 | AB45: 825.565 | AC45: 567.7065 | AD45: 4.752 | AE45: 572.4585 | AF45: 518.44586 | AG45: 4.503804 | AH45: 522.94966 | AI45: 0 | AM45: 0
C46: Total Environment, C.C. & Coastal Dev (Ongoing):- | G46: 3191.07 | H46: 591.39 | I46: 342.158 | J46: 0 | K46: 933.548 | L46: 2257.522 | M46: 874.926 | N46: 52.074 | O46: 927 | P46: 0 | Q46: 0 | R46: 161.193 | S46: 0 | T46: 0 | U46: 0 | V46: 0 | W46: 0 | X46: 0 | Y46: 0 | Z46: 874.926 | AA46: 213.267 | AB46: 1088.193 | AC46: 684.9245 | AD46: 204.477 | AE46: 889.4015 | AF46: 631.23099 | AG46: 204.3538 | AH46: 835.58479 | AI46: 0 | AM46: 0
C47: Total Environment, C.C. & Coastal Dev (New):- | G47: 310 | H47: 0 | I47: 0 | J47: 0 | K47: 0 | L47: 360 | M47: 79.5 | N47: 75.5 | O47: 155 | P47: 0 | Q47: 0 | R47: 0 | S47: 0 | T47: 0 | U47: 0 | V47: 0 | W47: 0 | X47: 0 | Y47: 0 | Z47: 79.5 | AA47: 75.5 | AB47: 155 | AC47: 19.875 | AD47: 75.125 | AE47: 95 | AF47: 19.872437 | AG47: 74.9994 | AH47: 94.871837 | AI47: 0 | AM47: 0
C48: Total Environment, C.C. & Coastal Dev :- | G48: 3501.07 | H48: 591.39 | I48: 342.158 | J48: 0 | K48: 933.548 | L48: 2617.522 | M48: 954.426 | N48: 127.574 | O48: 1082 | P48: 0 | Q48: 0 | R48: 161.193 | S48: 0 | T48: 0 | U48: 0 | V48: 0 | W48: 0 | X48: 0 | Y48: 0 | Z48: 954.426 | AA48: 288.767 | AB48: 1243.193 | AC48: 704.7995 | AD48: 279.602 | AE48: 984.4015 | AF48: 651.10342 | AG48: 279.3532 | AH48: 930.45663 | AI48: 0 | AM48: 0

Sheet Excise
A1: PROVINCIAL
A2: EXCISE, TAXATION & NARCOTICS CONTROL DEPARTMENT
AK3: Rs in Million
A4: Gen.Sr. No. | B4: UID | C4: Sector / Sub-sector / Name of Scheme | D4: Location of Scheme/ District | E4: Status Date of Approval | F4: Target Date for Comple- tion | G4: Estimated Cost | H4: Actual Expendit-ure upto June, 24 | I4: Revised Allocation 2024-25 | K4: Estimated Expendit- ure upto June' 25 | L4: Throwfor-ward as on 01-07-25 | M4: Allocation for 2025-26 | P4: Re-Appropration 2025-26 | T4: Out Side Budget | V4: Overall Saving | X4: Surrender | Z4: Modify Budget 2025-26 | AC4: Release 2025-26 | AF4: Expenditure | AI4: Assignment Account | AJ4: Remarks | AK4: Date of Releases | AL4: Status | AM4: FPA
P5: Capital | Q5: Capital | R5: Revenue | S5: Revenue
I6: Total | J6: F.P.A. | M6: Capital | N6: Revenue | O6: Total | P6: Addition | Q6: Deduction | R6: Addition | S6: Deduction | T6: Capital | U6: Revenue | V6: Capital | W6: Revenue | X6: Capital | Y6: Revenue | Z6: Capital | AA6: Revenue | AB6: Total | AC6: Capital | AD6: Revenue | AE6: Total | AF6: Capital | AG6: Revenue | AH6: Total
A7: 1 | B7: 2 | C7: 3 | D7: 4 | E7: 5 | F7: 6 | G7: 7 | H7: 8 | I7: 9 | J7: 10 | K7: 11 | L7: 12 | M7: 13 | N7: 14 | O7: 15 | P7: 16 | Q7: 17 | R7: 18 | S7: 19 | T7: 20 | U7: 21 | V7: 22 | W7: 23 | X7: 24 | Y7: 25 | Z7: 10 | AA7: 11 | AB7: 12 | AC7: 9 | AD7: 10 | AE7: 11 | AF7: 12 | AG7: 13 | AH7: 14 | AI7: 15 | AJ7: 15 | AK7: 16 | AL7: 17 | AM7: 16
A8: * | C8: BUILDINGS
C9: (On-Going Schemes)
A11: 875 | B11: ETDBD-PP-09-0004 | C11: Construction of Offices of Excise & Taxation in New Districts (5 units) (C: 189.589+R: 5.684) (SDG # 9) (Revised on 01.01.25) | D11: Matiari, T.A.Yar, T.M.Khan, Jamshoro & Umerkot | E11: Approved 05.11.09 | F11: June-27 | G11: 195.273 | H11: 86.299 | I11: 5.327 | J11: 0 | K11: 91.626 | L11: 103.647 | M11: 10.476 | N11: 0 | O11: 10.476 | Z11: 10.476 | AA11: 0 | AB11: 10.476 | AC11: 7.857 | AE11: 7.857 | AF11: 7.856312 | AG11: 0 | AH11: 7.856312 | AJ11: Target Change thorugh letter P&D dated 30-07-2025 | AK11: Cap: 07-07-2025 & 06-11-2025 & 11-05-2026 | AL11: 0.25 | AM11: 0
A12: 876 | B12: ETDBD-PP-21-0373 | C12: Renovation of Excise & Taxation Office, Sanghar (C: 43.297+R: 1.956) (SDG # 9) (Revised on 01.01.25) | D12: Sanghar | E12: Approved 15.09.21 | F12: June-27 | G12: 45.253 | H12: 10.825 | I12: 1.106 | J12: 0 | K12: 11.931 | L12: 33.322 | M12: 11.995 | N12: 1.956 | O12: 13.951 | Z12: 11.995 | AA12: 1.956 | AB12: 13.951 | AC12: 11.995 | AE12: 11.995 | AF12: 11.992 | AG12: 0 | AH12: 11.992 | AJ12: Target Change thorugh letter P&D dated 30-07-2025 | AK12: Cap: 07-01-2026 & 07-05-2026 | AL12: 0.25 | AM12: 0
A13: 877 | B13: ETDBD-PP-21-0376 | C13: Renovation of Excise and Taxation Office Thatta (C: 27.927+R: 4.205) ((SDG # 9) (Revised on 01.01.25) | D13: Thatta | E13: Approved 15.09.21 | F13: June-26 | G13: 32.132 | H13: 23.86 | I13: 0.203 | J13: 0 | K13: 24.063 | L13: 8.069 | M13: 5.512 | N13: 2.557 | O13: 8.069 | Z13: 5.512 | AA13: 2.557 | AB13: 8.069 | AC13: 5.512 | AE13: 5.512 | AF13: 3.05054 | AG13: 0 | AH13: 3.05054 | AK13: Cap: 07-07-2025 | AL13: 1 | AM13: 0
A14: 878 | B14: ETDBD-PP-21-0377 | C14: Renovation of Excise and Taxation Office Badin (C: 22.850+R: 4.205) (SDG # 9) (Revised on 01.01.25) | D14: Badin | E14: Approved 15.09.21 | F14: June-26 | G14: 27.055 | H14: 8.665 | I14: 0.177 | J14: 0 | K14: 8.842 | L14: 18.213 | M14: 16.257 | N14: 1.956 | O14: 18.213 | Z14: 16.257 | AA14: 1.956 | AB14: 18.213 | AC14: 16.257 | AE14: 16.257 | AF14: 2.865089 | AG14: 0 | AH14: 2.865089 | AK14: Cap: 07-07-2025 | AL14: 1 | AM14: 0
A15: 879 | B15: ETDBD-PP-21-0378 | C15: Renovation of Excise and Taxation Office Dadu (C: 40.724+R: 5.028) (SDG # 9) (Revised on 01.01.25) | D15: Dadu | E15: Approved 15.09.21 | F15: June-27 | G15: 45.753 | H15: 4.18 | I15: 0.975 | J15: 0 | K15: 5.155 | L15: 40.598 | M15: 18 | N15: 2.556 | O15: 20.556 | Z15: 18 | AA15: 2.556 | AB15: 20.556 | AC15: 18 | AE15: 18 | AF15: 18 | AG15: 0 | AH15: 18 | AJ15: Target Change thorugh letter P&D dated 30-07-2025 | AK15: Cap: 07-07-2025 & 12-09-2025 & 31-10-2025 | AL15: 0.25 | AM15: 0
A16: 880 | B16: ETDBR-PP-22-0365 | C16: Renovation of Excise & Taxation Office, Mirpurkhas (C:31.659+R:4.670) (SDG # 9) | D16: Mirpurkhas | E16: Approved 01.01.25 | F16: June-27 | G16: 36.329 | H16: 0 | I16: 6.116 | J16: 0 | K16: 6.116 | L16: 30.213 | M16: 15.107 | N16: 0 | O16: 15.107 | Z16: 15.107 | AA16: 0 | AB16: 15.107 | AC16: 15.10675 | AE16: 15.10675 | AF16: 14.954 | AG16: 0 | AH16: 14.954 | AJ16: Target Change thorugh letter P&D dated 30-07-2025 | AK16: Cap: 07-07-2025 & 06-11-2025 & 06-01-2026 & 30-01-2026 | AL16: 0.25 | AM16: 0
C17: Total Buildings :- | G17: 381.795 | H17: 133.829 | I17: 13.904 | J17: 0 | K17: 147.733 | L17: 234.062 | M17: 77.347 | N17: 9.025 | O17: 86.372 | P17: 0 | Q17: 0 | R17: 0 | S17: 0 | T17: 0 | U17: 0 | V17: 0 | W17: 0 | X17: 0 | Y17: 0 | Z17: 77.347 | AA17: 9.025 | AB17: 86.372 | AC17: 74.72775 | AD17: 0 | AE17: 74.72775 | AF17: 58.717941 | AG17: 0 | AH17: 58.717941 | AI17: 0 | AM17: 0
C19: I. T. SCHEMES
C20: (Ongoing Schemes)
A22: 881 | B22: ETDBR-PP-22-0366 | C22: Strengthening of Excise, Taxation & Narcotics Control Department (Secretariat & Field Offices) (SDG # 9) | D22: Karachi | E22: Approved 05-04-23 | F22: June-26 | G22: 247.673 | H22: 0 | I22: 49.535 | J22: 0 | K22: 49.535 | L22: 198.138 | M22: 0 | N22: 39.628 | O22: 39.628 | Z22: 0 | AA22: 39.628 | AB22: 39.628 | AD22: 39.628 | AE22: 39.628 | AF22: 0 | AG22: 39.627 | AH22: 39.627 | AJ22: Un-Satisfactory on P&D letter dated 16-12-2025 | AK22: R: 23-07-2025 | AL22: 0.25 | AM22: 0
C23: Total I.T. Schemes | G23: 247.673 | H23: 0 | I23: 49.535 | J23: 0 | K23: 49.535 | L23: 198.138 | M23: 0 | N23: 39.628 | O23: 39.628 | P23: 0 | Q23: 0 | R23: 0 | S23: 0 | T23: 0 | U23: 0 | V23: 0 | W23: 0 | X23: 0 | Y23: 0 | Z23: 0 | AA23: 39.628 | AB23: 39.628 | AC23: 0 | AD23: 39.628 | AE23: 39.628 | AF23: 0 | AG23: 39.627 | AH23: 39.627 | AI23: 0 | AM23: 0
C24: Total Excise & Taxation Department | G24: 629.468 | H24: 133.829 | I24: 63.439 | J24: 0 | K24: 197.268 | L24: 432.2 | M24: 77.347 | N24: 48.653 | O24: 126 | P24: 0 | Q24: 0 | R24: 0 | S24: 0 | T24: 0 | U24: 0 | V24: 0 | W24: 0 | X24: 0 | Y24: 0 | Z24: 77.347 | AA24: 48.653 | AB24: 126 | AC24: 74.72775 | AD24: 39.628 | AE24: 114.35575 | AF24: 58.717941 | AG24: 39.627 | AH24: 98.344941 | AI24: 0 | AM24: 0

Sheet Finance
A1: PROVINCIAL
A2: FINANCE DEPARTMENT
AK3: Rs in Million
A4: Gen. Sr. No. | B4: UID | C4: Sector / Sub-sector / Name of Scheme | D4: Location of Scheme/ District | E4: Status Date of Approval | F4: Target Date for Comple- tion | G4: Estimated Cost | H4: Actual Expenditure upto June, 24 | I4: Revised Allocation 2024-25 | K4: Estimated Expendi-ture upto June' 25 | L4: Throwfor-ward as on 01-07-25 | M4: Allocation for 2025-26 | P4: Re-Appropration 2025-26 | T4: Out Side Budget | V4: Overall Saving | X4: Surrender | Z4: Modify Budget 2025-26 | AC4: Release 2025-26 | AF4: Expenditure | AI4: Assignment Account | AJ4: Remarks | AK4: Date of Releases | AL4: Status | AM4: FPA
P5: Capital | Q5: Capital | R5: Revenue | S5: Revenue
I6: Total | J6: F.P.A. | M6: Capital | N6: Revenue | O6: Total | P6: Addition | Q6: Deduction | R6: Addition | S6: Deduction | T6: Capital | U6: Revenue | V6: Capital | W6: Revenue | X6: Capital | Y6: Revenue | Z6: Capital | AA6: Revenue | AB6: Total | AC6: Capital | AD6: Revenue | AE6: Total | AF6: Capital | AG6: Revenue | AH6: Total
A7: 1 | B7: 2 | C7: 3 | D7: 4 | E7: 5 | F7: 6 | G7: 7 | H7: 8 | I7: 9 | J7: 10 | K7: 11 | L7: 12 | M7: 13 | N7: 14 | O7: 15 | P7: 16 | Q7: 17 | R7: 18 | S7: 19 | T7: 20 | U7: 21 | V7: 22 | W7: 23 | X7: 24 | Y7: 25 | Z7: 10 | AA7: 11 | AB7: 12 | AC7: 9 | AD7: 10 | AE7: 11 | AF7: 12 | AG7: 13 | AH7: 14 | AI7: 15 | AJ7: 15 | AK7: 16 | AL7: 17 | AM7: 16
C9: BUILDINGS
C10: Government Office Building
C11: (On-going Scheme)
A13: 882 | B13: FNDBD-PP-20-0026 | C13: Construction of Treasury Office at Khairpur | D13: Khairpur | E13: Approved 17.03.23 | F13: June-26 | G13: 125.444 | H13: 0.974 | I13: 55.57 | J13: 0 | K13: 56.544 | L13: 68.9 | M13: 68.9 | N13: 0 | O13: 68.9 | Z13: 68.9 | AA13: 0 | AB13: 68.9 | AC13: 68.9 | AE13: 68.9 | AF13: 68.399685 | AG13: 0 | AH13: 68.399685 | AK13: Cap: 07-07-2025 & 31-12-2025 | AL13: 0.5 | AM13: 0
A14: 883 | B14: FNDBD-PP-21-0380 | C14: Reconstruction of District Accounts Office Naushero Feroze | D14: N. Feroze | E14: Approved 06.09.21 | F14: June-26 | G14: 98.911 | H14: 48.456 | I14: 0 | J14: 0 | K14: 48.456 | L14: 50.455 | M14: 50.455 | N14: 0 | O14: 50.455 | Z14: 50.455 | AA14: 0 | AB14: 50.455 | AC14: 25.2275 | AE14: 25.2275 | AF14: 0 | AG14: 0 | AH14: 0 | AK14: Cap: 07-07-2025 | AL14: 0.5 | AM14: 0
A15: 884 | B15: FNDBD-PP-21-0381 | C15: Rehabilitation of Treasury Office (Old Block) Hyderabad (2022-23) | D15: Hyderabad | E15: Approved 06.09.21 | F15: June-26 | G15: 79.753 | H15: 78.791 | I15: 0 | J15: 0 | K15: 78.791 | L15: 0.962 | M15: 0.962 | N15: 0 | O15: 0.962 | Z15: 0.962 | AA15: 0 | AB15: 0.962 | AE15: 0 | AF15: 0 | AG15: 0 | AH15: 0 | AJ15: Corrigendium from P&D dated 30-07-2025 | AL15: 0.25 | AM15: 0
A16: 885 | B16: FNDBD-PP-21-0382 | C16: Construction of 1st Floor and Ancilary facilities District Accounts Officer Kamber (2023-24) | D16: Kamber | E16: Approved 26.08.21 | F16: June-26 | G16: 30 | H16: 19.698 | I16: 0 | J16: 0 | K16: 19.698 | L16: 10.302 | M16: 10.302 | N16: 0 | O16: 10.302 | Z16: 10.302 | AA16: 0 | AB16: 10.302 | AC16: 10.302 | AE16: 10.302 | AF16: 4.944903 | AG16: 0 | AH16: 4.944903 | AJ16: Un-Satisfactory on letter & File dated 19-05-2026 | AK16: Cap: 07-07-2025 | AL16: 1 | AM16: 0
C17: Total Buildings (On-going) :- | G17: 334.108 | H17: 147.919 | I17: 55.57 | J17: 0 | K17: 203.489 | L17: 130.619 | M17: 130.619 | N17: 0 | O17: 130.619 | P17: 0 | Q17: 0 | R17: 0 | S17: 0 | T17: 0 | U17: 0 | V17: 0 | W17: 0 | X17: 0 | Y17: 0 | Z17: 130.619 | AA17: 0 | AB17: 130.619 | AC17: 104.4295 | AD17: 0 | AE17: 104.4295 | AF17: 73.344588 | AG17: 0 | AH17: 73.344588 | AI17: 0 | AM17: 0
C19: (New Scheme)
A21: 886 | B21: FNDBD-PP-21-0379 | C21: Construction of Treasury Office / District Accounts Office South | D21: Karachi | E21: Un-Approved | F21: June-27 | G21: 100 | H21: 0 | I21: 0 | J21: 0 | K21: 0 | L21: 100 | M21: 50 | N21: 0 | O21: 50 | Z21: 50 | AA21: 0 | AB21: 50 | AE21: 0 | AF21: 0 | AG21: 0 | AH21: 0 | AJ21: Un-Approved | AL21: 0.25 | AM21: 0
C22: Total Buildings (New) :- | G22: 100 | H22: 0 | I22: 0 | J22: 0 | K22: 0 | L22: 100 | M22: 50 | N22: 0 | O22: 50 | P22: 0 | Q22: 0 | R22: 0 | S22: 0 | T22: 0 | U22: 0 | V22: 0 | W22: 0 | X22: 0 | Y22: 0 | Z22: 50 | AA22: 0 | AB22: 50 | AC22: 0 | AD22: 0 | AE22: 0 | AF22: 0 | AG22: 0 | AH22: 0 | AI22: 0 | AM22: 0
C23: Total Buildings :- | G23: 434.108 | H23: 147.919 | I23: 55.57 | J23: 0 | K23: 203.489 | L23: 230.619 | M23: 180.619 | N23: 0 | O23: 180.619 | P23: 0 | Q23: 0 | R23: 0 | S23: 0 | T23: 0 | U23: 0 | V23: 0 | W23: 0 | X23: 0 | Y23: 0 | Z23: 180.619 | AA23: 0 | AB23: 180.619 | AC23: 104.4295 | AD23: 0 | AE23: 104.4295 | AF23: 73.344588 | AG23: 0 | AH23: 73.344588 | AI23: 0 | AM23: 0
C25: PPP Unit (Ongoing Scheme)
A27: 887 | B27: FNDEP-FP-17-0064 | C27: Enhancing Public Private Partnership in Sindh - Pakistan (Total Cost Rs.19289.459 M) ADB USD 100 M (PKR 10476M) DFID USD 19.23 M (PKR 2014.535 M) GOS USD 64.900 M (PKR 6798.470 M) (SDG 1 to 17)(Revised on 25.03.25) | D27: Sindh | E27: Approved 10.07.17 ECNEC | F27: June-26 | G27: 7005.62 | H27: 1836.06 | I27: 0 | J27: 2957.85 | K27: 1836.06 | L27: 5169.56 | M27: 0 | N27: 1500 | O27: 1500 | Z27: 0 | AA27: 1500 | AB27: 1500 | AD27: 375 | AE27: 375 | AF27: 0 | AG27: 236.61903 | AH27: 236.61903 | AK27: R: 12-08-2025 | AL27: 0.25 | AM27: 6000
C29: Total PPP Unit :- | G29: 7005.62 | H29: 1836.06 | I29: 0 | J29: 2957.85 | K29: 1836.06 | L29: 5169.56 | M29: 0 | N29: 1500 | O29: 1500 | P29: 0 | Q29: 0 | R29: 0 | S29: 0 | T29: 0 | U29: 0 | V29: 0 | W29: 0 | X29: 0 | Y29: 0 | Z29: 0 | AA29: 1500 | AB29: 1500 | AC29: 0 | AD29: 375 | AE29: 375 | AF29: 0 | AG29: 236.61903 | AH29: 236.61903 | AI29: 0 | AM29: 6000
C31: I. T. Schemes
C32: (Ongoing Scheme)
A34: 888 | B34: FNDBD-PP-21-0383 | C34: Capacity Building of District Accounts Officers, Monitoring Evaluation and Surveillance Cell in Finance Department | D34: Karachi | E34: Approved 26.08.21 (U/R) | F34: June-26 | G34: 50 | H34: 0 | I34: 0 | J34: 0 | K34: 0 | L34: 50 | M34: 0 | N34: 15 | O34: 15 | Z34: 0 | AA34: 15 | AB34: 15 | AE34: 0 | AF34: 0 | AG34: 0 | AH34: 0 | AJ34: U/R | AL34: 0.25 | AM34: 0
A35: 889 | B35: FNDBR-PP-22-0367 | C35: Establishment of Record Management Cell at Finance Department | D35: Karachi | E35: Approved 12.12.22 | F35: June-26 | G35: 98.92 | H35: 0 | I35: 8.5 | J35: 0 | K35: 8.5 | L35: 90.42 | M35: 0 | N35: 37.381 | O35: 37.381 | Z35: 0 | AA35: 37.381 | AB35: 37.381 | AD35: 37.38125 | AE35: 37.38125 | AF35: 0 | AG35: 1.011685 | AH35: 1.011685 | AK35: R: 08-08-2025 & 04-11-2025 & 15-01-226 & 05-05-2026 | AL35: 0.25 | AM35: 0
C36: Total I. T. Schemes (Ongoing) :- | G36: 148.92 | H36: 0 | I36: 8.5 | J36: 0 | K36: 8.5 | L36: 140.42 | M36: 0 | N36: 52.381 | O36: 52.381 | P36: 0 | Q36: 0 | R36: 0 | S36: 0 | T36: 0 | U36: 0 | V36: 0 | W36: 0 | X36: 0 | Y36: 0 | Z36: 0 | AA36: 52.381 | AB36: 52.381 | AC36: 0 | AD36: 37.38125 | AE36: 37.38125 | AF36: 0 | AG36: 1.011685 | AH36: 1.011685 | AI36: 0 | AM36: 0
C37: TOTAL FINANCE DEPARTMENT:- | G37: 7588.648 | H37: 1983.979 | I37: 64.07 | J37: 2957.85 | K37: 2048.049 | L37: 5540.599 | M37: 180.619 | N37: 1552.381 | O37: 1733 | P37: 0 | Q37: 0 | R37: 0 | S37: 0 | T37: 0 | U37: 0 | V37: 0 | W37: 0 | X37: 0 | Y37: 0 | Z37: 180.619 | AA37: 1552.381 | AB37: 1733 | AC37: 104.4295 | AD37: 412.38125 | AE37: 516.81075 | AF37: 73.344588 | AG37: 237.63072 | AH37: 310.97531 | AI37: 0 | AM37: 6000

Sheet Food
A1: PROVINCIAL
A2: FOOD DEPARTMENT
AK3: Rs in Million
A4: Gen.Sr. No. | B4: UID | C4: Sector / Sub-sector / Name of Scheme | D4: Location of Scheme/ District | E4: Status Date of Approval | F4: Target Date for Completion | G4: Estimated Cost | H4: Actual Expenditure upto June, 24 | I4: Revised Allocation 2024-25 | K4: Estimated Expendit-ure upto June' 25 | L4: Throwfor-ward as on 01-07-25 | M4: Allocation for 2025-26 | P4: Re-Appropration 2025-26 | T4: Out Side Budget | V4: Overall Saving | X4: Surrender | Z4: Modify Budget 2025-26 | AC4: Release 2025-26 | AF4: Expenditure | AI4: Assignment Account | AJ4: Remarks | AK4: Date of Releases | AL4: Status | AM4: FPA
P5: Capital | Q5: Capital | R5: Revenue | S5: Revenue
I6: Total | J6: F.P.A. | M6: Capital | N6: Revenue | O6: Total | P6: Addition | Q6: Deduction | R6: Addition | S6: Deduction | T6: Capital | U6: Revenue | V6: Capital | W6: Revenue | X6: Capital | Y6: Revenue | Z6: Capital | AA6: Revenue | AB6: Total | AC6: Capital | AD6: Revenue | AE6: Total | AF6: Capital | AG6: Revenue | AH6: Total
A7: 1 | B7: 2 | C7: 3 | D7: 4 | E7: 5 | F7: 6 | G7: 7 | H7: 8 | I7: 9 | J7: 10 | K7: 11 | L7: 12 | M7: 13 | N7: 14 | O7: 15 | P7: 16 | Q7: 17 | R7: 18 | S7: 19 | T7: 20 | U7: 21 | V7: 22 | W7: 23 | X7: 24 | Y7: 25 | Z7: 10 | AA7: 11 | AB7: 12 | AC7: 9 | AD7: 10 | AE7: 11 | AF7: 12 | AG7: 13 | AH7: 14 | AI7: 15 | AJ7: 15 | AK7: 16 | AL7: 17 | AM7: 16
C8: Food Security
C9: (On-Going Schemes)
A11: 890 | B11: FODFS-PP-16-0037 | C11: Construction of Open Platforms/ Plinth for Grain Storage in Sindh (Capital : Rs. 634.843 M) (SDG # 2) | D11: Sindh | E11: Approved 08.02.17 | F11: June-26 | G11: 634.843 | H11: 290.853 | I11: 7.559 | J11: 0 | K11: 298.412 | L11: 336.431 | M11: 180 | N11: 0 | O11: 180 | Z11: 180 | AA11: 0 | AB11: 180 | AC11: 45 | AE11: 45 | AF11: 0 | AG11: 0 | AH11: 0 | AJ11: Un-Satisfactory on P&D Film Un-Satisfactory on P&D letter dated 12-12-2025 | AK11: Cap: 07-07-2025 | AL11: 0.25 | AM11: 0
A12: 891 | B12: FODFS-PP-16-0038 | C12: Construction of District Food Controller (DFC) Offices, Residences and construction of Security Towers & Compound Walls at various locations of Hyderabad and Mirpurkhas Division (Capital : Rs. 417.808 M) (SDG # 2) | D12: Sindh | E12: Approved 18.01.17 | F12: June-26 | G12: 417.808 | H12: 107.044 | I12: 8.407 | J12: 0 | K12: 115.451 | L12: 302.357 | M12: 135.999 | N12: 0 | O12: 135.999 | Z12: 135.999 | AA12: 0 | AB12: 135.999 | AC12: 33.99975 | AE12: 33.99975 | AF12: 0 | AG12: 0 | AH12: 0 | AJ12: Un-Satisfactory on P&D letter dated 12-12-2025 | AK12: Cap: 07-07-2025 | AL12: 0.25 | AM12: 0
A13: 892 | B13: FODFS-PP-21-0385 | C13: Construction of new covered goodowns and allied facilities at Karachi Division (Capital : Rs. 185.458 M) (SDG # 2) | D13: Karachi | E13: Approved 27.04.22 (U/R) | F13: June-26 | G13: 185.458 | H13: 62.5 | I13: 122.958 | J13: 0 | K13: 185.458 | L13: 0 | M13: 0.001 | N13: 0 | O13: 0.001 | Z13: 0.001 | AA13: 0 | AB13: 0.001 | AE13: 0 | AF13: 0 | AG13: 0 | AH13: 0 | AJ13: U/R | AL13: 0.25 | AM13: 0
C15: Total Food Department | G15: 1238.109 | H15: 460.397 | I15: 138.924 | J15: 0 | K15: 599.321 | L15: 638.788 | M15: 316 | N15: 0 | O15: 316 | P15: 0 | Q15: 0 | R15: 0 | S15: 0 | T15: 0 | U15: 0 | V15: 0 | W15: 0 | X15: 0 | Y15: 0 | Z15: 316 | AA15: 0 | AB15: 316 | AC15: 78.99975 | AD15: 0 | AE15: 78.99975 | AF15: 0 | AG15: 0 | AH15: 0 | AI15: 0 | AM15: 0

Sheet Forest
A1: PROVINCIAL
A2: FOREST & WILDLIFE DEPARTMENT
AK3: Rs in Million
A4: Gen. Sr. No. | B4: UID | C4: Sector / Sub-sector / Name of Scheme | D4: Location of Scheme/ District | E4: Status Date of Approval | F4: Target Date for Comple- tion | G4: Estimated Cost | H4: Actual Exp: upto June, 24 | I4: Revised Allocation 2024-25 | K4: Estimated Expendit-ure upto June' 25 | L4: Throw for- ward as on 01-07-25 | M4: Allocation for 2025-26 | P4: Re-Appropration 2025-26 | T4: Out Side Budget | V4: Overall Saving | X4: Surrender | Z4: Modify Budget 2025-26 | AC4: Release 2025-26 | AF4: Expenditure | AI4: Assignment Account | AJ4: Remarks | AK4: Date of Releases | AL4: Status | AM4: FPA
P5: Capital | Q5: Capital | R5: Revenue | S5: Revenue
I6: Total | J6: F.P.A. | M6: Capital | N6: Revenue | O6: Total | P6: Addition | Q6: Deduction | R6: Addition | S6: Deduction | T6: Capital | U6: Revenue | V6: Capital | W6: Revenue | X6: Capital | Y6: Revenue | Z6: Capital | AA6: Revenue | AB6: Total | AC6: Capital | AD6: Revenue | AE6: Total | AF6: Capital | AG6: Revenue | AH6: Total
A7: 1 | B7: 2 | C7: 3 | D7: 4 | E7: 5 | F7: 6 | G7: 7 | H7: 8 | I7: 9 | J7: 10 | K7: 11 | L7: 12 | M7: 13 | N7: 14 | O7: 15 | P7: 16 | Q7: 17 | R7: 18 | S7: 19 | T7: 20 | U7: 21 | V7: 22 | W7: 23 | X7: 24 | Y7: 25 | Z7: 10 | AA7: 11 | AB7: 12 | AC7: 9 | AD7: 10 | AE7: 11 | AF7: 12 | AG7: 13 | AH7: 14 | AI7: 15 | AJ7: 15 | AK7: 16 | AL7: 17 | AM7: 16
C9: Forest
C10: (On-Going Schemes)
A12: 893 | B12: FWDFT-PP-22-0371 | C12: Enhancing Tree Cover on Non-State Forest Lands and Strengthening Social Forestry activities in Sindh (C:10.250+R:189.150) (SDG # 14 & 15) | D12: Sindh | E12: Approved 29.03.23 | F12: June-26 | G12: 199.4 | H12: 49.225 | I12: 45.204 | J12: 0 | K12: 94.429 | L12: 104.971 | M12: 0 | N12: 104.971 | O12: 104.971 | Z12: 0 | AA12: 104.971 | AB12: 104.971 | AD12: 102.746 | AE12: 102.746 | AF12: 0 | AG12: 100.39566 | AH12: 100.39566 | AK12: R: 29-07-2025 & 09-01-2026 | AL12: 0.5 | AM12: 0
A13: 894 | B13: FWDFT-PP-23-0001 | C13: Afforestation & Reforestation of Degraded Forest Ecosystems for Enhancing Carbon Sequestration to Secure Carbon Financing (C:397.135+R:3121.989) (SDG # 13, 14 & 15) | D13: Sindh | E13: Approved 15.04.24 | F13: June-28 | G13: 3519.124 | H13: 226.775 | I13: 436.25 | J13: 0 | K13: 663.025 | L13: 2856.099 | M13: 225 | N13: 1305.369 | O13: 1530.369 | Z13: 225 | AA13: 1305.369 | AB13: 1530.369 | AC13: 56.25 | AD13: 1065.117 | AE13: 1121.367 | AF13: 32.47732 | AG13: 1020.1173 | AH13: 1052.5946 | AJ13: Satisfactory on P&D Letter dAted 27-11-2025 TA Yar & Un-Satisfactory on P&D letter dated 12-12-2025 Dadu | AK13: Cap: 07-07-2025 & R: 29-07-2025 & 25-11-2025 & 16-02-2026 & 23-04-2026 | AL13: 0.25 | AM13: 0
A14: 895 | B14: FWDFT-PP-23-0002 | C14: Augmenting Network of Social Forestry Plantation over Non-Forest Lands in Hyderabad and Mirpurkhas Civil Division. (Hyderabad, Tando Allahyar, Jamshoro, Matiari, Dadu, Thatta, TM Khan, Badin, Sujawal, Mirpurkhas, Tharparkar, Umerkot) (SDG # 13, 14 & 15) | D14: Sindh | E14: Approved 06.03.24 | F14: June-26 | G14: 200 | H14: 23.94 | I14: 41 | J14: 0 | K14: 64.94 | L14: 135.06 | M14: 0 | N14: 135.06 | O14: 135.06 | Z14: 0 | AA14: 135.06 | AB14: 135.06 | AD14: 135.06 | AE14: 135.06 | AF14: 0 | AG14: 124.30102 | AH14: 124.30102 | AJ14: Un-Satisfactory on P&D letter dated 01-01-2026 | AK14: R: 05-08-2025 & 19-02-2026 | AL14: 0.5 | AM14: 0
C15: Total Forest (Ongoing) :- | G15: 3918.524 | H15: 299.94 | I15: 522.454 | J15: 0 | K15: 822.394 | L15: 3096.13 | M15: 225 | N15: 1545.4 | O15: 1770.4 | P15: 0 | Q15: 0 | R15: 0 | S15: 0 | T15: 0 | U15: 0 | V15: 0 | W15: 0 | X15: 0 | Y15: 0 | Z15: 225 | AA15: 1545.4 | AB15: 1770.4 | AC15: 56.25 | AD15: 1302.923 | AE15: 1359.173 | AF15: 32.47732 | AG15: 1244.8139 | AH15: 1277.2913 | AI15: 0 | AM15: 0
C17: Forest (New Schemes)
A19: 896 | B19: FWDFT-PP-25-0001 | C19: Pilot Project of Plantation of Indigenous Flora along Shahrah-e-Shaheed Zulfikar Ali Bhutto / Malir Expressway (SDG 15) | D19: Karachi | E19: Un-Approved | F19: June-27 | G19: 385 | H19: 0 | I19: 0 | J19: 0 | K19: 0 | L19: 385 | M19: 0 | N19: 192.6 | O19: 192.6 | Z19: 0 | AA19: 192.6 | AB19: 192.6 | AD19: 72.35 | AE19: 72.35 | AF19: 0 | AG19: 72.337391 | AH19: 72.337391 | AK19: R: 16-02-2026 & 14-04-2025 & 27-04-2026 | AL19: 0.25 | AM19: 0
A20: 897 | B20: FWDFT-PP-25-0002 | C20: Transforming Cities With Greenery and Shade Through Strategic Urban Planting (SDG 15) | D20: Sindh | E20: Approved | F20: June-27 | G20: 200 | H20: 0 | I20: 0 | J20: 0 | K20: 0 | L20: 200 | M20: 0 | N20: 100 | O20: 100 | Z20: 0 | AA20: 100 | AB20: 100 | AD20: 98.517 | AE20: 98.517 | AF20: 0 | AG20: 98.494652 | AH20: 98.494652 | AK20: R: 02-10-2025 & 19-11-2025 & 09-01-2026 & 27-04-2026 | AL20: 0.25 | AM20: 0
A21: 898 | B21: FWDFT-PP-25-0003 | C21: Institutional Strengthening for Sustainable Forest Management in Sindh. (SDG 15) | D21: Sindh | E21: Un-Approved | F21: June-27 | G21: 200 | H21: 0 | I21: 0 | J21: 0 | K21: 0 | L21: 200 | M21: 0 | N21: 100 | O21: 100 | Z21: 0 | AA21: 100 | AB21: 100 | AE21: 0 | AF21: 0 | AG21: 0 | AH21: 0 | AJ21: Un-Approved | AL21: 0.25 | AM21: 0
C23: Wildlife (New Schemes)
A25: 899 | B25: FWDFL-PP-25-0001 | C25: Rehabilitation of Lungh Lake Wildlife Sanctuary & Renovation of Historical Rest House & Staff Quarters (SDG 15) | D25: Kamber | E25: Un-Approved | F25: June-27 | G25: 100 | H25: 0 | I25: 0 | J25: 0 | K25: 0 | L25: 100 | M25: 0 | N25: 50 | O25: 50 | Z25: 0 | AA25: 50 | AB25: 50 | AD25: 0 | AE25: 0 | AF25: 0 | AG25: 0 | AH25: 0 | AL25: 0.25 | AM25: 0
C27: Total Forest & Wildlife (New):- | G27: 885 | H27: 0 | I27: 0 | J27: 0 | K27: 0 | L27: 885 | M27: 0 | N27: 442.6 | O27: 442.6 | P27: 0 | Q27: 0 | R27: 0 | S27: 0 | T27: 0 | U27: 0 | V27: 0 | W27: 0 | X27: 0 | Y27: 0 | Z27: 0 | AA27: 442.6 | AB27: 442.6 | AC27: 0 | AD27: 170.867 | AE27: 170.867 | AF27: 0 | AG27: 170.83204 | AH27: 170.83204 | AI27: 0 | AM27: 0
C28: Total Forest & Wildlife :- | G28: 4803.524 | H28: 299.94 | I28: 522.454 | J28: 0 | K28: 822.394 | L28: 3981.13 | M28: 225 | N28: 1988 | O28: 2213 | P28: 0 | Q28: 0 | R28: 0 | S28: 0 | T28: 0 | U28: 0 | V28: 0 | W28: 0 | X28: 0 | Y28: 0 | Z28: 225 | AA28: 1988 | AB28: 2213 | AC28: 56.25 | AD28: 1473.79 | AE28: 1530.04 | AF28: 32.47732 | AG28: 1415.646 | AH28: 1448.1233 | AI28: 0 | AM28: 0

Sheet Govern
A1: PROVINCIAL
A2: GOVERNOR's SECRETARIAT
AK3: Rs in Million
